Workbook
Name _Dashboard: Dashboard!$B$6:$R$59
Name _Exemptions: DataBase!$AE$3:$AE$21
Name CashFlow1: Input!$P$19
Name CashFlow1H: Input!$C$6
Name CashFlow1N: Input!$C$12
Name CashFlow1P: Input!$C$7
Name CashFlow2: Input!$P$37
Name CashFlow2H: Input!$C$21
Name CashFlow2N: Input!$C$30
Name CashFlow2P: Input!$C$22
Name CashFlow3: Input!$P$53
Name CashFlow3H: Input!$C$39
Name CashFlow3N: Input!$C$46
Name CashFlow3P: Input!$C$40
Name CF1Items: OFFSET(DataBase!$P$3,,,COUNTIF(DataBase!$P$3:$P$152,"<>0"))
Name CF1Values: OFFSET(DataBase!$Q$3,,,COUNTIF(DataBase!$P$3:$P$152,"<>0"))
Name CF2Items: OFFSET(DataBase!$U$3,,,COUNTIF(DataBase!$U$3:$U$152,"<>0"))
Name CF2Values: OFFSET(DataBase!$V$3,,,COUNTIF(DataBase!$U$3:$U$152,"<>0"))
Name CF3Items: OFFSET(DataBase!$Z$3,,,COUNTIF(DataBase!$Z$3:$Z$152,"<>0"))
Name CF3Values: OFFSET(DataBase!$AA$3,,,COUNTIF(DataBase!$Z$3:$Z$152,"<>0"))
Name FinancingInput: Input!$C$39:$P$54
Name Input: Input!$B$6:$Q$58
Name InvestmentsInput: Input!$C$21:$P$38
Name OperationsInput: Input!$C$6:$P$20
Name PrnArea: PrintForm!$A$6:$F$44

Sheet Menu
C2: CASH FLOW STATEMENT TEMPLATE
C3: MENU

Sheet Input
C2: CASH FLOW STATEMENT TEMPLATE
C3: INPUTS
C6: OPERATIONS
C7: Operating Proceeds | D7: Jan | E7: Feb | F7: Mar | G7: Apr | H7: May | I7: Jun | J7: Jul | K7: Aug | L7: Sep | M7: Oct | N7: Nov | O7: Dec | P7: Total
C8: Net Sales Revenue | D8: 1500 | E8: 1800 | F8: 1900 | G8: 2400 | H8: 1800 | I8: 1600 | J8: 1500 | K8: 1800 | L8: 2100 | M8: 2500 | N8: 2400 | O8: 3000 | P8: =SUM(Input!$D8:$O8) -> 24300
C9: Other Operating Proceeds | D9: 150 | E9: 180 | F9: 250 | G9: 200 | H9: 120 | I9: 160 | J9: 170 | K9: 300 | L9: 70 | N9: 90 | O9: 120 | P9: =SUM(Input!$D9:$O9) -> 1810
C10: Total Operating Proceeds: | D10: =SUBTOTAL(109,Input!D$8:D$9) -> 1650 | E10: =SUBTOTAL(109,Input!E$8:E$9) -> 1980 | F10: =SUBTOTAL(109,Input!F$8:F$9) -> 2150 | G10: =SUBTOTAL(109,Input!G$8:G$9) -> 2600 | H10: =SUBTOTAL(109,Input!H$8:H$9) -> 1920 | I10: =SUBTOTAL(109,Input!I$8:I$9) -> 1760 | J10: =SUBTOTAL(109,Input!J$8:J$9) -> 1670 | K10: =SUBTOTAL(109,Input!K$8:K$9) -> 2100 | ... O10: =SUBTOTAL(109,Input!O$8:O$9) -> 3120 | P10: =SUBTOTAL(109,Input!$P$8:$P$9) -> 26110
C12: Operating Payments | D12: Jan | E12: Feb | F12: Mar | G12: Apr | H12: May | I12: Jun | J12: Jul | K12: Aug | L12: Sep | M12: Oct | N12: Nov | O12: Dec | P12: Total
C13: Payments to Suppliers | D13: 1200 | E13: 1000 | F13: 1250 | G13: 1500 | H13: 150 | I13: 1100 | J13: 1150 | K13: 1200 | L13: 1500 | M13: 1850 | N13: 2100 | O13: 950 | P13: =SUM(Input!$D13:$O13) -> 14950
C14: Wages and Salaries | D14: 100 | E14: 120 | F14: 125 | G14: 140 | H14: 110 | I14: 100 | J14: 105 | K14: 120 | L14: 130 | M14: 135 | N14: 150 | O14: 150 | P14: =SUM(Input!$D14:$O14) -> 1485
C15: Marketing Expenses | D15: 250 | E15: 200 | F15: 250 | G15: 180 | H15: 60 | I15: 80 | J15: 95 | K15: 150 | L15: 200 | M15: 250 | N15: 250 | O15: 250 | P15: =SUM(Input!$D15:$O15) -> 2215
C16: General and Administrative Expenses | D16: 300 | E16: 290 | F16: 305 | G16: 285 | H16: 220 | I16: 250 | J16: 275 | K16: 280 | L16: 300 | M16: 285 | N16: 275 | O16: 300 | P16: =SUM(Input!$D16:$O16) -> 3365
C17: Income Taxes | G17: 750 | P17: =SUM(Input!$D17:$O17) -> 750
C18: Total Operating Payments: | D18: =SUBTOTAL(109,Input!D$13:D$17) -> 1850 | E18: =SUBTOTAL(109,Input!E$13:E$17) -> 1610 | F18: =SUBTOTAL(109,Input!F$13:F$17) -> 1930 | G18: =SUBTOTAL(109,Input!G$13:G$17) -> 2855 | H18: =SUBTOTAL(109,Input!H$13:H$17) -> 540 | I18: =SUBTOTAL(109,Input!I$13:I$17) -> 1530 | J18: =SUBTOTAL(109,Input!J$13:J$17) -> 1625 | K18: =SUBTOTAL(109,Input!K$13:K$17) -> 1750 | ... O18: =SUBTOTAL(109,Input!O$13:O$17) -> 1650 | P18: =SUBTOTAL(109,Input!$P$13:$P$17) -> 22765
C19: Net Cash From Operations: | D19: =Input!$D$10-Input!$D$18 -> -200 | E19: =Input!$E$10-Input!$E$18 -> 370 | F19: =Input!$F$10-Input!$F$18 -> 220 | G19: =Input!$G$10-Input!$G$18 -> -255 | H19: =Input!$H$10-Input!$H$18 -> 1380 | I19: =Input!$I$10-Input!$I$18 -> 230 | J19: =Input!$J$10-Input!$J$18 -> 45 | K19: =Input!$K$10-Input!$K$18 -> 350 | L19: =Input!$L$10-Input!$L$18 -> 40 | M19: =Input!$M$10-Input!$M$18 -> -20 | N19: =Input!$N$10-Input!$N$18 -> -285 | O19: =Input!$O$10-Input!$O$18 -> 1470 | P19: =Input!$P$10-Input!$P$18 -> 3345
C21: INVESTMENTS
C22: Proceeds From Investing Activities | D22: Jan | E22: Feb | F22: Mar | G22: Apr | H22: May | I22: Jun | J22: Jul | K22: Aug | L22: Sep | M22: Oct | N22: Nov | O22: Dec | P22: Total
C23: Sale of Property, Plant and Equipment | I23: 1200 | M23: 600 | P23: =SUM(Input!$D23:$O23) -> 1800
C24: Loan Collection | J24: 150 | P24: =SUM(Input!$D24:$O24) -> 150
C25: Sale and Maturity of Securities | N25: 2000 | P25: =SUM(Input!$D25:$O25) -> 2000
C26: Dividends Received from Affiliates | E26: 125 | P26: =SUM(Input!$D26:$O26) -> 125
C27: Other Investment Proceeds | P27: =SUM(Input!$D27:$O27) -> 0
C28: Total Investment Proceeds: | D28: =SUBTOTAL(109,Input!D$23:D$27) -> 0 | E28: =SUBTOTAL(109,Input!E$23:E$27) -> 125 | F28: =SUBTOTAL(109,Input!F$23:F$27) -> 0 | G28: =SUBTOTAL(109,Input!G$23:G$27) -> 0 | H28: =SUBTOTAL(109,Input!H$23:H$27) -> 0 | I28: =SUBTOTAL(109,Input!I$23:I$27) -> 1200 | J28: =SUBTOTAL(109,Input!J$23:J$27) -> 150 | K28: =SUBTOTAL(109,Input!K$23:K$27) -> 0 | ... O28: =SUBTOTAL(109,Input!O$23:O$27) -> 0 | P28: =SUBTOTAL(109,Input!$P$23:$P$27) -> 4075
C30: Payments For Investing Activities | D30: Jan | E30: Feb | F30: Mar | G30: Apr | H30: May | I30: Jun | J30: Jul | K30: Aug | L30: Sep | M30: Oct | N30: Nov | O30: Dec | P30: Total
C31: Purchase of Property, Plant and Equipment | H31: 6000 | P31: =SUM(Input!$D31:$O31) -> 6000
C32: Lending | E32: 150 | P32: =SUM(Input!$D32:$O32) -> 150
C33: Purchase of Securities | F33: 1900 | P33: =SUM(Input!$D33:$O33) -> 1900
C34: Acquiring Interest in Affiliates | P34: =SUM(Input!$D34:$O34) -> 0
C35: Other Investment Payments | P35: =SUM(Input!$D35:$O35) -> 0
C36: Total Investment Payments: | D36: =SUBTOTAL(109,Input!D$31:D$35) -> 0 | E36: =SUBTOTAL(109,Input!E$31:E$35) -> 150 | F36: =SUBTOTAL(109,Input!F$31:F$35) -> 1900 | G36: =SUBTOTAL(109,Input!G$31:G$35) -> 0 | H36: =SUBTOTAL(109,Input!H$31:H$35) -> 6000 | I36: =SUBTOTAL(109,Input!I$31:I$35) -> 0 | J36: =SUBTOTAL(109,Input!J$31:J$35) -> 0 | K36: =SUBTOTAL(109,Input!K$31:K$35) -> 0 | ... O36: =SUBTOTAL(109,Input!O$31:O$35) -> 0 | P36: =SUBTOTAL(109,Input!$P$31:$P$35) -> 8050
C37: Net Cash from Investing Activities: | D37: =Input!$D$28-Input!$D$36 -> 0 | E37: =Input!$E$28-Input!$E$36 -> -25 | F37: =Input!$F$28-Input!$F$36 -> -1900 | G37: =Input!$G$28-Input!$G$36 -> 0 | H37: =Input!$H$28-Input!$H$36 -> -6000 | I37: =Input!$I$28-Input!$I$36 -> 1200 | J37: =Input!$J$28-Input!$J$36 -> 150 | K37: =Input!$K$28-Input!$K$36 -> 0 | L37: =Input!$L$28-Input!$L$36 -> 0 | M37: =Input!$M$28-Input!$M$36 -> 600 | N37: =Input!$N$28-Input!$N$36 -> 2000 | O37: =Input!$O$28-Input!$O$36 -> 0 | P37: =Input!$P$28-Input!$P$36 -> -3975
C39: FINANCING
C40: Proceeds From Financing Activities | D40: Jan | E40: Feb | F40: Mar | G40: Apr | H40: May | I40: Jun | J40: Jul | K40: Aug | L40: Sep | M40: Oct | N40: Nov | O40: Dec | P40: Total
C41: Issuance of Debt | H41: 5000 | P41: =SUM(Input!$D41:$O41) -> 5000
C42: Issuance of Equity | E42: 1000 | P42: =SUM(Input!$D42:$O42) -> 1000
C43: Other Financing Proceeds | P43: =SUM(Input!$D43:$O43) -> 0
C44: Total Financing Proceeds: | D44: =SUBTOTAL(109,Input!D$41:D$43) -> 0 | E44: =SUBTOTAL(109,Input!E$41:E$43) -> 1000 | F44: =SUBTOTAL(109,Input!F$41:F$43) -> 0 | G44: =SUBTOTAL(109,Input!G$41:G$43) -> 0 | H44: =SUBTOTAL(109,Input!H$41:H$43) -> 5000 | I44: =SUBTOTAL(109,Input!I$41:I$43) -> 0 | J44: =SUBTOTAL(109,Input!J$41:J$43) -> 0 | K44: =SUBTOTAL(109,Input!K$41:K$43) -> 0 | ... O44: =SUBTOTAL(109,Input!O$41:O$43) -> 0 | P44: =SUBTOTAL(109,Input!$P$41:$P$43) -> 6000
C46: Payments For Financing Activities | D46: Jan | E46: Feb | F46: Mar | G46: Apr | H46: May | I46: Jun | J46: Jul | K46: Aug | L46: Sep | M46: Oct | N46: Nov | O46: Dec | P46: Total
C47: Debt Repayment | I47: 100 | J47: 100 | K47: 100 | L47: 100 | M47: 100 | N47: 100 | O47: 100 | P47: =SUM(Input!$D47:$O47) -> 700
C48: Interest Paid | I48: 45 | J48: 44 | K48: 43 | L48: 42 | M48: 40 | N48: 40 | O48: 38 | P48: =SUM(Input!$D48:$O48) -> 292
C49: Repurchase of Equity | E49: 1000 | P49: =SUM(Input!$D49:$O49) -> 1000
C50: Dividends and Distributions | F50: 1200 | P50: =SUM(Input!$D50:$O50) -> 1200
C51: Other Financing Payments | P51: =SUM(Input!$D51:$O51) -> 0
C52: Total Financing Payments: | D52: =SUBTOTAL(109,Input!D$47:D$51) -> 0 | E52: =SUBTOTAL(109,Input!E$47:E$51) -> 1000 | F52: =SUBTOTAL(109,Input!F$47:F$51) -> 1200 | G52: =SUBTOTAL(109,Input!G$47:G$51) -> 0 | H52: =SUBTOTAL(109,Input!H$47:H$51) -> 0 | I52: =SUBTOTAL(109,Input!I$47:I$51) -> 145 | J52: =SUBTOTAL(109,Input!J$47:J$51) -> 144 | K52: =SUBTOTAL(109,Input!K$47:K$51) -> 143 | ... O52: =SUBTOTAL(109,Input!O$47:O$51) -> 138 | P52: =SUBTOTAL(109,Input!$P$47:$P$51) -> 3192
C53: Net Cash from Financing Activities: | D53: =Input!$D$44-Input!$D$52 -> 0 | E53: =Input!$E$44-Input!$E$52 -> 0 | F53: =Input!$F$44-Input!$F$52 -> -1200 | G53: =Input!$G$44-Input!$G$52 -> 0 | H53: =Input!$H$44-Input!$H$52 -> 5000 | I53: =Input!$I$44-Input!$I$52 -> -145 | J53: =Input!$J$44-Input!$J$52 -> -144 | K53: =Input!$K$44-Input!$K$52 -> -143 | L53: =Input!$L$44-Input!$L$52 -> -142 | M53: =Input!$M$44-Input!$M$52 -> -140 | N53: =Input!$N$44-Input!$N$52 -> -140 | O53: =Input!$O$44-Input!$O$52 -> -138 | P53: =Input!$P$44-Input!$P$52 -> 2808
C55: Net Cash Flow: | D55: =SUM(D$19,D$37,D$53) -> -200 | E55: =SUM(E$19,E$37,E$53) -> 345 | F55: =SUM(F$19,F$37,F$53) -> -2880 | G55: =SUM(G$19,G$37,G$53) -> -255 | H55: =SUM(H$19,H$37,H$53) -> 380 | I55: =SUM(I$19,I$37,I$53) -> 1285 | J55: =SUM(J$19,J$37,J$53) -> 51 | K55: =SUM(K$19,K$37,K$53) -> 207 | ... P55: =SUM(P$19,P$37,P$53) -> 2178
C56: Cash Beginning Balance | D56: 3000 | E56: =D$57 -> 2800 | F56: =E$57 -> 3145 | G56: =F$57 -> 265 | H56: =G$57 -> 10 | I56: =H$57 -> 390 | J56: =I$57 -> 1675 | K56: =J$57 -> 1726 | L56: =K$57 -> 1933 | ... O56: =N$57 -> 3846 | P56: =$D$56 -> 3000
C57: Cash End Balance | D57: =SUM(D$56,D$55) -> 2800 | E57: =SUM(E$56,E$55) -> 3145 | F57: =SUM(F$56,F$55) -> 265 | G57: =SUM(G$56,G$55) -> 10 | H57: =SUM(H$56,H$55) -> 390 | I57: =SUM(I$56,I$55) -> 1675 | J57: =SUM(J$56,J$55) -> 1726 | K57: =SUM(K$56,K$55) -> 1933 | ... O57: =SUM(O$56,O$55) -> 5178 | P57: =$O$57 -> 5178

Sheet Dashboard
D2: CASH FLOW STATEMENT TEMPLATE
D3: DASHBOARD

Sheet PrintForm
D2: CASH FLOW STATEMENT TEMPLATE
D3: PRINT FORM
D7: Cash Flow Statement
D9: Line Items | E9: Amount
D10: =PrnDB!O3 -> Operating Proceeds | E10: =PrnDB!H3 -> 0
D11: =PrnDB!O4 -> Net Sales Revenue | E11: =PrnDB!H4 -> 24300
D12: =PrnDB!O5 -> Other Operating Proceeds | E12: =PrnDB!H5 -> 1810
D13: =PrnDB!O6 -> Total Operating Proceeds: | E13: =PrnDB!H6 -> 26110
D14: =PrnDB!O7 | E14: =PrnDB!H7 -> 0
D15: =PrnDB!O8 -> Operating Payments | E15: =PrnDB!H8 -> 0
D16: =PrnDB!O9 -> Payments to Suppliers | E16: =PrnDB!H9 -> -14950
D17: =PrnDB!O10 -> Wages and Salaries | E17: =PrnDB!H10 -> -1485
D18: =PrnDB!O11 -> Marketing Expenses | E18: =PrnDB!H11 -> -2215
D19: =PrnDB!O12 -> General and Administrative Expenses | E19: =PrnDB!H12 -> -3365
D20: =PrnDB!O13 -> Income Taxes | E20: =PrnDB!H13 -> -750
D21: =PrnDB!O14 -> Total Operating Payments: | E21: =PrnDB!H14 -> -22765
... D460: =PrnDB!O453 | E460: =PrnDB!H453 -> 0

Sheet DataBase
L1: FinancingInput
B2: Row | D2: Line Items | E2: Total | F2: Sign | H2: Line Items | I2: Total | J2: Sign | L2: Line Items | M2: Total | N2: Sign | P2: Operations | Q2: CF | R2: Valid | S2: 0 | U2: Investment | V2: CF | W2: Valid | X2: 0 | Z2: Financing | AA2: CF | AB2: Valid | AC2: 0 | AE2: List Of Exemptions | AG2: Activity | AH2: Net Cash
B3: 1 | D3: =IFERROR(INDEX(OperationsInput,B3,1),0) -> OPERATIONS | E3: =IFERROR(INDEX(OperationsInput,B3,14)*F3,0) -> 0 | F3: =IF(AND(B3>=ROW(CashFlow1P)-7,B3<ROW(CashFlow1N)-6),1,-1) -> 1 | H3: =IFERROR(INDEX(InvestmentsInput,B3,1),0) -> INVESTMENTS | I3: =IFERROR(INDEX(InvestmentsInput,B3,14)*J3,0) -> 0 | J3: =IF(AND(B3+ROW(CashFlow1)<ROW(CashFlow2N)-2),1,-1) -> 1 | L3: =IFERROR(INDEX(FinancingInput,B3,1),0) -> FINANCING | M3: =IFERROR(INDEX(FinancingInput,B3,14)*N3,0) -> 0 | N3: =IF(AND(B3+ROW(CashFlow2)<ROW(CashFlow3N)-2),1,-1) -> 1 | P3: =OFFSET($D3,DataBase!S3,0) -> Net Sales Revenue | Q3: =OFFSET($E3,DataBase!S3,0) -> 24300 | R3: =IF(AND($D3<>0,ISNA(MATCH($D3,_Exemptions,0))),1,0) -> 0 | S3: =IFERROR(ROW(OFFSET(DataBase!R3,S2,,150))+MATCH(1,OFFSET(DataBase!R3,S2,,150),0)-1-ROW(),1000) -> 2 | U3: =OFFSET($H3,DataBase!X3,0) -> Sale of Property, Plant and Equipment | V3: =OFFSET($I3,DataBase!X3,0) -> 1800 | W3: =IF(AND($H3<>0,ISNA(MATCH($H3,_Exemptions,0))),1,0) -> 0 | X3: =IFERROR(ROW(OFFSET(DataBase!W3,X2,,150))+MATCH(1,OFFSET(DataBase!W3,X2,,150),0)-1-ROW(),1000) -> 2 | Z3: =OFFSET($L3,DataBase!AC3,0) -> Issuance of Debt | AA3: =OFFSET($M3,DataBase!AC3,0) -> 5000 | AB3: =IF(AND($L3<>0,ISNA(MATCH($L3,_Exemptions,0))),1,0) -> 0 | AC3: =IFERROR(ROW(OFFSET(DataBase!AB3,AC2,,150))+MATCH(1,OFFSET(DataBase!AB3,AC2,,150),0)-1-ROW(),1000) -> 2 | AE3: OPERATIONS | AG3: Financing | AH3: =CashFlow3 -> 2808
B4: 2 | D4: =IFERROR(INDEX(OperationsInput,B4,1),0) -> Operating Proceeds | E4: =IFERROR(INDEX(OperationsInput,B4,14)*F4,0) -> 0 | F4: =IF(AND(B4>=ROW(CashFlow1P)-7,B4<ROW(CashFlow1N)-6),1,-1) -> 1 | H4: =IFERROR(INDEX(InvestmentsInput,B4,1),0) -> Proceeds From Investing Activities | I4: =IFERROR(INDEX(InvestmentsInput,B4,14)*J4,0) -> 0 | J4: =IF(AND(B4+ROW(CashFlow1)<ROW(CashFlow2N)-2),1,-1) -> 1 | L4: =IFERROR(INDEX(FinancingInput,B4,1),0) -> Proceeds From Financing Activities | M4: =IFERROR(INDEX(FinancingInput,B4,14)*N4,0) -> 0 | N4: =IF(AND(B4+ROW(CashFlow2)<ROW(CashFlow3N)-2),1,-1) -> 1 | P4: =OFFSET($D4,DataBase!S4,0) -> Other Operating Proceeds | Q4: =OFFSET($E4,DataBase!S4,0) -> 1810 | R4: =IF(AND($D4<>0,ISNA(MATCH($D4,_Exemptions,0))),1,0) -> 0 | S4: =IFERROR(ROW(OFFSET(DataBase!R4,S3,,150))+MATCH(1,OFFSET(DataBase!R4,S3,,150),0)-1-ROW(),1000) -> 2 | U4: =OFFSET($H4,DataBase!X4,0) -> Loan Collection | V4: =OFFSET($I4,DataBase!X4,0) -> 150 | W4: =IF(AND($H4<>0,ISNA(MATCH($H4,_Exemptions,0))),1,0) -> 0 | X4: =IFERROR(ROW(OFFSET(DataBase!W4,X3,,150))+MATCH(1,OFFSET(DataBase!W4,X3,,150),0)-1-ROW(),1000) -> 2 | Z4: =OFFSET($L4,DataBase!AC4,0) -> Issuance of Equity | AA4: =OFFSET($M4,DataBase!AC4,0) -> 1000 | AB4: =IF(AND($L4<>0,ISNA(MATCH($L4,_Exemptions,0))),1,0) -> 0 | AC4: =IFERROR(ROW(OFFSET(DataBase!AB4,AC3,,150))+MATCH(1,OFFSET(DataBase!AB4,AC3,,150),0)-1-ROW(),1000) -> 2 | AE4: Operating Proceeds | AG4: Investing | AH4: =CashFlow2 -> -3975
B5: 3 | D5: =IFERROR(INDEX(OperationsInput,B5,1),0) -> Net Sales Revenue | E5: =IFERROR(INDEX(OperationsInput,B5,14)*F5,0) -> 24300 | F5: =IF(AND(B5>=ROW(CashFlow1P)-7,B5<ROW(CashFlow1N)-6),1,-1) -> 1 | H5: =IFERROR(INDEX(InvestmentsInput,B5,1),0) -> Sale of Property, Plant and Equipment | I5: =IFERROR(INDEX(InvestmentsInput,B5,14)*J5,0) -> 1800 | J5: =IF(AND(B5+ROW(CashFlow1)<ROW(CashFlow2N)-2),1,-1) -> 1 | L5: =IFERROR(INDEX(FinancingInput,B5,1),0) -> Issuance of Debt | M5: =IFERROR(INDEX(FinancingInput,B5,14)*N5,0) -> 5000 | N5: =IF(AND(B5+ROW(CashFlow2)<ROW(CashFlow3N)-2),1,-1) -> 1 | P5: =OFFSET($D5,DataBase!S5,0) -> Payments to Suppliers | Q5: =OFFSET($E5,DataBase!S5,0) -> -14950 | R5: =IF(AND($D5<>0,ISNA(MATCH($D5,_Exemptions,0))),1,0) -> 1 | S5: =IFERROR(ROW(OFFSET(DataBase!R5,S4,,150))+MATCH(1,OFFSET(DataBase!R5,S4,,150),0)-1-ROW(),1000) -> 5 | U5: =OFFSET($H5,DataBase!X5,0) -> Sale and Maturity of Securities | V5: =OFFSET($I5,DataBase!X5,0) -> 2000 | W5: =IF(AND($H5<>0,ISNA(MATCH($H5,_Exemptions,0))),1,0) -> 1 | X5: =IFERROR(ROW(OFFSET(DataBase!W5,X4,,150))+MATCH(1,OFFSET(DataBase!W5,X4,,150),0)-1-ROW(),1000) -> 2 | Z5: =OFFSET($L5,DataBase!AC5,0) -> Other Financing Proceeds | AA5: =OFFSET($M5,DataBase!AC5,0) -> 0 | AB5: =IF(AND($L5<>0,ISNA(MATCH($L5,_Exemptions,0))),1,0) -> 1 | AC5: =IFERROR(ROW(OFFSET(DataBase!AB5,AC4,,150))+MATCH(1,OFFSET(DataBase!AB5,AC4,,150),0)-1-ROW(),1000) -> 2 | AE5: Total Operating Proceeds: | AG5: Operating | AH5: =CashFlow1 -> 3345
B6: 4 | D6: =IFERROR(INDEX(OperationsInput,B6,1),0) -> Other Operating Proceeds | E6: =IFERROR(INDEX(OperationsInput,B6,14)*F6,0) -> 1810 | F6: =IF(AND(B6>=ROW(CashFlow1P)-7,B6<ROW(CashFlow1N)-6),1,-1) -> 1 | H6: =IFERROR(INDEX(InvestmentsInput,B6,1),0) -> Loan Collection | I6: =IFERROR(INDEX(InvestmentsInput,B6,14)*J6,0) -> 150 | J6: =IF(AND(B6+ROW(CashFlow1)<ROW(CashFlow2N)-2),1,-1) -> 1 | L6: =IFERROR(INDEX(FinancingInput,B6,1),0) -> Issuance of Equity | M6: =IFERROR(INDEX(FinancingInput,B6,14)*N6,0) -> 1000 | N6: =IF(AND(B6+ROW(CashFlow2)<ROW(CashFlow3N)-2),1,-1) -> 1 | P6: =OFFSET($D6,DataBase!S6,0) -> Wages and Salaries | Q6: =OFFSET($E6,DataBase!S6,0) -> -1485 | R6: =IF(AND($D6<>0,ISNA(MATCH($D6,_Exemptions,0))),1,0) -> 1 | S6: =IFERROR(ROW(OFFSET(DataBase!R6,S5,,150))+MATCH(1,OFFSET(DataBase!R6,S5,,150),0)-1-ROW(),1000) -> 5 | U6: =OFFSET($H6,DataBase!X6,0) -> Dividends Received from Affiliates | V6: =OFFSET($I6,DataBase!X6,0) -> 125 | W6: =IF(AND($H6<>0,ISNA(MATCH($H6,_Exemptions,0))),1,0) -> 1 | X6: =IFERROR(ROW(OFFSET(DataBase!W6,X5,,150))+MATCH(1,OFFSET(DataBase!W6,X5,,150),0)-1-ROW(),1000) -> 2 | Z6: =OFFSET($L6,DataBase!AC6,0) -> Debt Repayment | AA6: =OFFSET($M6,DataBase!AC6,0) -> -700 | AB6: =IF(AND($L6<>0,ISNA(MATCH($L6,_Exemptions,0))),1,0) -> 1 | AC6: =IFERROR(ROW(OFFSET(DataBase!AB6,AC5,,150))+MATCH(1,OFFSET(DataBase!AB6,AC5,,150),0)-1-ROW(),1000) -> 5 | AE6: Operating Payments
B7: 5 | D7: =IFERROR(INDEX(OperationsInput,B7,1),0) -> Total Operating Proceeds: | E7: =IFERROR(INDEX(OperationsInput,B7,14)*F7,0) -> 26110 | F7: =IF(AND(B7>=ROW(CashFlow1P)-7,B7<ROW(CashFlow1N)-6),1,-1) -> 1 | H7: =IFERROR(INDEX(InvestmentsInput,B7,1),0) -> Sale and Maturity of Securities | I7: =IFERROR(INDEX(InvestmentsInput,B7,14)*J7,0) -> 2000 | J7: =IF(AND(B7+ROW(CashFlow1)<ROW(CashFlow2N)-2),1,-1) -> 1 | L7: =IFERROR(INDEX(FinancingInput,B7,1),0) -> Other Financing Proceeds | M7: =IFERROR(INDEX(FinancingInput,B7,14)*N7,0) -> 0 | N7: =IF(AND(B7+ROW(CashFlow2)<ROW(CashFlow3N)-2),1,-1) -> 1 | P7: =OFFSET($D7,DataBase!S7,0) -> Marketing Expenses | Q7: =OFFSET($E7,DataBase!S7,0) -> -2215 | R7: =IF(AND($D7<>0,ISNA(MATCH($D7,_Exemptions,0))),1,0) -> 0 | S7: =IFERROR(ROW(OFFSET(DataBase!R7,S6,,150))+MATCH(1,OFFSET(DataBase!R7,S6,,150),0)-1-ROW(),1000) -> 5 | U7: =OFFSET($H7,DataBase!X7,0) -> Other Investment Proceeds | V7: =OFFSET($I7,DataBase!X7,0) -> 0 | W7: =IF(AND($H7<>0,ISNA(MATCH($H7,_Exemptions,0))),1,0) -> 1 | X7: =IFERROR(ROW(OFFSET(DataBase!W7,X6,,150))+MATCH(1,OFFSET(DataBase!W7,X6,,150),0)-1-ROW(),1000) -> 2 | Z7: =OFFSET($L7,DataBase!AC7,0) -> Interest Paid | AA7: =OFFSET($M7,DataBase!AC7,0) -> -292 | AB7: =IF(AND($L7<>0,ISNA(MATCH($L7,_Exemptions,0))),1,0) -> 1 | AC7: =IFERROR(ROW(OFFSET(DataBase!AB7,AC6,,150))+MATCH(1,OFFSET(DataBase!AB7,AC6,,150),0)-1-ROW(),1000) -> 5 | AE7: Total Operating Payments:
B8: 6 | D8: =IFERROR(INDEX(OperationsInput,B8,1),0) -> 0 | E8: =IFERROR(INDEX(OperationsInput,B8,14)*F8,0) -> 0 | F8: =IF(AND(B8>=ROW(CashFlow1P)-7,B8<ROW(CashFlow1N)-6),1,-1) -> -1 | H8: =IFERROR(INDEX(InvestmentsInput,B8,1),0) -> Dividends Received from Affiliates | I8: =IFERROR(INDEX(InvestmentsInput,B8,14)*J8,0) -> 125 | J8: =IF(AND(B8+ROW(CashFlow1)<ROW(CashFlow2N)-2),1,-1) -> 1 | L8: =IFERROR(INDEX(FinancingInput,B8,1),0) -> Total Financing Proceeds: | M8: =IFERROR(INDEX(FinancingInput,B8,14)*N8,0) -> 6000 | N8: =IF(AND(B8+ROW(CashFlow2)<ROW(CashFlow3N)-2),1,-1) -> 1 | P8: =OFFSET($D8,DataBase!S8,0) -> General and Administrative Expenses | Q8: =OFFSET($E8,DataBase!S8,0) -> -3365 | R8: =IF(AND($D8<>0,ISNA(MATCH($D8,_Exemptions,0))),1,0) -> 0 | S8: =IFERROR(ROW(OFFSET(DataBase!R8,S7,,150))+MATCH(1,OFFSET(DataBase!R8,S7,,150),0)-1-ROW(),1000) -> 5 | U8: =OFFSET($H8,DataBase!X8,0) -> Purchase of Property, Plant and Equipment | V8: =OFFSET($I8,DataBase!X8,0) -> -6000 | W8: =IF(AND($H8<>0,ISNA(MATCH($H8,_Exemptions,0))),1,0) -> 1 | X8: =IFERROR(ROW(OFFSET(DataBase!W8,X7,,150))+MATCH(1,OFFSET(DataBase!W8,X7,,150),0)-1-ROW(),1000) -> 5 | Z8: =OFFSET($L8,DataBase!AC8,0) -> Repurchase of Equity | AA8: =OFFSET($M8,DataBase!AC8,0) -> -1000 | AB8: =IF(AND($L8<>0,ISNA(MATCH($L8,_Exemptions,0))),1,0) -> 0 | AC8: =IFERROR(ROW(OFFSET(DataBase!AB8,AC7,,150))+MATCH(1,OFFSET(DataBase!AB8,AC7,,150),0)-1-ROW(),1000) -> 5 | AE8: Net Cash From Operations:
B9: 7 | D9: =IFERROR(INDEX(OperationsInput,B9,1),0) -> Operating Payments | E9: =IFERROR(INDEX(OperationsInput,B9,14)*F9,0) -> 0 | F9: =IF(AND(B9>=ROW(CashFlow1P)-7,B9<ROW(CashFlow1N)-6),1,-1) -> -1 | H9: =IFERROR(INDEX(InvestmentsInput,B9,1),0) -> Other Investment Proceeds | I9: =IFERROR(INDEX(InvestmentsInput,B9,14)*J9,0) -> 0 | J9: =IF(AND(B9+ROW(CashFlow1)<ROW(CashFlow2N)-2),1,-1) -> 1 | L9: =IFERROR(INDEX(FinancingInput,B9,1),0) -> 0 | M9: =IFERROR(INDEX(FinancingInput,B9,14)*N9,0) -> 0 | N9: =IF(AND(B9+ROW(CashFlow2)<ROW(CashFlow3N)-2),1,-1) -> -1 | P9: =OFFSET($D9,DataBase!S9,0) -> Income Taxes | Q9: =OFFSET($E9,DataBase!S9,0) -> -750 | R9: =IF(AND($D9<>0,ISNA(MATCH($D9,_Exemptions,0))),1,0) -> 0 | S9: =IFERROR(ROW(OFFSET(DataBase!R9,S8,,150))+MATCH(1,OFFSET(DataBase!R9,S8,,150),0)-1-ROW(),1000) -> 5 | U9: =OFFSET($H9,DataBase!X9,0) -> Lending | V9: =OFFSET($I9,DataBase!X9,0) -> -150 | W9: =IF(AND($H9<>0,ISNA(MATCH($H9,_Exemptions,0))),1,0) -> 1 | X9: =IFERROR(ROW(OFFSET(DataBase!W9,X8,,150))+MATCH(1,OFFSET(DataBase!W9,X8,,150),0)-1-ROW(),1000) -> 5 | Z9: =OFFSET($L9,DataBase!AC9,0) -> Dividends and Distributions | AA9: =OFFSET($M9,DataBase!AC9,0) -> -1200 | AB9: =IF(AND($L9<>0,ISNA(MATCH($L9,_Exemptions,0))),1,0) -> 0 | AC9: =IFERROR(ROW(OFFSET(DataBase!AB9,AC8,,150))+MATCH(1,OFFSET(DataBase!AB9,AC8,,150),0)-1-ROW(),1000) -> 5 | AE9: INVESTMENTS
B10: 8 | D10: =IFERROR(INDEX(OperationsInput,B10,1),0) -> Payments to Suppliers | E10: =IFERROR(INDEX(OperationsInput,B10,14)*F10,0) -> -14950 | F10: =IF(AND(B10>=ROW(CashFlow1P)-7,B10<ROW(CashFlow1N)-6),1,-1) -> -1 | H10: =IFERROR(INDEX(InvestmentsInput,B10,1),0) -> Total Investment Proceeds: | I10: =IFERROR(INDEX(InvestmentsInput,B10,14)*J10,0) -> 4075 | J10: =IF(AND(B10+ROW(CashFlow1)<ROW(CashFlow2N)-2),1,-1) -> 1 | L10: =IFERROR(INDEX(FinancingInput,B10,1),0) -> Payments For Financing Activities | M10: =IFERROR(INDEX(FinancingInput,B10,14)*N10,0) -> 0 | N10: =IF(AND(B10+ROW(CashFlow2)<ROW(CashFlow3N)-2),1,-1) -> -1 | P10: =OFFSET($D10,DataBase!S10,0) -> 0 | Q10: =OFFSET($E10,DataBase!S10,0) -> 0 | R10: =IF(AND($D10<>0,ISNA(MATCH($D10,_Exemptions,0))),1,0) -> 1 | S10: =IFERROR(ROW(OFFSET(DataBase!R10,S9,,150))+MATCH(1,OFFSET(DataBase!R10,S9,,150),0)-1-ROW(),1000) -> 1000 | U10: =OFFSET($H10,DataBase!X10,0) -> Purchase of Securities | V10: =OFFSET($I10,DataBase!X10,0) -> -1900 | W10: =IF(AND($H10<>0,ISNA(MATCH($H10,_Exemptions,0))),1,0) -> 0 | X10: =IFERROR(ROW(OFFSET(DataBase!W10,X9,,150))+MATCH(1,OFFSET(DataBase!W10,X9,,150),0)-1-ROW(),1000) -> 5 | Z10: =OFFSET($L10,DataBase!AC10,0) -> Other Financing Payments | AA10: =OFFSET($M10,DataBase!AC10,0) -> 0 | AB10: =IF(AND($L10<>0,ISNA(MATCH($L10,_Exemptions,0))),1,0) -> 0 | AC10: =IFERROR(ROW(OFFSET(DataBase!AB10,AC9,,150))+MATCH(1,OFFSET(DataBase!AB10,AC9,,150),0)-1-ROW(),1000) -> 5 | AE10: Proceeds From Investing Activities
B11: 9 | D11: =IFERROR(INDEX(OperationsInput,B11,1),0) -> Wages and Salaries | E11: =IFERROR(INDEX(OperationsInput,B11,14)*F11,0) -> -1485 | F11: =IF(AND(B11>=ROW(CashFlow1P)-7,B11<ROW(CashFlow1N)-6),1,-1) -> -1 | H11: =IFERROR(INDEX(InvestmentsInput,B11,1),0) -> 0 | I11: =IFERROR(INDEX(InvestmentsInput,B11,14)*J11,0) -> 0 | J11: =IF(AND(B11+ROW(CashFlow1)<ROW(CashFlow2N)-2),1,-1) -> -1 | L11: =IFERROR(INDEX(FinancingInput,B11,1),0) -> Debt Repayment | M11: =IFERROR(INDEX(FinancingInput,B11,14)*N11,0) -> -700 | N11: =IF(AND(B11+ROW(CashFlow2)<ROW(CashFlow3N)-2),1,-1) -> -1 | P11: =OFFSET($D11,DataBase!S11,0) -> 0 | Q11: =OFFSET($E11,DataBase!S11,0) -> 0 | R11: =IF(AND($D11<>0,ISNA(MATCH($D11,_Exemptions,0))),1,0) -> 1 | S11: =IFERROR(ROW(OFFSET(DataBase!R11,S10,,150))+MATCH(1,OFFSET(DataBase!R11,S10,,150),0)-1-ROW(),1000) -> 1000 | U11: =OFFSET($H11,DataBase!X11,0) -> Acquiring Interest in Affiliates | V11: =OFFSET($I11,DataBase!X11,0) -> 0 | W11: =IF(AND($H11<>0,ISNA(MATCH($H11,_Exemptions,0))),1,0) -> 0 | X11: =IFERROR(ROW(OFFSET(DataBase!W11,X10,,150))+MATCH(1,OFFSET(DataBase!W11,X10,,150),0)-1-ROW(),1000) -> 5 | Z11: =OFFSET($L11,DataBase!AC11,0) -> 0 | AA11: =OFFSET($M11,DataBase!AC11,0) -> 0 | AB11: =IF(AND($L11<>0,ISNA(MATCH($L11,_Exemptions,0))),1,0) -> 1 | AC11: =IFERROR(ROW(OFFSET(DataBase!AB11,AC10,,150))+MATCH(1,OFFSET(DataBase!AB11,AC10,,150),0)-1-ROW(),1000) -> 1000 | AE11: Total Investment Proceeds:
B12: 10 | D12: =IFERROR(INDEX(OperationsInput,B12,1),0) -> Marketing Expenses | E12: =IFERROR(INDEX(OperationsInput,B12,14)*F12,0) -> -2215 | F12: =IF(AND(B12>=ROW(CashFlow1P)-7,B12<ROW(CashFlow1N)-6),1,-1) -> -1 | H12: =IFERROR(INDEX(InvestmentsInput,B12,1),0) -> Payments For Investing Activities | I12: =IFERROR(INDEX(InvestmentsInput,B12,14)*J12,0) -> 0 | J12: =IF(AND(B12+ROW(CashFlow1)<ROW(CashFlow2N)-2),1,-1) -> -1 | L12: =IFERROR(INDEX(FinancingInput,B12,1),0) -> Interest Paid | M12: =IFERROR(INDEX(FinancingInput,B12,14)*N12,0) -> -292 | N12: =IF(AND(B12+ROW(CashFlow2)<ROW(CashFlow3N)-2),1,-1) -> -1 | P12: =OFFSET($D12,DataBase!S12,0) -> 0 | Q12: =OFFSET($E12,DataBase!S12,0) -> 0 | R12: =IF(AND($D12<>0,ISNA(MATCH($D12,_Exemptions,0))),1,0) -> 1 | S12: =IFERROR(ROW(OFFSET(DataBase!R12,S11,,150))+MATCH(1,OFFSET(DataBase!R12,S11,,150),0)-1-ROW(),1000) -> 1000 | U12: =OFFSET($H12,DataBase!X12,0) -> Other Investment Payments | V12: =OFFSET($I12,DataBase!X12,0) -> 0 | W12: =IF(AND($H12<>0,ISNA(MATCH($H12,_Exemptions,0))),1,0) -> 0 | X12: =IFERROR(ROW(OFFSET(DataBase!W12,X11,,150))+MATCH(1,OFFSET(DataBase!W12,X11,,150),0)-1-ROW(),1000) -> 5 | Z12: =OFFSET($L12,DataBase!AC12,0) -> 0 | AA12: =OFFSET($M12,DataBase!AC12,0) -> 0 | AB12: =IF(AND($L12<>0,ISNA(MATCH($L12,_Exemptions,0))),1,0) -> 1 | AC12: =IFERROR(ROW(OFFSET(DataBase!AB12,AC11,,150))+MATCH(1,OFFSET(DataBase!AB12,AC11,,150),0)-1-ROW(),1000) -> 1000 | AE12: Payments For Investing Activities
B13: 11 | D13: =IFERROR(INDEX(OperationsInput,B13,1),0) -> General and Administrative Expenses | E13: =IFERROR(INDEX(OperationsInput,B13,14)*F13,0) -> -3365 | F13: =IF(AND(B13>=ROW(CashFlow1P)-7,B13<ROW(CashFlow1N)-6),1,-1) -> -1 | H13: =IFERROR(INDEX(InvestmentsInput,B13,1),0) -> Purchase of Property, Plant and Equipment | I13: =IFERROR(INDEX(InvestmentsInput,B13,14)*J13,0) -> -6000 | J13: =IF(AND(B13+ROW(CashFlow1)<ROW(CashFlow2N)-2),1,-1) -> -1 | L13: =IFERROR(INDEX(FinancingInput,B13,1),0) -> Repurchase of Equity | M13: =IFERROR(INDEX(FinancingInput,B13,14)*N13,0) -> -1000 | N13: =IF(AND(B13+ROW(CashFlow2)<ROW(CashFlow3N)-2),1,-1) -> -1 | P13: =OFFSET($D13,DataBase!S13,0) -> 0 | Q13: =OFFSET($E13,DataBase!S13,0) -> 0 | R13: =IF(AND($D13<>0,ISNA(MATCH($D13,_Exemptions,0))),1,0) -> 1 | S13: =IFERROR(ROW(OFFSET(DataBase!R13,S12,,150))+MATCH(1,OFFSET(DataBase!R13,S12,,150),0)-1-ROW(),1000) -> 1000 | U13: =OFFSET($H13,DataBase!X13,0) -> 0 | V13: =OFFSET($I13,DataBase!X13,0) -> 0 | W13: =IF(AND($H13<>0,ISNA(MATCH($H13,_Exemptions,0))),1,0) -> 1 | X13: =IFERROR(ROW(OFFSET(DataBase!W13,X12,,150))+MATCH(1,OFFSET(DataBase!W13,X12,,150),0)-1-ROW(),1000) -> 1000 | Z13: =OFFSET($L13,DataBase!AC13,0) -> 0 | AA13: =OFFSET($M13,DataBase!AC13,0) -> 0 | AB13: =IF(AND($L13<>0,ISNA(MATCH($L13,_Exemptions,0))),1,0) -> 1 | AC13: =IFERROR(ROW(OFFSET(DataBase!AB13,AC12,,150))+MATCH(1,OFFSET(DataBase!AB13,AC12,,150),0)-1-ROW(),1000) -> 1000 | AE13: Total Investment Payments:
B14: 12 | D14: =IFERROR(INDEX(OperationsInput,B14,1),0) -> Income Taxes | E14: =IFERROR(INDEX(OperationsInput,B14,14)*F14,0) -> -750 | F14: =IF(AND(B14>=ROW(CashFlow1P)-7,B14<ROW(CashFlow1N)-6),1,-1) -> -1 | H14: =IFERROR(INDEX(InvestmentsInput,B14,1),0) -> Lending | I14: =IFERROR(INDEX(InvestmentsInput,B14,14)*J14,0) -> -150 | J14: =IF(AND(B14+ROW(CashFlow1)<ROW(CashFlow2N)-2),1,-1) -> -1 | L14: =IFERROR(INDEX(FinancingInput,B14,1),0) -> Dividends and Distributions | M14: =IFERROR(INDEX(FinancingInput,B14,14)*N14,0) -> -1200 | N14: =IF(AND(B14+ROW(CashFlow2)<ROW(CashFlow3N)-2),1,-1) -> -1 | P14: =OFFSET($D14,DataBase!S14,0) -> 0 | Q14: =OFFSET($E14,DataBase!S14,0) -> 0 | R14: =IF(AND($D14<>0,ISNA(MATCH($D14,_Exemptions,0))),1,0) -> 1 | S14: =IFERROR(ROW(OFFSET(DataBase!R14,S13,,150))+MATCH(1,OFFSET(DataBase!R14,S13,,150),0)-1-ROW(),1000) -> 1000 | U14: =OFFSET($H14,DataBase!X14,0) -> 0 | V14: =OFFSET($I14,DataBase!X14,0) -> 0 | W14: =IF(AND($H14<>0,ISNA(MATCH($H14,_Exemptions,0))),1,0) -> 1 | X14: =IFERROR(ROW(OFFSET(DataBase!W14,X13,,150))+MATCH(1,OFFSET(DataBase!W14,X13,,150),0)-1-ROW(),1000) -> 1000 | Z14: =OFFSET($L14,DataBase!AC14,0) -> 0 | AA14: =OFFSET($M14,DataBase!AC14,0) -> 0 | AB14: =IF(AND($L14<>0,ISNA(MATCH($L14,_Exemptions,0))),1,0) -> 1 | AC14: =IFERROR(ROW(OFFSET(DataBase!AB14,AC13,,150))+MATCH(1,OFFSET(DataBase!AB14,AC13,,150),0)-1-ROW(),1000) -> 1000 | AE14: Net Cash from Investing Activities:
B15: 13 | D15: =IFERROR(INDEX(OperationsInput,B15,1),0) -> Total Operating Payments: | E15: =IFERROR(INDEX(OperationsInput,B15,14)*F15,0) -> -22765 | F15: =IF(AND(B15>=ROW(CashFlow1P)-7,B15<ROW(CashFlow1N)-6),1,-1) -> -1 | H15: =IFERROR(INDEX(InvestmentsInput,B15,1),0) -> Purchase of Securities | I15: =IFERROR(INDEX(InvestmentsInput,B15,14)*J15,0) -> -1900 | J15: =IF(AND(B15+ROW(CashFlow1)<ROW(CashFlow2N)-2),1,-1) -> -1 | L15: =IFERROR(INDEX(FinancingInput,B15,1),0) -> Other Financing Payments | M15: =IFERROR(INDEX(FinancingInput,B15,14)*N15,0) -> 0 | N15: =IF(AND(B15+ROW(CashFlow2)<ROW(CashFlow3N)-2),1,-1) -> -1 | P15: =OFFSET($D15,DataBase!S15,0) -> 0 | Q15: =OFFSET($E15,DataBase!S15,0) -> 0 | R15: =IF(AND($D15<>0,ISNA(MATCH($D15,_Exemptions,0))),1,0) -> 0 | S15: =IFERROR(ROW(OFFSET(DataBase!R15,S14,,150))+MATCH(1,OFFSET(DataBase!R15,S14,,150),0)-1-ROW(),1000) -> 1000 | U15: =OFFSET($H15,DataBase!X15,0) -> 0 | V15: =OFFSET($I15,DataBase!X15,0) -> 0 | W15: =IF(AND($H15<>0,ISNA(MATCH($H15,_Exemptions,0))),1,0) -> 1 | X15: =IFERROR(ROW(OFFSET(DataBase!W15,X14,,150))+MATCH(1,OFFSET(DataBase!W15,X14,,150),0)-1-ROW(),1000) -> 1000 | Z15: =OFFSET($L15,DataBase!AC15,0) -> 0 | AA15: =OFFSET($M15,DataBase!AC15,0) -> 0 | AB15: =IF(AND($L15<>0,ISNA(MATCH($L15,_Exemptions,0))),1,0) -> 1 | AC15: =IFERROR(ROW(OFFSET(DataBase!AB15,AC14,,150))+MATCH(1,OFFSET(DataBase!AB15,AC14,,150),0)-1-ROW(),1000) -> 1000 | AE15: FINANCING
B16: 14 | D16: =IFERROR(INDEX(OperationsInput,B16,1),0) -> Net Cash From Operations: | E16: =IFERROR(INDEX(OperationsInput,B16,14)*F16,0) -> -3345 | F16: =IF(AND(B16>=ROW(CashFlow1P)-7,B16<ROW(CashFlow1N)-6),1,-1) -> -1 | H16: =IFERROR(INDEX(InvestmentsInput,B16,1),0) -> Acquiring Interest in Affiliates | I16: =IFERROR(INDEX(InvestmentsInput,B16,14)*J16,0) -> 0 | J16: =IF(AND(B16+ROW(CashFlow1)<ROW(CashFlow2N)-2),1,-1) -> -1 | L16: =IFERROR(INDEX(FinancingInput,B16,1),0) -> Total Financing Payments: | M16: =IFERROR(INDEX(FinancingInput,B16,14)*N16,0) -> -3192 | N16: =IF(AND(B16+ROW(CashFlow2)<ROW(CashFlow3N)-2),1,-1) -> -1 | P16: =OFFSET($D16,DataBase!S16,0) -> 0 | Q16: =OFFSET($E16,DataBase!S16,0) -> 0 | R16: =IF(AND($D16<>0,ISNA(MATCH($D16,_Exemptions,0))),1,0) -> 0 | S16: =IFERROR(ROW(OFFSET(DataBase!R16,S15,,150))+MATCH(1,OFFSET(DataBase!R16,S15,,150),0)-1-ROW(),1000) -> 1000 | U16: =OFFSET($H16,DataBase!X16,0) -> 0 | V16: =OFFSET($I16,DataBase!X16,0) -> 0 | W16: =IF(AND($H16<>0,ISNA(MATCH($H16,_Exemptions,0))),1,0) -> 1 | X16: =IFERROR(ROW(OFFSET(DataBase!W16,X15,,150))+MATCH(1,OFFSET(DataBase!W16,X15,,150),0)-1-ROW(),1000) -> 1000 | Z16: =OFFSET($L16,DataBase!AC16,0) -> 0 | AA16: =OFFSET($M16,DataBase!AC16,0) -> 0 | AB16: =IF(AND($L16<>0,ISNA(MATCH($L16,_Exemptions,0))),1,0) -> 0 | AC16: =IFERROR(ROW(OFFSET(DataBase!AB16,AC15,,150))+MATCH(1,OFFSET(DataBase!AB16,AC15,,150),0)-1-ROW(),1000) -> 1000 | AE16: Proceeds From Financing Activities
B17: 15 | D17: =IFERROR(INDEX(OperationsInput,B17,1),0) -> 0 | E17: =IFERROR(INDEX(OperationsInput,B17,14)*F17,0) -> 0 | F17: =IF(AND(B17>=ROW(CashFlow1P)-7,B17<ROW(CashFlow1N)-6),1,-1) -> -1 | H17: =IFERROR(INDEX(InvestmentsInput,B17,1),0) -> Other Investment Payments | I17: =IFERROR(INDEX(InvestmentsInput,B17,14)*J17,0) -> 0 | J17: =IF(AND(B17+ROW(CashFlow1)<ROW(CashFlow2N)-2),1,-1) -> -1 | L17: =IFERROR(INDEX(FinancingInput,B17,1),0) -> Net Cash from Financing Activities: | M17: =IFERROR(INDEX(FinancingInput,B17,14)*N17,0) -> -2808 | N17: =IF(AND(B17+ROW(CashFlow2)<ROW(CashFlow3N)-2),1,-1) -> -1 | P17: =OFFSET($D17,DataBase!S17,0) -> 0 | Q17: =OFFSET($E17,DataBase!S17,0) -> 0 | R17: =IF(AND($D17<>0,ISNA(MATCH($D17,_Exemptions,0))),1,0) -> 0 | S17: =IFERROR(ROW(OFFSET(DataBase!R17,S16,,150))+MATCH(1,OFFSET(DataBase!R17,S16,,150),0)-1-ROW(),1000) -> 1000 | U17: =OFFSET($H17,DataBase!X17,0) -> 0 | V17: =OFFSET($I17,DataBase!X17,0) -> 0 | W17: =IF(AND($H17<>0,ISNA(MATCH($H17,_Exemptions,0))),1,0) -> 1 | X17: =IFERROR(ROW(OFFSET(DataBase!W17,X16,,150))+MATCH(1,OFFSET(DataBase!W17,X16,,150),0)-1-ROW(),1000) -> 1000 | Z17: =OFFSET($L17,DataBase!AC17,0) -> 0 | AA17: =OFFSET($M17,DataBase!AC17,0) -> 0 | AB17: =IF(AND($L17<>0,ISNA(MATCH($L17,_Exemptions,0))),1,0) -> 0 | AC17: =IFERROR(ROW(OFFSET(DataBase!AB17,AC16,,150))+MATCH(1,OFFSET(DataBase!AB17,AC16,,150),0)-1-ROW(),1000) -> 1000 | AE17: Total Financing Proceeds:
... B20: 18 | D20: =IFERROR(INDEX(OperationsInput,B20,1),0) -> 0 | E20: =IFERROR(INDEX(OperationsInput,B20,14)*F20,0) -> 0 | F20: =IF(AND(B20>=ROW(CashFlow1P)-7,B20<ROW(CashFlow1N)-6),1,-1) -> -1 | H20: =IFERROR(INDEX(InvestmentsInput,B20,1),0) -> 0 | I20: =IFERROR(INDEX(InvestmentsInput,B20,14)*J20,0) -> 0 | J20: =IF(AND(B20+ROW(CashFlow1)<ROW(CashFlow2N)-2),1,-1) -> -1 | L20: =IFERROR(INDEX(FinancingInput,B20,1),0) -> 0 | M20: =IFERROR(INDEX(FinancingInput,B20,14)*N20,0) -> 0 | N20: =IF(AND(B20+ROW(CashFlow2)<ROW(CashFlow3N)-2),1,-1) -> -1 | P20: =OFFSET($D20,DataBase!S20,0) -> 0 | Q20: =OFFSET($E20,DataBase!S20,0) -> 0 | R20: =IF(AND($D20<>0,ISNA(MATCH($D20,_Exemptions,0))),1,0) -> 0 | S20: =IFERROR(ROW(OFFSET(DataBase!R20,S19,,150))+MATCH(1,OFFSET(DataBase!R20,S19,,150),0)-1-ROW(),1000) -> 1000 | U20: =OFFSET($H20,DataBase!X20,0) -> 0 | V20: =OFFSET($I20,DataBase!X20,0) -> 0 | W20: =IF(AND($H20<>0,ISNA(MATCH($H20,_Exemptions,0))),1,0) -> 0 | X20: =IFERROR(ROW(OFFSET(DataBase!W20,X19,,150))+MATCH(1,OFFSET(DataBase!W20,X19,,150),0)-1-ROW(),1000) -> 1000 | Z20: =OFFSET($L20,DataBase!AC20,0) -> 0 | AA20: =OFFSET($M20,DataBase!AC20,0) -> 0 | AB20: =IF(AND($L20<>0,ISNA(MATCH($L20,_Exemptions,0))),1,0) -> 0 | AC20: =IFERROR(ROW(OFFSET(DataBase!AB20,AC19,,150))+MATCH(1,OFFSET(DataBase!AB20,AC19,,150),0)-1-ROW(),1000) -> 1000 | AE20: Net Cash from Financing Activities:
B21: 19 | D21: =IFERROR(INDEX(OperationsInput,B21,1),0) -> 0 | E21: =IFERROR(INDEX(OperationsInput,B21,14)*F21,0) -> 0 | F21: =IF(AND(B21>=ROW(CashFlow1P)-7,B21<ROW(CashFlow1N)-6),1,-1) -> -1 | H21: =IFERROR(INDEX(InvestmentsInput,B21,1),0) -> 0 | I21: =IFERROR(INDEX(InvestmentsInput,B21,14)*J21,0) -> 0 | J21: =IF(AND(B21+ROW(CashFlow1)<ROW(CashFlow2N)-2),1,-1) -> -1 | L21: =IFERROR(INDEX(FinancingInput,B21,1),0) -> 0 | M21: =IFERROR(INDEX(FinancingInput,B21,14)*N21,0) -> 0 | N21: =IF(AND(B21+ROW(CashFlow2)<ROW(CashFlow3N)-2),1,-1) -> -1 | P21: =OFFSET($D21,DataBase!S21,0) -> 0 | Q21: =OFFSET($E21,DataBase!S21,0) -> 0 | R21: =IF(AND($D21<>0,ISNA(MATCH($D21,_Exemptions,0))),1,0) -> 0 | S21: =IFERROR(ROW(OFFSET(DataBase!R21,S20,,150))+MATCH(1,OFFSET(DataBase!R21,S20,,150),0)-1-ROW(),1000) -> 1000 | U21: =OFFSET($H21,DataBase!X21,0) -> 0 | V21: =OFFSET($I21,DataBase!X21,0) -> 0 | W21: =IF(AND($H21<>0,ISNA(MATCH($H21,_Exemptions,0))),1,0) -> 0 | X21: =IFERROR(ROW(OFFSET(DataBase!W21,X20,,150))+MATCH(1,OFFSET(DataBase!W21,X20,,150),0)-1-ROW(),1000) -> 1000 | Z21: =OFFSET($L21,DataBase!AC21,0) -> 0 | AA21: =OFFSET($M21,DataBase!AC21,0) -> 0 | AB21: =IF(AND($L21<>0,ISNA(MATCH($L21,_Exemptions,0))),1,0) -> 0 | AC21: =IFERROR(ROW(OFFSET(DataBase!AB21,AC20,,150))+MATCH(1,OFFSET(DataBase!AB21,AC20,,150),0)-1-ROW(),1000) -> 1000
B22: 20 | D22: =IFERROR(INDEX(OperationsInput,B22,1),0) -> 0 | E22: =IFERROR(INDEX(OperationsInput,B22,14)*F22,0) -> 0 | F22: =IF(AND(B22>=ROW(CashFlow1P)-7,B22<ROW(CashFlow1N)-6),1,-1) -> -1 | H22: =IFERROR(INDEX(InvestmentsInput,B22,1),0) -> 0 | I22: =IFERROR(INDEX(InvestmentsInput,B22,14)*J22,0) -> 0 | J22: =IF(AND(B22+ROW(CashFlow1)<ROW(CashFlow2N)-2),1,-1) -> -1 | L22: =IFERROR(INDEX(FinancingInput,B22,1),0) -> 0 | M22: =IFERROR(INDEX(FinancingInput,B22,14)*N22,0) -> 0 | N22: =IF(AND(B22+ROW(CashFlow2)<ROW(CashFlow3N)-2),1,-1) -> -1 | P22: =OFFSET($D22,DataBase!S22,0) -> 0 | Q22: =OFFSET($E22,DataBase!S22,0) -> 0 | R22: =IF(AND($D22<>0,ISNA(MATCH($D22,_Exemptions,0))),1,0) -> 0 | S22: =IFERROR(ROW(OFFSET(DataBase!R22,S21,,150))+MATCH(1,OFFSET(DataBase!R22,S21,,150),0)-1-ROW(),1000) -> 1000 | U22: =OFFSET($H22,DataBase!X22,0) -> 0 | V22: =OFFSET($I22,DataBase!X22,0) -> 0 | W22: =IF(AND($H22<>0,ISNA(MATCH($H22,_Exemptions,0))),1,0) -> 0 | X22: =IFERROR(ROW(OFFSET(DataBase!W22,X21,,150))+MATCH(1,OFFSET(DataBase!W22,X21,,150),0)-1-ROW(),1000) -> 1000 | Z22: =OFFSET($L22,DataBase!AC22,0) -> 0 | AA22: =OFFSET($M22,DataBase!AC22,0) -> 0 | AB22: =IF(AND($L22<>0,ISNA(MATCH($L22,_Exemptions,0))),1,0) -> 0 | AC22: =IFERROR(ROW(OFFSET(DataBase!AB22,AC21,,150))+MATCH(1,OFFSET(DataBase!AB22,AC21,,150),0)-1-ROW(),1000) -> 1000
B23: 21 | D23: =IFERROR(INDEX(OperationsInput,B23,1),0) -> 0 | E23: =IFERROR(INDEX(OperationsInput,B23,14)*F23,0) -> 0 | F23: =IF(AND(B23>=ROW(CashFlow1P)-7,B23<ROW(CashFlow1N)-6),1,-1) -> -1 | H23: =IFERROR(INDEX(InvestmentsInput,B23,1),0) -> 0 | I23: =IFERROR(INDEX(InvestmentsInput,B23,14)*J23,0) -> 0 | J23: =IF(AND(B23+ROW(CashFlow1)<ROW(CashFlow2N)-2),1,-1) -> -1 | L23: =IFERROR(INDEX(FinancingInput,B23,1),0) -> 0 | M23: =IFERROR(INDEX(FinancingInput,B23,14)*N23,0) -> 0 | N23: =IF(AND(B23+ROW(CashFlow2)<ROW(CashFlow3N)-2),1,-1) -> -1 | P23: =OFFSET($D23,DataBase!S23,0) -> 0 | Q23: =OFFSET($E23,DataBase!S23,0) -> 0 | R23: =IF(AND($D23<>0,ISNA(MATCH($D23,_Exemptions,0))),1,0) -> 0 | S23: =IFERROR(ROW(OFFSET(DataBase!R23,S22,,150))+MATCH(1,OFFSET(DataBase!R23,S22,,150),0)-1-ROW(),1000) -> 1000 | U23: =OFFSET($H23,DataBase!X23,0) -> 0 | V23: =OFFSET($I23,DataBase!X23,0) -> 0 | W23: =IF(AND($H23<>0,ISNA(MATCH($H23,_Exemptions,0))),1,0) -> 0 | X23: =IFERROR(ROW(OFFSET(DataBase!W23,X22,,150))+MATCH(1,OFFSET(DataBase!W23,X22,,150),0)-1-ROW(),1000) -> 1000 | Z23: =OFFSET($L23,DataBase!AC23,0) -> 0 | AA23: =OFFSET($M23,DataBase!AC23,0) -> 0 | AB23: =IF(AND($L23<>0,ISNA(MATCH($L23,_Exemptions,0))),1,0) -> 0 | AC23: =IFERROR(ROW(OFFSET(DataBase!AB23,AC22,,150))+MATCH(1,OFFSET(DataBase!AB23,AC22,,150),0)-1-ROW(),1000) -> 1000
B24: 22 | D24: =IFERROR(INDEX(OperationsInput,B24,1),0) -> 0 | E24: =IFERROR(INDEX(OperationsInput,B24,14)*F24,0) -> 0 | F24: =IF(AND(B24>=ROW(CashFlow1P)-7,B24<ROW(CashFlow1N)-6),1,-1) -> -1 | H24: =IFERROR(INDEX(InvestmentsInput,B24,1),0) -> 0 | I24: =IFERROR(INDEX(InvestmentsInput,B24,14)*J24,0) -> 0 | J24: =IF(AND(B24+ROW(CashFlow1)<ROW(CashFlow2N)-2),1,-1) -> -1 | L24: =IFERROR(INDEX(FinancingInput,B24,1),0) -> 0 | M24: =IFERROR(INDEX(FinancingInput,B24,14)*N24,0) -> 0 | N24: =IF(AND(B24+ROW(CashFlow2)<ROW(CashFlow3N)-2),1,-1) -> -1 | P24: =OFFSET($D24,DataBase!S24,0) -> 0 | Q24: =OFFSET($E24,DataBase!S24,0) -> 0 | R24: =IF(AND($D24<>0,ISNA(MATCH($D24,_Exemptions,0))),1,0) -> 0 | S24: =IFERROR(ROW(OFFSET(DataBase!R24,S23,,150))+MATCH(1,OFFSET(DataBase!R24,S23,,150),0)-1-ROW(),1000) -> 1000 | U24: =OFFSET($H24,DataBase!X24,0) -> 0 | V24: =OFFSET($I24,DataBase!X24,0) -> 0 | W24: =IF(AND($H24<>0,ISNA(MATCH($H24,_Exemptions,0))),1,0) -> 0 | X24: =IFERROR(ROW(OFFSET(DataBase!W24,X23,,150))+MATCH(1,OFFSET(DataBase!W24,X23,,150),0)-1-ROW(),1000) -> 1000 | Z24: =OFFSET($L24,DataBase!AC24,0) -> 0 | AA24: =OFFSET($M24,DataBase!AC24,0) -> 0 | AB24: =IF(AND($L24<>0,ISNA(MATCH($L24,_Exemptions,0))),1,0) -> 0 | AC24: =IFERROR(ROW(OFFSET(DataBase!AB24,AC23,,150))+MATCH(1,OFFSET(DataBase!AB24,AC23,,150),0)-1-ROW(),1000) -> 1000
B25: 23 | D25: =IFERROR(INDEX(OperationsInput,B25,1),0) -> 0 | E25: =IFERROR(INDEX(OperationsInput,B25,14)*F25,0) -> 0 | F25: =IF(AND(B25>=ROW(CashFlow1P)-7,B25<ROW(CashFlow1N)-6),1,-1) -> -1 | H25: =IFERROR(INDEX(InvestmentsInput,B25,1),0) -> 0 | I25: =IFERROR(INDEX(InvestmentsInput,B25,14)*J25,0) -> 0 | J25: =IF(AND(B25+ROW(CashFlow1)<ROW(CashFlow2N)-2),1,-1) -> -1 | L25: =IFERROR(INDEX(FinancingInput,B25,1),0) -> 0 | M25: =IFERROR(INDEX(FinancingInput,B25,14)*N25,0) -> 0 | N25: =IF(AND(B25+ROW(CashFlow2)<ROW(CashFlow3N)-2),1,-1) -> -1 | P25: =OFFSET($D25,DataBase!S25,0) -> 0 | Q25: =OFFSET($E25,DataBase!S25,0) -> 0 | R25: =IF(AND($D25<>0,ISNA(MATCH($D25,_Exemptions,0))),1,0) -> 0 | S25: =IFERROR(ROW(OFFSET(DataBase!R25,S24,,150))+MATCH(1,OFFSET(DataBase!R25,S24,,150),0)-1-ROW(),1000) -> 1000 | U25: =OFFSET($H25,DataBase!X25,0) -> 0 | V25: =OFFSET($I25,DataBase!X25,0) -> 0 | W25: =IF(AND($H25<>0,ISNA(MATCH($H25,_Exemptions,0))),1,0) -> 0 | X25: =IFERROR(ROW(OFFSET(DataBase!W25,X24,,150))+MATCH(1,OFFSET(DataBase!W25,X24,,150),0)-1-ROW(),1000) -> 1000 | Z25: =OFFSET($L25,DataBase!AC25,0) -> 0 | AA25: =OFFSET($M25,DataBase!AC25,0) -> 0 | AB25: =IF(AND($L25<>0,ISNA(MATCH($L25,_Exemptions,0))),1,0) -> 0 | AC25: =IFERROR(ROW(OFFSET(DataBase!AB25,AC24,,150))+MATCH(1,OFFSET(DataBase!AB25,AC24,,150),0)-1-ROW(),1000) -> 1000
B26: 24 | D26: =IFERROR(INDEX(OperationsInput,B26,1),0) -> 0 | E26: =IFERROR(INDEX(OperationsInput,B26,14)*F26,0) -> 0 | F26: =IF(AND(B26>=ROW(CashFlow1P)-7,B26<ROW(CashFlow1N)-6),1,-1) -> -1 | H26: =IFERROR(INDEX(InvestmentsInput,B26,1),0) -> 0 | I26: =IFERROR(INDEX(InvestmentsInput,B26,14)*J26,0) -> 0 | J26: =IF(AND(B26+ROW(CashFlow1)<ROW(CashFlow2N)-2),1,-1) -> -1 | L26: =IFERROR(INDEX(FinancingInput,B26,1),0) -> 0 | M26: =IFERROR(INDEX(FinancingInput,B26,14)*N26,0) -> 0 | N26: =IF(AND(B26+ROW(CashFlow2)<ROW(CashFlow3N)-2),1,-1) -> -1 | P26: =OFFSET($D26,DataBase!S26,0) -> 0 | Q26: =OFFSET($E26,DataBase!S26,0) -> 0 | R26: =IF(AND($D26<>0,ISNA(MATCH($D26,_Exemptions,0))),1,0) -> 0 | S26: =IFERROR(ROW(OFFSET(DataBase!R26,S25,,150))+MATCH(1,OFFSET(DataBase!R26,S25,,150),0)-1-ROW(),1000) -> 1000 | U26: =OFFSET($H26,DataBase!X26,0) -> 0 | V26: =OFFSET($I26,DataBase!X26,0) -> 0 | W26: =IF(AND($H26<>0,ISNA(MATCH($H26,_Exemptions,0))),1,0) -> 0 | X26: =IFERROR(ROW(OFFSET(DataBase!W26,X25,,150))+MATCH(1,OFFSET(DataBase!W26,X25,,150),0)-1-ROW(),1000) -> 1000 | Z26: =OFFSET($L26,DataBase!AC26,0) -> 0 | AA26: =OFFSET($M26,DataBase!AC26,0) -> 0 | AB26: =IF(AND($L26<>0,ISNA(MATCH($L26,_Exemptions,0))),1,0) -> 0 | AC26: =IFERROR(ROW(OFFSET(DataBase!AB26,AC25,,150))+MATCH(1,OFFSET(DataBase!AB26,AC25,,150),0)-1-ROW(),1000) -> 1000
B27: 25 | D27: =IFERROR(INDEX(OperationsInput,B27,1),0) -> 0 | E27: =IFERROR(INDEX(OperationsInput,B27,14)*F27,0) -> 0 | F27: =IF(AND(B27>=ROW(CashFlow1P)-7,B27<ROW(CashFlow1N)-6),1,-1) -> -1 | H27: =IFERROR(INDEX(InvestmentsInput,B27,1),0) -> 0 | I27: =IFERROR(INDEX(InvestmentsInput,B27,14)*J27,0) -> 0 | J27: =IF(AND(B27+ROW(CashFlow1)<ROW(CashFlow2N)-2),1,-1) -> -1 | L27: =IFERROR(INDEX(FinancingInput,B27,1),0) -> 0 | M27: =IFERROR(INDEX(FinancingInput,B27,14)*N27,0) -> 0 | N27: =IF(AND(B27+ROW(CashFlow2)<ROW(CashFlow3N)-2),1,-1) -> -1 | P27: =OFFSET($D27,DataBase!S27,0) -> 0 | Q27: =OFFSET($E27,DataBase!S27,0) -> 0 | R27: =IF(AND($D27<>0,ISNA(MATCH($D27,_Exemptions,0))),1,0) -> 0 | S27: =IFERROR(ROW(OFFSET(DataBase!R27,S26,,150))+MATCH(1,OFFSET(DataBase!R27,S26,,150),0)-1-ROW(),1000) -> 1000 | U27: =OFFSET($H27,DataBase!X27,0) -> 0 | V27: =OFFSET($I27,DataBase!X27,0) -> 0 | W27: =IF(AND($H27<>0,ISNA(MATCH($H27,_Exemptions,0))),1,0) -> 0 | X27: =IFERROR(ROW(OFFSET(DataBase!W27,X26,,150))+MATCH(1,OFFSET(DataBase!W27,X26,,150),0)-1-ROW(),1000) -> 1000 | Z27: =OFFSET($L27,DataBase!AC27,0) -> 0 | AA27: =OFFSET($M27,DataBase!AC27,0) -> 0 | AB27: =IF(AND($L27<>0,ISNA(MATCH($L27,_Exemptions,0))),1,0) -> 0 | AC27: =IFERROR(ROW(OFFSET(DataBase!AB27,AC26,,150))+MATCH(1,OFFSET(DataBase!AB27,AC26,,150),0)-1-ROW(),1000) -> 1000
B28: 26 | D28: =IFERROR(INDEX(OperationsInput,B28,1),0) -> 0 | E28: =IFERROR(INDEX(OperationsInput,B28,14)*F28,0) -> 0 | F28: =IF(AND(B28>=ROW(CashFlow1P)-7,B28<ROW(CashFlow1N)-6),1,-1) -> -1 | H28: =IFERROR(INDEX(InvestmentsInput,B28,1),0) -> 0 | I28: =IFERROR(INDEX(InvestmentsInput,B28,14)*J28,0) -> 0 | J28: =IF(AND(B28+ROW(CashFlow1)<ROW(CashFlow2N)-2),1,-1) -> -1 | L28: =IFERROR(INDEX(FinancingInput,B28,1),0) -> 0 | M28: =IFERROR(INDEX(FinancingInput,B28,14)*N28,0) -> 0 | N28: =IF(AND(B28+ROW(CashFlow2)<ROW(CashFlow3N)-2),1,-1) -> -1 | P28: =OFFSET($D28,DataBase!S28,0) -> 0 | Q28: =OFFSET($E28,DataBase!S28,0) -> 0 | R28: =IF(AND($D28<>0,ISNA(MATCH($D28,_Exemptions,0))),1,0) -> 0 | S28: =IFERROR(ROW(OFFSET(DataBase!R28,S27,,150))+MATCH(1,OFFSET(DataBase!R28,S27,,150),0)-1-ROW(),1000) -> 1000 | U28: =OFFSET($H28,DataBase!X28,0) -> 0 | V28: =OFFSET($I28,DataBase!X28,0) -> 0 | W28: =IF(AND($H28<>0,ISNA(MATCH($H28,_Exemptions,0))),1,0) -> 0 | X28: =IFERROR(ROW(OFFSET(DataBase!W28,X27,,150))+MATCH(1,OFFSET(DataBase!W28,X27,,150),0)-1-ROW(),1000) -> 1000 | Z28: =OFFSET($L28,DataBase!AC28,0) -> 0 | AA28: =OFFSET($M28,DataBase!AC28,0) -> 0 | AB28: =IF(AND($L28<>0,ISNA(MATCH($L28,_Exemptions,0))),1,0) -> 0 | AC28: =IFERROR(ROW(OFFSET(DataBase!AB28,AC27,,150))+MATCH(1,OFFSET(DataBase!AB28,AC27,,150),0)-1-ROW(),1000) -> 1000
B29: 27 | D29: =IFERROR(INDEX(OperationsInput,B29,1),0) -> 0 | E29: =IFERROR(INDEX(OperationsInput,B29,14)*F29,0) -> 0 | F29: =IF(AND(B29>=ROW(CashFlow1P)-7,B29<ROW(CashFlow1N)-6),1,-1) -> -1 | H29: =IFERROR(INDEX(InvestmentsInput,B29,1),0) -> 0 | I29: =IFERROR(INDEX(InvestmentsInput,B29,14)*J29,0) -> 0 | J29: =IF(AND(B29+ROW(CashFlow1)<ROW(CashFlow2N)-2),1,-1) -> -1 | L29: =IFERROR(INDEX(FinancingInput,B29,1),0) -> 0 | M29: =IFERROR(INDEX(FinancingInput,B29,14)*N29,0) -> 0 | N29: =IF(AND(B29+ROW(CashFlow2)<ROW(CashFlow3N)-2),1,-1) -> -1 | P29: =OFFSET($D29,DataBase!S29,0) -> 0 | Q29: =OFFSET($E29,DataBase!S29,0) -> 0 | R29: =IF(AND($D29<>0,ISNA(MATCH($D29,_Exemptions,0))),1,0) -> 0 | S29: =IFERROR(ROW(OFFSET(DataBase!R29,S28,,150))+MATCH(1,OFFSET(DataBase!R29,S28,,150),0)-1-ROW(),1000) -> 1000 | U29: =OFFSET($H29,DataBase!X29,0) -> 0 | V29: =OFFSET($I29,DataBase!X29,0) -> 0 | W29: =IF(AND($H29<>0,ISNA(MATCH($H29,_Exemptions,0))),1,0) -> 0 | X29: =IFERROR(ROW(OFFSET(DataBase!W29,X28,,150))+MATCH(1,OFFSET(DataBase!W29,X28,,150),0)-1-ROW(),1000) -> 1000 | Z29: =OFFSET($L29,DataBase!AC29,0) -> 0 | AA29: =OFFSET($M29,DataBase!AC29,0) -> 0 | AB29: =IF(AND($L29<>0,ISNA(MATCH($L29,_Exemptions,0))),1,0) -> 0 | AC29: =IFERROR(ROW(OFFSET(DataBase!AB29,AC28,,150))+MATCH(1,OFFSET(DataBase!AB29,AC28,,150),0)-1-ROW(),1000) -> 1000
B30: 28 | D30: =IFERROR(INDEX(OperationsInput,B30,1),0) -> 0 | E30: =IFERROR(INDEX(OperationsInput,B30,14)*F30,0) -> 0 | F30: =IF(AND(B30>=ROW(CashFlow1P)-7,B30<ROW(CashFlow1N)-6),1,-1) -> -1 | H30: =IFERROR(INDEX(InvestmentsInput,B30,1),0) -> 0 | I30: =IFERROR(INDEX(InvestmentsInput,B30,14)*J30,0) -> 0 | J30: =IF(AND(B30+ROW(CashFlow1)<ROW(CashFlow2N)-2),1,-1) -> -1 | L30: =IFERROR(INDEX(FinancingInput,B30,1),0) -> 0 | M30: =IFERROR(INDEX(FinancingInput,B30,14)*N30,0) -> 0 | N30: =IF(AND(B30+ROW(CashFlow2)<ROW(CashFlow3N)-2),1,-1) -> -1 | P30: =OFFSET($D30,DataBase!S30,0) -> 0 | Q30: =OFFSET($E30,DataBase!S30,0) -> 0 | R30: =IF(AND($D30<>0,ISNA(MATCH($D30,_Exemptions,0))),1,0) -> 0 | S30: =IFERROR(ROW(OFFSET(DataBase!R30,S29,,150))+MATCH(1,OFFSET(DataBase!R30,S29,,150),0)-1-ROW(),1000) -> 1000 | U30: =OFFSET($H30,DataBase!X30,0) -> 0 | V30: =OFFSET($I30,DataBase!X30,0) -> 0 | W30: =IF(AND($H30<>0,ISNA(MATCH($H30,_Exemptions,0))),1,0) -> 0 | X30: =IFERROR(ROW(OFFSET(DataBase!W30,X29,,150))+MATCH(1,OFFSET(DataBase!W30,X29,,150),0)-1-ROW(),1000) -> 1000 | Z30: =OFFSET($L30,DataBase!AC30,0) -> 0 | AA30: =OFFSET($M30,DataBase!AC30,0) -> 0 | AB30: =IF(AND($L30<>0,ISNA(MATCH($L30,_Exemptions,0))),1,0) -> 0 | AC30: =IFERROR(ROW(OFFSET(DataBase!AB30,AC29,,150))+MATCH(1,OFFSET(DataBase!AB30,AC29,,150),0)-1-ROW(),1000) -> 1000
B31: 29 | D31: =IFERROR(INDEX(OperationsInput,B31,1),0) -> 0 | E31: =IFERROR(INDEX(OperationsInput,B31,14)*F31,0) -> 0 | F31: =IF(AND(B31>=ROW(CashFlow1P)-7,B31<ROW(CashFlow1N)-6),1,-1) -> -1 | H31: =IFERROR(INDEX(InvestmentsInput,B31,1),0) -> 0 | I31: =IFERROR(INDEX(InvestmentsInput,B31,14)*J31,0) -> 0 | J31: =IF(AND(B31+ROW(CashFlow1)<ROW(CashFlow2N)-2),1,-1) -> -1 | L31: =IFERROR(INDEX(FinancingInput,B31,1),0) -> 0 | M31: =IFERROR(INDEX(FinancingInput,B31,14)*N31,0) -> 0 | N31: =IF(AND(B31+ROW(CashFlow2)<ROW(CashFlow3N)-2),1,-1) -> -1 | P31: =OFFSET($D31,DataBase!S31,0) -> 0 | Q31: =OFFSET($E31,DataBase!S31,0) -> 0 | R31: =IF(AND($D31<>0,ISNA(MATCH($D31,_Exemptions,0))),1,0) -> 0 | S31: =IFERROR(ROW(OFFSET(DataBase!R31,S30,,150))+MATCH(1,OFFSET(DataBase!R31,S30,,150),0)-1-ROW(),1000) -> 1000 | U31: =OFFSET($H31,DataBase!X31,0) -> 0 | V31: =OFFSET($I31,DataBase!X31,0) -> 0 | W31: =IF(AND($H31<>0,ISNA(MATCH($H31,_Exemptions,0))),1,0) -> 0 | X31: =IFERROR(ROW(OFFSET(DataBase!W31,X30,,150))+MATCH(1,OFFSET(DataBase!W31,X30,,150),0)-1-ROW(),1000) -> 1000 | Z31: =OFFSET($L31,DataBase!AC31,0) -> 0 | AA31: =OFFSET($M31,DataBase!AC31,0) -> 0 | AB31: =IF(AND($L31<>0,ISNA(MATCH($L31,_Exemptions,0))),1,0) -> 0 | AC31: =IFERROR(ROW(OFFSET(DataBase!AB31,AC30,,150))+MATCH(1,OFFSET(DataBase!AB31,AC30,,150),0)-1-ROW(),1000) -> 1000
B32: 30 | D32: =IFERROR(INDEX(OperationsInput,B32,1),0) -> 0 | E32: =IFERROR(INDEX(OperationsInput,B32,14)*F32,0) -> 0 | F32: =IF(AND(B32>=ROW(CashFlow1P)-7,B32<ROW(CashFlow1N)-6),1,-1) -> -1 | H32: =IFERROR(INDEX(InvestmentsInput,B32,1),0) -> 0 | I32: =IFERROR(INDEX(InvestmentsInput,B32,14)*J32,0) -> 0 | J32: =IF(AND(B32+ROW(CashFlow1)<ROW(CashFlow2N)-2),1,-1) -> -1 | L32: =IFERROR(INDEX(FinancingInput,B32,1),0) -> 0 | M32: =IFERROR(INDEX(FinancingInput,B32,14)*N32,0) -> 0 | N32: =IF(AND(B32+ROW(CashFlow2)<ROW(CashFlow3N)-2),1,-1) -> -1 | P32: =OFFSET($D32,DataBase!S32,0) -> 0 | Q32: =OFFSET($E32,DataBase!S32,0) -> 0 | R32: =IF(AND($D32<>0,ISNA(MATCH($D32,_Exemptions,0))),1,0) -> 0 | S32: =IFERROR(ROW(OFFSET(DataBase!R32,S31,,150))+MATCH(1,OFFSET(DataBase!R32,S31,,150),0)-1-ROW(),1000) -> 1000 | U32: =OFFSET($H32,DataBase!X32,0) -> 0 | V32: =OFFSET($I32,DataBase!X32,0) -> 0 | W32: =IF(AND($H32<>0,ISNA(MATCH($H32,_Exemptions,0))),1,0) -> 0 | X32: =IFERROR(ROW(OFFSET(DataBase!W32,X31,,150))+MATCH(1,OFFSET(DataBase!W32,X31,,150),0)-1-ROW(),1000) -> 1000 | Z32: =OFFSET($L32,DataBase!AC32,0) -> 0 | AA32: =OFFSET($M32,DataBase!AC32,0) -> 0 | AB32: =IF(AND($L32<>0,ISNA(MATCH($L32,_Exemptions,0))),1,0) -> 0 | AC32: =IFERROR(ROW(OFFSET(DataBase!AB32,AC31,,150))+MATCH(1,OFFSET(DataBase!AB32,AC31,,150),0)-1-ROW(),1000) -> 1000
... B152: 150 | D152: =IFERROR(INDEX(OperationsInput,B152,1),0) -> 0 | E152: =IFERROR(INDEX(OperationsInput,B152,14)*F152,0) -> 0 | F152: =IF(AND(B152>=ROW(CashFlow1P)-7,B152<ROW(CashFlow1N)-6),1,-1) -> -1 | H152: =IFERROR(INDEX(InvestmentsInput,B152,1),0) -> 0 | I152: =IFERROR(INDEX(InvestmentsInput,B152,14)*J152,0) -> 0 | J152: =IF(AND(B152+ROW(CashFlow1)<ROW(CashFlow2N)-2),1,-1) -> -1 | L152: =IFERROR(INDEX(FinancingInput,B152,1),0) -> 0 | M152: =IFERROR(INDEX(FinancingInput,B152,14)*N152,0) -> 0 | N152: =IF(AND(B152+ROW(CashFlow2)<ROW(CashFlow3N)-2),1,-1) -> -1 | P152: =OFFSET($D152,DataBase!S152,0) -> 0 | Q152: =OFFSET($E152,DataBase!S152,0) -> 0 | R152: =IF(AND($D152<>0,ISNA(MATCH($D152,_Exemptions,0))),1,0) -> 0 | S152: =IFERROR(ROW(OFFSET(DataBase!R152,S151,,150))+MATCH(1,OFFSET(DataBase!R152,S151,,150),0)-1-ROW(),1000) -> 1000 | U152: =OFFSET($H152,DataBase!X152,0) -> 0 | V152: =OFFSET($I152,DataBase!X152,0) -> 0 | W152: =IF(AND($H152<>0,ISNA(MATCH($H152,_Exemptions,0))),1,0) -> 0 | X152: =IFERROR(ROW(OFFSET(DataBase!W152,X151,,150))+MATCH(1,OFFSET(DataBase!W152,X151,,150),0)-1-ROW(),1000) -> 1000 | Z152: =OFFSET($L152,DataBase!AC152,0) -> 0 | AA152: =OFFSET($M152,DataBase!AC152,0) -> 0 | AB152: =IF(AND($L152<>0,ISNA(MATCH($L152,_Exemptions,0))),1,0) -> 0 | AC152: =IFERROR(ROW(OFFSET(DataBase!AB152,AC151,,150))+MATCH(1,OFFSET(DataBase!AB152,AC151,,150),0)-1-ROW(),1000) -> 1000

Sheet PrnDB
B1: Warning! Formulas are changing after 150 and 300 rows! | L1: CF | M1: CF | N1: CF | O1: <-CF columns are used for conditional formatting
B2: Item | C2: CF | D2: Sign | G2: Item | H2: CF | I2: Sign | J2: Offset | K2: Lvl | L2: Tot | M2: Shft | N2: Prn | O2: Printable Name | Q2: Item | R2: Level | S2: Totals | T2: Shift | U2: Sign | W2: Number of printable rows | X2: =COUNTIFS(PrnDB!$N$3:$N$453,TRUE)+4 -> 54
B3: =IF(AND(ROW()-2>=ROW(CashFlow1H)-6,ROW()-2<=ROW(CashFlow1)-6),INDEX(Input,ROW(CashFlow1H)+ROW()-7,2),0) -> Operating Proceeds | C3: =IF(D3=0,0,IF(AND(ROW()-2>=ROW(CashFlow1H)-6,ROW()-2<=ROW(CashFlow1)-6),INDEX(Input,ROW(CashFlow1H)+ROW()-7,15),0)*D3) -> 0 | D3: =IF(AND(ROW()-2>=ROW(CashFlow1P)-7,ROW()-2<ROW(CashFlow1N)-6),1,-1)*IFERROR(INDEX($U$3:$U$23,MATCH(B3,$Q$3:$Q$23,0),1),1) -> 0 | G3: =OFFSET(B3,PrnDB!$J3,0) -> Operating Proceeds | H3: =OFFSET(C3,PrnDB!$J3,0) -> 0 | I3: =OFFSET(D3,PrnDB!$J3,0) -> 0 | J3: =IF(ROW(J1)<=$Q$26,0,IF(ROW(J1)<=($Q$26+$Q$27),150-$Q$26,300-$Q$26-$Q$27)) -> 0 | K3: =IF(PrnDB!$G3=0,0,IFERROR(INDEX($R$3:$R$23,MATCH(G3,$Q$3:$Q$23,0),1),3)) -> 2 | L3: =IFERROR(INDEX($S$3:$S$23,MATCH(G3,$Q$3:$Q$23,0),1),0) -> 0 | M3: =IFERROR(INDEX($T$3:$T$23,MATCH(G3,$Q$3:$Q$23,0),1),0) -> 0 | N3: =ROW(N1)<=$Q$28 -> TRUE | O3: =IF(PrnDB!$K3=0,"",IF(PrnDB!$K3>1," ","")&IF(PrnDB!$K3=3," ","")&PrnDB!$G3) -> Operating Proceeds | Q3: OPERATIONS | R3: 1
B4: =IF(AND(ROW()-2>=ROW(CashFlow1H)-6,ROW()-2<=ROW(CashFlow1)-6),INDEX(Input,ROW(CashFlow1H)+ROW()-7,2),0) -> Net Sales Revenue | C4: =IF(D4=0,0,IF(AND(ROW()-2>=ROW(CashFlow1H)-6,ROW()-2<=ROW(CashFlow1)-6),INDEX(Input,ROW(CashFlow1H)+ROW()-7,15),0)*D4) -> 24300 | D4: =IF(AND(ROW()-2>=ROW(CashFlow1P)-7,ROW()-2<ROW(CashFlow1N)-6),1,-1)*IFERROR(INDEX($U$3:$U$23,MATCH(B4,$Q$3:$Q$23,0),1),1) -> 1 | G4: =OFFSET(B4,PrnDB!$J4,0) -> Net Sales Revenue | H4: =OFFSET(C4,PrnDB!$J4,0) -> 24300 | I4: =OFFSET(D4,PrnDB!$J4,0) -> 1 | J4: =IF(ROW(J2)<=$Q$26,0,IF(ROW(J2)<=($Q$26+$Q$27),150-$Q$26,300-$Q$26-$Q$27)) -> 0 | K4: =IF(PrnDB!$G4=0,0,IFERROR(INDEX($R$3:$R$23,MATCH(G4,$Q$3:$Q$23,0),1),3)) -> 3 | L4: =IFERROR(INDEX($S$3:$S$23,MATCH(G4,$Q$3:$Q$23,0),1),0) -> 0 | M4: =IFERROR(INDEX($T$3:$T$23,MATCH(G4,$Q$3:$Q$23,0),1),0) -> 0 | N4: =ROW(N2)<=$Q$28 -> TRUE | O4: =IF(PrnDB!$K4=0,"",IF(PrnDB!$K4>1," ","")&IF(PrnDB!$K4=3," ","")&PrnDB!$G4) -> Net Sales Revenue | Q4: Operating Proceeds | R4: 2
B5: =IF(AND(ROW()-2>=ROW(CashFlow1H)-6,ROW()-2<=ROW(CashFlow1)-6),INDEX(Input,ROW(CashFlow1H)+ROW()-7,2),0) -> Other Operating Proceeds | C5: =IF(D5=0,0,IF(AND(ROW()-2>=ROW(CashFlow1H)-6,ROW()-2<=ROW(CashFlow1)-6),INDEX(Input,ROW(CashFlow1H)+ROW()-7,15),0)*D5) -> 1810 | D5: =IF(AND(ROW()-2>=ROW(CashFlow1P)-7,ROW()-2<ROW(CashFlow1N)-6),1,-1)*IFERROR(INDEX($U$3:$U$23,MATCH(B5,$Q$3:$Q$23,0),1),1) -> 1 | G5: =OFFSET(B5,PrnDB!$J5,0) -> Other Operating Proceeds | H5: =OFFSET(C5,PrnDB!$J5,0) -> 1810 | I5: =OFFSET(D5,PrnDB!$J5,0) -> 1 | J5: =IF(ROW(J3)<=$Q$26,0,IF(ROW(J3)<=($Q$26+$Q$27),150-$Q$26,300-$Q$26-$Q$27)) -> 0 | K5: =IF(PrnDB!$G5=0,0,IFERROR(INDEX($R$3:$R$23,MATCH(G5,$Q$3:$Q$23,0),1),3)) -> 3 | L5: =IFERROR(INDEX($S$3:$S$23,MATCH(G5,$Q$3:$Q$23,0),1),0) -> 0 | M5: =IFERROR(INDEX($T$3:$T$23,MATCH(G5,$Q$3:$Q$23,0),1),0) -> 0 | N5: =ROW(N3)<=$Q$28 -> TRUE | O5: =IF(PrnDB!$K5=0,"",IF(PrnDB!$K5>1," ","")&IF(PrnDB!$K5=3," ","")&PrnDB!$G5) -> Other Operating Proceeds | Q5: Total Operating Proceeds: | R5: 2 | S5: 2 | T5: 1 | U5: 1
B6: =IF(AND(ROW()-2>=ROW(CashFlow1H)-6,ROW()-2<=ROW(CashFlow1)-6),INDEX(Input,ROW(CashFlow1H)+ROW()-7,2),0) -> Total Operating Proceeds: | C6: =IF(D6=0,0,IF(AND(ROW()-2>=ROW(CashFlow1H)-6,ROW()-2<=ROW(CashFlow1)-6),INDEX(Input,ROW(CashFlow1H)+ROW()-7,15),0)*D6) -> 26110 | D6: =IF(AND(ROW()-2>=ROW(CashFlow1P)-7,ROW()-2<ROW(CashFlow1N)-6),1,-1)*IFERROR(INDEX($U$3:$U$23,MATCH(B6,$Q$3:$Q$23,0),1),1) -> 1 | G6: =OFFSET(B6,PrnDB!$J6,0) -> Total Operating Proceeds: | H6: =OFFSET(C6,PrnDB!$J6,0) -> 26110 | I6: =OFFSET(D6,PrnDB!$J6,0) -> 1 | J6: =IF(ROW(J4)<=$Q$26,0,IF(ROW(J4)<=($Q$26+$Q$27),150-$Q$26,300-$Q$26-$Q$27)) -> 0 | K6: =IF(PrnDB!$G6=0,0,IFERROR(INDEX($R$3:$R$23,MATCH(G6,$Q$3:$Q$23,0),1),3)) -> 2 | L6: =IFERROR(INDEX($S$3:$S$23,MATCH(G6,$Q$3:$Q$23,0),1),0) -> 2 | M6: =IFERROR(INDEX($T$3:$T$23,MATCH(G6,$Q$3:$Q$23,0),1),0) -> 1 | N6: =ROW(N4)<=$Q$28 -> TRUE | O6: =IF(PrnDB!$K6=0,"",IF(PrnDB!$K6>1," ","")&IF(PrnDB!$K6=3," ","")&PrnDB!$G6) -> Total Operating Proceeds: | Q6: Operating Payments | R6: 2
B7: =IF(AND(ROW()-2>=ROW(CashFlow1H)-6,ROW()-2<=ROW(CashFlow1)-6),INDEX(Input,ROW(CashFlow1H)+ROW()-7,2),0) -> 0 | C7: =IF(D7=0,0,IF(AND(ROW()-2>=ROW(CashFlow1H)-6,ROW()-2<=ROW(CashFlow1)-6),INDEX(Input,ROW(CashFlow1H)+ROW()-7,15),0)*D7) -> 0 | D7: =IF(AND(ROW()-2>=ROW(CashFlow1P)-7,ROW()-2<ROW(CashFlow1N)-6),1,-1)*IFERROR(INDEX($U$3:$U$23,MATCH(B7,$Q$3:$Q$23,0),1),1) -> 1 | G7: =OFFSET(B7,PrnDB!$J7,0) -> 0 | H7: =OFFSET(C7,PrnDB!$J7,0) -> 0 | I7: =OFFSET(D7,PrnDB!$J7,0) -> 1 | J7: =IF(ROW(J5)<=$Q$26,0,IF(ROW(J5)<=($Q$26+$Q$27),150-$Q$26,300-$Q$26-$Q$27)) -> 0 | K7: =IF(PrnDB!$G7=0,0,IFERROR(INDEX($R$3:$R$23,MATCH(G7,$Q$3:$Q$23,0),1),3)) -> 0 | L7: =IFERROR(INDEX($S$3:$S$23,MATCH(G7,$Q$3:$Q$23,0),1),0) -> 0 | M7: =IFERROR(INDEX($T$3:$T$23,MATCH(G7,$Q$3:$Q$23,0),1),0) -> 0 | N7: =ROW(N5)<=$Q$28 -> TRUE | O7: =IF(PrnDB!$K7=0,"",IF(PrnDB!$K7>1," ","")&IF(PrnDB!$K7=3," ","")&PrnDB!$G7) | Q7: Total Operating Payments: | R7: 2 | S7: 2 | U7: 1
B8: =IF(AND(ROW()-2>=ROW(CashFlow1H)-6,ROW()-2<=ROW(CashFlow1)-6),INDEX(Input,ROW(CashFlow1H)+ROW()-7,2),0) -> Operating Payments | C8: =IF(D8=0,0,IF(AND(ROW()-2>=ROW(CashFlow1H)-6,ROW()-2<=ROW(CashFlow1)-6),INDEX(Input,ROW(CashFlow1H)+ROW()-7,15),0)*D8) -> 0 | D8: =IF(AND(ROW()-2>=ROW(CashFlow1P)-7,ROW()-2<ROW(CashFlow1N)-6),1,-1)*IFERROR(INDEX($U$3:$U$23,MATCH(B8,$Q$3:$Q$23,0),1),1) -> 0 | G8: =OFFSET(B8,PrnDB!$J8,0) -> Operating Payments | H8: =OFFSET(C8,PrnDB!$J8,0) -> 0 | I8: =OFFSET(D8,PrnDB!$J8,0) -> 0 | J8: =IF(ROW(J6)<=$Q$26,0,IF(ROW(J6)<=($Q$26+$Q$27),150-$Q$26,300-$Q$26-$Q$27)) -> 0 | K8: =IF(PrnDB!$G8=0,0,IFERROR(INDEX($R$3:$R$23,MATCH(G8,$Q$3:$Q$23,0),1),3)) -> 2 | L8: =IFERROR(INDEX($S$3:$S$23,MATCH(G8,$Q$3:$Q$23,0),1),0) -> 0 | M8: =IFERROR(INDEX($T$3:$T$23,MATCH(G8,$Q$3:$Q$23,0),1),0) -> 0 | N8: =ROW(N6)<=$Q$28 -> TRUE | O8: =IF(PrnDB!$K8=0,"",IF(PrnDB!$K8>1," ","")&IF(PrnDB!$K8=3," ","")&PrnDB!$G8) -> Operating Payments | Q8: Net Cash From Operations: | R8: 1 | S8: 1 | T8: 1 | U8: -1
B9: =IF(AND(ROW()-2>=ROW(CashFlow1H)-6,ROW()-2<=ROW(CashFlow1)-6),INDEX(Input,ROW(CashFlow1H)+ROW()-7,2),0) -> Payments to Suppliers | C9: =IF(D9=0,0,IF(AND(ROW()-2>=ROW(CashFlow1H)-6,ROW()-2<=ROW(CashFlow1)-6),INDEX(Input,ROW(CashFlow1H)+ROW()-7,15),0)*D9) -> -14950 | D9: =IF(AND(ROW()-2>=ROW(CashFlow1P)-7,ROW()-2<ROW(CashFlow1N)-6),1,-1)*IFERROR(INDEX($U$3:$U$23,MATCH(B9,$Q$3:$Q$23,0),1),1) -> -1 | G9: =OFFSET(B9,PrnDB!$J9,0) -> Payments to Suppliers | H9: =OFFSET(C9,PrnDB!$J9,0) -> -14950 | I9: =OFFSET(D9,PrnDB!$J9,0) -> -1 | J9: =IF(ROW(J7)<=$Q$26,0,IF(ROW(J7)<=($Q$26+$Q$27),150-$Q$26,300-$Q$26-$Q$27)) -> 0 | K9: =IF(PrnDB!$G9=0,0,IFERROR(INDEX($R$3:$R$23,MATCH(G9,$Q$3:$Q$23,0),1),3)) -> 3 | L9: =IFERROR(INDEX($S$3:$S$23,MATCH(G9,$Q$3:$Q$23,0),1),0) -> 0 | M9: =IFERROR(INDEX($T$3:$T$23,MATCH(G9,$Q$3:$Q$23,0),1),0) -> 0 | N9: =ROW(N7)<=$Q$28 -> TRUE | O9: =IF(PrnDB!$K9=0,"",IF(PrnDB!$K9>1," ","")&IF(PrnDB!$K9=3," ","")&PrnDB!$G9) -> Payments to Suppliers | Q9: INVESTMENTS | R9: 1
B10: =IF(AND(ROW()-2>=ROW(CashFlow1H)-6,ROW()-2<=ROW(CashFlow1)-6),INDEX(Input,ROW(CashFlow1H)+ROW()-7,2),0) -> Wages and Salaries | C10: =IF(D10=0,0,IF(AND(ROW()-2>=ROW(CashFlow1H)-6,ROW()-2<=ROW(CashFlow1)-6),INDEX(Input,ROW(CashFlow1H)+ROW()-7,15),0)*D10) -> -1485 | D10: =IF(AND(ROW()-2>=ROW(CashFlow1P)-7,ROW()-2<ROW(CashFlow1N)-6),1,-1)*IFERROR(INDEX($U$3:$U$23,MATCH(B10,$Q$3:$Q$23,0),1),1) -> -1 | G10: =OFFSET(B10,PrnDB!$J10,0) -> Wages and Salaries | H10: =OFFSET(C10,PrnDB!$J10,0) -> -1485 | I10: =OFFSET(D10,PrnDB!$J10,0) -> -1 | J10: =IF(ROW(J8)<=$Q$26,0,IF(ROW(J8)<=($Q$26+$Q$27),150-$Q$26,300-$Q$26-$Q$27)) -> 0 | K10: =IF(PrnDB!$G10=0,0,IFERROR(INDEX($R$3:$R$23,MATCH(G10,$Q$3:$Q$23,0),1),3)) -> 3 | L10: =IFERROR(INDEX($S$3:$S$23,MATCH(G10,$Q$3:$Q$23,0),1),0) -> 0 | M10: =IFERROR(INDEX($T$3:$T$23,MATCH(G10,$Q$3:$Q$23,0),1),0) -> 0 | N10: =ROW(N8)<=$Q$28 -> TRUE | O10: =IF(PrnDB!$K10=0,"",IF(PrnDB!$K10>1," ","")&IF(PrnDB!$K10=3," ","")&PrnDB!$G10) -> Wages and Salaries | Q10: Proceeds From Investing Activities | R10: 2
B11: =IF(AND(ROW()-2>=ROW(CashFlow1H)-6,ROW()-2<=ROW(CashFlow1)-6),INDEX(Input,ROW(CashFlow1H)+ROW()-7,2),0) -> Marketing Expenses | C11: =IF(D11=0,0,IF(AND(ROW()-2>=ROW(CashFlow1H)-6,ROW()-2<=ROW(CashFlow1)-6),INDEX(Input,ROW(CashFlow1H)+ROW()-7,15),0)*D11) -> -2215 | D11: =IF(AND(ROW()-2>=ROW(CashFlow1P)-7,ROW()-2<ROW(CashFlow1N)-6),1,-1)*IFERROR(INDEX($U$3:$U$23,MATCH(B11,$Q$3:$Q$23,0),1),1) -> -1 | G11: =OFFSET(B11,PrnDB!$J11,0) -> Marketing Expenses | H11: =OFFSET(C11,PrnDB!$J11,0) -> -2215 | I11: =OFFSET(D11,PrnDB!$J11,0) -> -1 | J11: =IF(ROW(J9)<=$Q$26,0,IF(ROW(J9)<=($Q$26+$Q$27),150-$Q$26,300-$Q$26-$Q$27)) -> 0 | K11: =IF(PrnDB!$G11=0,0,IFERROR(INDEX($R$3:$R$23,MATCH(G11,$Q$3:$Q$23,0),1),3)) -> 3 | L11: =IFERROR(INDEX($S$3:$S$23,MATCH(G11,$Q$3:$Q$23,0),1),0) -> 0 | M11: =IFERROR(INDEX($T$3:$T$23,MATCH(G11,$Q$3:$Q$23,0),1),0) -> 0 | N11: =ROW(N9)<=$Q$28 -> TRUE | O11: =IF(PrnDB!$K11=0,"",IF(PrnDB!$K11>1," ","")&IF(PrnDB!$K11=3," ","")&PrnDB!$G11) -> Marketing Expenses | Q11: Total Investment Proceeds: | R11: 2 | S11: 2 | T11: 1 | U11: 1
B12: =IF(AND(ROW()-2>=ROW(CashFlow1H)-6,ROW()-2<=ROW(CashFlow1)-6),INDEX(Input,ROW(CashFlow1H)+ROW()-7,2),0) -> General and Administrative Expenses | C12: =IF(D12=0,0,IF(AND(ROW()-2>=ROW(CashFlow1H)-6,ROW()-2<=ROW(CashFlow1)-6),INDEX(Input,ROW(CashFlow1H)+ROW()-7,15),0)*D12) -> -3365 | D12: =IF(AND(ROW()-2>=ROW(CashFlow1P)-7,ROW()-2<ROW(CashFlow1N)-6),1,-1)*IFERROR(INDEX($U$3:$U$23,MATCH(B12,$Q$3:$Q$23,0),1),1) -> -1 | G12: =OFFSET(B12,PrnDB!$J12,0) -> General and Administrative Expenses | H12: =OFFSET(C12,PrnDB!$J12,0) -> -3365 | I12: =OFFSET(D12,PrnDB!$J12,0) -> -1 | J12: =IF(ROW(J10)<=$Q$26,0,IF(ROW(J10)<=($Q$26+$Q$27),150-$Q$26,300-$Q$26-$Q$27)) -> 0 | K12: =IF(PrnDB!$G12=0,0,IFERROR(INDEX($R$3:$R$23,MATCH(G12,$Q$3:$Q$23,0),1),3)) -> 3 | L12: =IFERROR(INDEX($S$3:$S$23,MATCH(G12,$Q$3:$Q$23,0),1),0) -> 0 | M12: =IFERROR(INDEX($T$3:$T$23,MATCH(G12,$Q$3:$Q$23,0),1),0) -> 0 | N12: =ROW(N10)<=$Q$28 -> TRUE | O12: =IF(PrnDB!$K12=0,"",IF(PrnDB!$K12>1," ","")&IF(PrnDB!$K12=3," ","")&PrnDB!$G12) -> General and Administrative Expenses | Q12: Payments For Investing Activities | R12: 2
B13: =IF(AND(ROW()-2>=ROW(CashFlow1H)-6,ROW()-2<=ROW(CashFlow1)-6),INDEX(Input,ROW(CashFlow1H)+ROW()-7,2),0) -> Income Taxes | C13: =IF(D13=0,0,IF(AND(ROW()-2>=ROW(CashFlow1H)-6,ROW()-2<=ROW(CashFlow1)-6),INDEX(Input,ROW(CashFlow1H)+ROW()-7,15),0)*D13) -> -750 | D13: =IF(AND(ROW()-2>=ROW(CashFlow1P)-7,ROW()-2<ROW(CashFlow1N)-6),1,-1)*IFERROR(INDEX($U$3:$U$23,MATCH(B13,$Q$3:$Q$23,0),1),1) -> -1 | G13: =OFFSET(B13,PrnDB!$J13,0) -> Income Taxes | H13: =OFFSET(C13,PrnDB!$J13,0) -> -750 | I13: =OFFSET(D13,PrnDB!$J13,0) -> -1 | J13: =IF(ROW(J11)<=$Q$26,0,IF(ROW(J11)<=($Q$26+$Q$27),150-$Q$26,300-$Q$26-$Q$27)) -> 0 | K13: =IF(PrnDB!$G13=0,0,IFERROR(INDEX($R$3:$R$23,MATCH(G13,$Q$3:$Q$23,0),1),3)) -> 3 | L13: =IFERROR(INDEX($S$3:$S$23,MATCH(G13,$Q$3:$Q$23,0),1),0) -> 0 | M13: =IFERROR(INDEX($T$3:$T$23,MATCH(G13,$Q$3:$Q$23,0),1),0) -> 0 | N13: =ROW(N11)<=$Q$28 -> TRUE | O13: =IF(PrnDB!$K13=0,"",IF(PrnDB!$K13>1," ","")&IF(PrnDB!$K13=3," ","")&PrnDB!$G13) -> Income Taxes | Q13: Total Investment Payments: | R13: 2 | S13: 2 | U13: 1
B14: =IF(AND(ROW()-2>=ROW(CashFlow1H)-6,ROW()-2<=ROW(CashFlow1)-6),INDEX(Input,ROW(CashFlow1H)+ROW()-7,2),0) -> Total Operating Payments: | C14: =IF(D14=0,0,IF(AND(ROW()-2>=ROW(CashFlow1H)-6,ROW()-2<=ROW(CashFlow1)-6),INDEX(Input,ROW(CashFlow1H)+ROW()-7,15),0)*D14) -> -22765 | D14: =IF(AND(ROW()-2>=ROW(CashFlow1P)-7,ROW()-2<ROW(CashFlow1N)-6),1,-1)*IFERROR(INDEX($U$3:$U$23,MATCH(B14,$Q$3:$Q$23,0),1),1) -> -1 | G14: =OFFSET(B14,PrnDB!$J14,0) -> Total Operating Payments: | H14: =OFFSET(C14,PrnDB!$J14,0) -> -22765 | I14: =OFFSET(D14,PrnDB!$J14,0) -> -1 | J14: =IF(ROW(J12)<=$Q$26,0,IF(ROW(J12)<=($Q$26+$Q$27),150-$Q$26,300-$Q$26-$Q$27)) -> 0 | K14: =IF(PrnDB!$G14=0,0,IFERROR(INDEX($R$3:$R$23,MATCH(G14,$Q$3:$Q$23,0),1),3)) -> 2 | L14: =IFERROR(INDEX($S$3:$S$23,MATCH(G14,$Q$3:$Q$23,0),1),0) -> 2 | M14: =IFERROR(INDEX($T$3:$T$23,MATCH(G14,$Q$3:$Q$23,0),1),0) -> 0 | N14: =ROW(N12)<=$Q$28 -> TRUE | O14: =IF(PrnDB!$K14=0,"",IF(PrnDB!$K14>1," ","")&IF(PrnDB!$K14=3," ","")&PrnDB!$G14) -> Total Operating Payments: | Q14: Net Cash from Investing Activities: | R14: 1 | S14: 1 | T14: 1 | U14: -1
B15: =IF(AND(ROW()-2>=ROW(CashFlow1H)-6,ROW()-2<=ROW(CashFlow1)-6),INDEX(Input,ROW(CashFlow1H)+ROW()-7,2),0) -> Net Cash From Operations: | C15: =IF(D15=0,0,IF(AND(ROW()-2>=ROW(CashFlow1H)-6,ROW()-2<=ROW(CashFlow1)-6),INDEX(Input,ROW(CashFlow1H)+ROW()-7,15),0)*D15) -> 3345 | D15: =IF(AND(ROW()-2>=ROW(CashFlow1P)-7,ROW()-2<ROW(CashFlow1N)-6),1,-1)*IFERROR(INDEX($U$3:$U$23,MATCH(B15,$Q$3:$Q$23,0),1),1) -> 1 | G15: =OFFSET(B15,PrnDB!$J15,0) -> Net Cash From Operations: | H15: =OFFSET(C15,PrnDB!$J15,0) -> 3345 | I15: =OFFSET(D15,PrnDB!$J15,0) -> 1 | J15: =IF(ROW(J13)<=$Q$26,0,IF(ROW(J13)<=($Q$26+$Q$27),150-$Q$26,300-$Q$26-$Q$27)) -> 0 | K15: =IF(PrnDB!$G15=0,0,IFERROR(INDEX($R$3:$R$23,MATCH(G15,$Q$3:$Q$23,0),1),3)) -> 1 | L15: =IFERROR(INDEX($S$3:$S$23,MATCH(G15,$Q$3:$Q$23,0),1),0) -> 1 | M15: =IFERROR(INDEX($T$3:$T$23,MATCH(G15,$Q$3:$Q$23,0),1),0) -> 1 | N15: =ROW(N13)<=$Q$28 -> TRUE | O15: =IF(PrnDB!$K15=0,"",IF(PrnDB!$K15>1," ","")&IF(PrnDB!$K15=3," ","")&PrnDB!$G15) -> Net Cash From Operations: | Q15: FINANCING | R15: 1
B16: =IF(AND(ROW()-2>=ROW(CashFlow1H)-6,ROW()-2<=ROW(CashFlow1)-6),INDEX(Input,ROW(CashFlow1H)+ROW()-7,2),0) -> 0 | C16: =IF(D16=0,0,IF(AND(ROW()-2>=ROW(CashFlow1H)-6,ROW()-2<=ROW(CashFlow1)-6),INDEX(Input,ROW(CashFlow1H)+ROW()-7,15),0)*D16) -> 0 | D16: =IF(AND(ROW()-2>=ROW(CashFlow1P)-7,ROW()-2<ROW(CashFlow1N)-6),1,-1)*IFERROR(INDEX($U$3:$U$23,MATCH(B16,$Q$3:$Q$23,0),1),1) -> -1 | G16: =OFFSET(B16,PrnDB!$J16,0) -> 0 | H16: =OFFSET(C16,PrnDB!$J16,0) -> 0 | I16: =OFFSET(D16,PrnDB!$J16,0) -> -1 | J16: =IF(ROW(J14)<=$Q$26,0,IF(ROW(J14)<=($Q$26+$Q$27),150-$Q$26,300-$Q$26-$Q$27)) -> 0 | K16: =IF(PrnDB!$G16=0,0,IFERROR(INDEX($R$3:$R$23,MATCH(G16,$Q$3:$Q$23,0),1),3)) -> 0 | L16: =IFERROR(INDEX($S$3:$S$23,MATCH(G16,$Q$3:$Q$23,0),1),0) -> 0 | M16: =IFERROR(INDEX($T$3:$T$23,MATCH(G16,$Q$3:$Q$23,0),1),0) -> 0 | N16: =ROW(N14)<=$Q$28 -> TRUE | O16: =IF(PrnDB!$K16=0,"",IF(PrnDB!$K16>1," ","")&IF(PrnDB!$K16=3," ","")&PrnDB!$G16) | Q16: Proceeds From Financing Activities | R16: 2
B17: =IF(AND(ROW()-2>=ROW(CashFlow1H)-6,ROW()-2<=ROW(CashFlow1)-6),INDEX(Input,ROW(CashFlow1H)+ROW()-7,2),0) -> 0 | C17: =IF(D17=0,0,IF(AND(ROW()-2>=ROW(CashFlow1H)-6,ROW()-2<=ROW(CashFlow1)-6),INDEX(Input,ROW(CashFlow1H)+ROW()-7,15),0)*D17) -> 0 | D17: =IF(AND(ROW()-2>=ROW(CashFlow1P)-7,ROW()-2<ROW(CashFlow1N)-6),1,-1)*IFERROR(INDEX($U$3:$U$23,MATCH(B17,$Q$3:$Q$23,0),1),1) -> -1 | G17: =OFFSET(B17,PrnDB!$J17,0) -> Proceeds From Investing Activities | H17: =OFFSET(C17,PrnDB!$J17,0) -> 0 | I17: =OFFSET(D17,PrnDB!$J17,0) -> 0 | J17: =IF(ROW(J15)<=$Q$26,0,IF(ROW(J15)<=($Q$26+$Q$27),150-$Q$26,300-$Q$26-$Q$27)) -> 136 | K17: =IF(PrnDB!$G17=0,0,IFERROR(INDEX($R$3:$R$23,MATCH(G17,$Q$3:$Q$23,0),1),3)) -> 2 | L17: =IFERROR(INDEX($S$3:$S$23,MATCH(G17,$Q$3:$Q$23,0),1),0) -> 0 | M17: =IFERROR(INDEX($T$3:$T$23,MATCH(G17,$Q$3:$Q$23,0),1),0) -> 0 | N17: =ROW(N15)<=$Q$28 -> TRUE | O17: =IF(PrnDB!$K17=0,"",IF(PrnDB!$K17>1," ","")&IF(PrnDB!$K17=3," ","")&PrnDB!$G17) -> Proceeds From Investing Activities | Q17: Total Financing Proceeds: | R17: 2 | S17: 2 | T17: 1 | U17: 1
B18: =IF(AND(ROW()-2>=ROW(CashFlow1H)-6,ROW()-2<=ROW(CashFlow1)-6),INDEX(Input,ROW(CashFlow1H)+ROW()-7,2),0) -> 0 | C18: =IF(D18=0,0,IF(AND(ROW()-2>=ROW(CashFlow1H)-6,ROW()-2<=ROW(CashFlow1)-6),INDEX(Input,ROW(CashFlow1H)+ROW()-7,15),0)*D18) -> 0 | D18: =IF(AND(ROW()-2>=ROW(CashFlow1P)-7,ROW()-2<ROW(CashFlow1N)-6),1,-1)*IFERROR(INDEX($U$3:$U$23,MATCH(B18,$Q$3:$Q$23,0),1),1) -> -1 | G18: =OFFSET(B18,PrnDB!$J18,0) -> Sale of Property, Plant and Equipment | H18: =OFFSET(C18,PrnDB!$J18,0) -> 1800 | I18: =OFFSET(D18,PrnDB!$J18,0) -> 1 | J18: =IF(ROW(J16)<=$Q$26,0,IF(ROW(J16)<=($Q$26+$Q$27),150-$Q$26,300-$Q$26-$Q$27)) -> 136 | K18: =IF(PrnDB!$G18=0,0,IFERROR(INDEX($R$3:$R$23,MATCH(G18,$Q$3:$Q$23,0),1),3)) -> 3 | L18: =IFERROR(INDEX($S$3:$S$23,MATCH(G18,$Q$3:$Q$23,0),1),0) -> 0 | M18: =IFERROR(INDEX($T$3:$T$23,MATCH(G18,$Q$3:$Q$23,0),1),0) -> 0 | N18: =ROW(N16)<=$Q$28 -> TRUE | O18: =IF(PrnDB!$K18=0,"",IF(PrnDB!$K18>1," ","")&IF(PrnDB!$K18=3," ","")&PrnDB!$G18) -> Sale of Property, Plant and Equipment | Q18: Payments For Financing Activities | R18: 2
B19: =IF(AND(ROW()-2>=ROW(CashFlow1H)-6,ROW()-2<=ROW(CashFlow1)-6),INDEX(Input,ROW(CashFlow1H)+ROW()-7,2),0) -> 0 | C19: =IF(D19=0,0,IF(AND(ROW()-2>=ROW(CashFlow1H)-6,ROW()-2<=ROW(CashFlow1)-6),INDEX(Input,ROW(CashFlow1H)+ROW()-7,15),0)*D19) -> 0 | D19: =IF(AND(ROW()-2>=ROW(CashFlow1P)-7,ROW()-2<ROW(CashFlow1N)-6),1,-1)*IFERROR(INDEX($U$3:$U$23,MATCH(B19,$Q$3:$Q$23,0),1),1) -> -1 | G19: =OFFSET(B19,PrnDB!$J19,0) -> Loan Collection | H19: =OFFSET(C19,PrnDB!$J19,0) -> 150 | I19: =OFFSET(D19,PrnDB!$J19,0) -> 1 | J19: =IF(ROW(J17)<=$Q$26,0,IF(ROW(J17)<=($Q$26+$Q$27),150-$Q$26,300-$Q$26-$Q$27)) -> 136 | K19: =IF(PrnDB!$G19=0,0,IFERROR(INDEX($R$3:$R$23,MATCH(G19,$Q$3:$Q$23,0),1),3)) -> 3 | L19: =IFERROR(INDEX($S$3:$S$23,MATCH(G19,$Q$3:$Q$23,0),1),0) -> 0 | M19: =IFERROR(INDEX($T$3:$T$23,MATCH(G19,$Q$3:$Q$23,0),1),0) -> 0 | N19: =ROW(N17)<=$Q$28 -> TRUE | O19: =IF(PrnDB!$K19=0,"",IF(PrnDB!$K19>1," ","")&IF(PrnDB!$K19=3," ","")&PrnDB!$G19) -> Loan Collection | Q19: Total Financing Payments: | R19: 2 | S19: 2 | U19: 1
B20: =IF(AND(ROW()-2>=ROW(CashFlow1H)-6,ROW()-2<=ROW(CashFlow1)-6),INDEX(Input,ROW(CashFlow1H)+ROW()-7,2),0) -> 0 | C20: =IF(D20=0,0,IF(AND(ROW()-2>=ROW(CashFlow1H)-6,ROW()-2<=ROW(CashFlow1)-6),INDEX(Input,ROW(CashFlow1H)+ROW()-7,15),0)*D20) -> 0 | D20: =IF(AND(ROW()-2>=ROW(CashFlow1P)-7,ROW()-2<ROW(CashFlow1N)-6),1,-1)*IFERROR(INDEX($U$3:$U$23,MATCH(B20,$Q$3:$Q$23,0),1),1) -> -1 | G20: =OFFSET(B20,PrnDB!$J20,0) -> Sale and Maturity of Securities | H20: =OFFSET(C20,PrnDB!$J20,0) -> 2000 | I20: =OFFSET(D20,PrnDB!$J20,0) -> 1 | J20: =IF(ROW(J18)<=$Q$26,0,IF(ROW(J18)<=($Q$26+$Q$27),150-$Q$26,300-$Q$26-$Q$27)) -> 136 | K20: =IF(PrnDB!$G20=0,0,IFERROR(INDEX($R$3:$R$23,MATCH(G20,$Q$3:$Q$23,0),1),3)) -> 3 | L20: =IFERROR(INDEX($S$3:$S$23,MATCH(G20,$Q$3:$Q$23,0),1),0) -> 0 | M20: =IFERROR(INDEX($T$3:$T$23,MATCH(G20,$Q$3:$Q$23,0),1),0) -> 0 | N20: =ROW(N18)<=$Q$28 -> TRUE | O20: =IF(PrnDB!$K20=0,"",IF(PrnDB!$K20>1," ","")&IF(PrnDB!$K20=3," ","")&PrnDB!$G20) -> Sale and Maturity of Securities | Q20: Net Cash from Financing Activities: | R20: 1 | S20: 1 | U20: -1
B21: =IF(AND(ROW()-2>=ROW(CashFlow1H)-6,ROW()-2<=ROW(CashFlow1)-6),INDEX(Input,ROW(CashFlow1H)+ROW()-7,2),0) -> 0 | C21: =IF(D21=0,0,IF(AND(ROW()-2>=ROW(CashFlow1H)-6,ROW()-2<=ROW(CashFlow1)-6),INDEX(Input,ROW(CashFlow1H)+ROW()-7,15),0)*D21) -> 0 | D21: =IF(AND(ROW()-2>=ROW(CashFlow1P)-7,ROW()-2<ROW(CashFlow1N)-6),1,-1)*IFERROR(INDEX($U$3:$U$23,MATCH(B21,$Q$3:$Q$23,0),1),1) -> -1 | G21: =OFFSET(B21,PrnDB!$J21,0) -> Dividends Received from Affiliates | H21: =OFFSET(C21,PrnDB!$J21,0) -> 125 | I21: =OFFSET(D21,PrnDB!$J21,0) -> 1 | J21: =IF(ROW(J19)<=$Q$26,0,IF(ROW(J19)<=($Q$26+$Q$27),150-$Q$26,300-$Q$26-$Q$27)) -> 136 | K21: =IF(PrnDB!$G21=0,0,IFERROR(INDEX($R$3:$R$23,MATCH(G21,$Q$3:$Q$23,0),1),3)) -> 3 | L21: =IFERROR(INDEX($S$3:$S$23,MATCH(G21,$Q$3:$Q$23,0),1),0) -> 0 | M21: =IFERROR(INDEX($T$3:$T$23,MATCH(G21,$Q$3:$Q$23,0),1),0) -> 0 | N21: =ROW(N19)<=$Q$28 -> TRUE | O21: =IF(PrnDB!$K21=0,"",IF(PrnDB!$K21>1," ","")&IF(PrnDB!$K21=3," ","")&PrnDB!$G21) -> Dividends Received from Affiliates | Q21: Net Cash Flow: | R21: 1 | S21: 1 | U21: -1
B22: =IF(AND(ROW()-2>=ROW(CashFlow1H)-6,ROW()-2<=ROW(CashFlow1)-6),INDEX(Input,ROW(CashFlow1H)+ROW()-7,2),0) -> 0 | C22: =IF(D22=0,0,IF(AND(ROW()-2>=ROW(CashFlow1H)-6,ROW()-2<=ROW(CashFlow1)-6),INDEX(Input,ROW(CashFlow1H)+ROW()-7,15),0)*D22) -> 0 | D22: =IF(AND(ROW()-2>=ROW(CashFlow1P)-7,ROW()-2<ROW(CashFlow1N)-6),1,-1)*IFERROR(INDEX($U$3:$U$23,MATCH(B22,$Q$3:$Q$23,0),1),1) -> -1 | G22: =OFFSET(B22,PrnDB!$J22,0) -> Other Investment Proceeds | H22: =OFFSET(C22,PrnDB!$J22,0) -> 0 | I22: =OFFSET(D22,PrnDB!$J22,0) -> 1 | J22: =IF(ROW(J20)<=$Q$26,0,IF(ROW(J20)<=($Q$26+$Q$27),150-$Q$26,300-$Q$26-$Q$27)) -> 136 | K22: =IF(PrnDB!$G22=0,0,IFERROR(INDEX($R$3:$R$23,MATCH(G22,$Q$3:$Q$23,0),1),3)) -> 3 | L22: =IFERROR(INDEX($S$3:$S$23,MATCH(G22,$Q$3:$Q$23,0),1),0) -> 0 | M22: =IFERROR(INDEX($T$3:$T$23,MATCH(G22,$Q$3:$Q$23,0),1),0) -> 0 | N22: =ROW(N20)<=$Q$28 -> TRUE | O22: =IF(PrnDB!$K22=0,"",IF(PrnDB!$K22>1," ","")&IF(PrnDB!$K22=3," ","")&PrnDB!$G22) -> Other Investment Proceeds | Q22: Cash Beginning Balance | R22: 2 | S22: 2 | U22: -1
B23: =IF(AND(ROW()-2>=ROW(CashFlow1H)-6,ROW()-2<=ROW(CashFlow1)-6),INDEX(Input,ROW(CashFlow1H)+ROW()-7,2),0) -> 0 | C23: =IF(D23=0,0,IF(AND(ROW()-2>=ROW(CashFlow1H)-6,ROW()-2<=ROW(CashFlow1)-6),INDEX(Input,ROW(CashFlow1H)+ROW()-7,15),0)*D23) -> 0 | D23: =IF(AND(ROW()-2>=ROW(CashFlow1P)-7,ROW()-2<ROW(CashFlow1N)-6),1,-1)*IFERROR(INDEX($U$3:$U$23,MATCH(B23,$Q$3:$Q$23,0),1),1) -> -1 | G23: =OFFSET(B23,PrnDB!$J23,0) -> Total Investment Proceeds: | H23: =OFFSET(C23,PrnDB!$J23,0) -> 4075 | I23: =OFFSET(D23,PrnDB!$J23,0) -> 1 | J23: =IF(ROW(J21)<=$Q$26,0,IF(ROW(J21)<=($Q$26+$Q$27),150-$Q$26,300-$Q$26-$Q$27)) -> 136 | K23: =IF(PrnDB!$G23=0,0,IFERROR(INDEX($R$3:$R$23,MATCH(G23,$Q$3:$Q$23,0),1),3)) -> 2 | L23: =IFERROR(INDEX($S$3:$S$23,MATCH(G23,$Q$3:$Q$23,0),1),0) -> 2 | M23: =IFERROR(INDEX($T$3:$T$23,MATCH(G23,$Q$3:$Q$23,0),1),0) -> 1 | N23: =ROW(N21)<=$Q$28 -> TRUE | O23: =IF(PrnDB!$K23=0,"",IF(PrnDB!$K23>1," ","")&IF(PrnDB!$K23=3," ","")&PrnDB!$G23) -> Total Investment Proceeds: | Q23: Cash End Balance | R23: 2 | S23: 2 | T23: 1 | U23: -1
B24: =IF(AND(ROW()-2>=ROW(CashFlow1H)-6,ROW()-2<=ROW(CashFlow1)-6),INDEX(Input,ROW(CashFlow1H)+ROW()-7,2),0) -> 0 | C24: =IF(D24=0,0,IF(AND(ROW()-2>=ROW(CashFlow1H)-6,ROW()-2<=ROW(CashFlow1)-6),INDEX(Input,ROW(CashFlow1H)+ROW()-7,15),0)*D24) -> 0 | D24: =IF(AND(ROW()-2>=ROW(CashFlow1P)-7,ROW()-2<ROW(CashFlow1N)-6),1,-1)*IFERROR(INDEX($U$3:$U$23,MATCH(B24,$Q$3:$Q$23,0),1),1) -> -1 | G24: =OFFSET(B24,PrnDB!$J24,0) -> 0 | H24: =OFFSET(C24,PrnDB!$J24,0) -> 0 | I24: =OFFSET(D24,PrnDB!$J24,0) -> 1 | J24: =IF(ROW(J22)<=$Q$26,0,IF(ROW(J22)<=($Q$26+$Q$27),150-$Q$26,300-$Q$26-$Q$27)) -> 136 | K24: =IF(PrnDB!$G24=0,0,IFERROR(INDEX($R$3:$R$23,MATCH(G24,$Q$3:$Q$23,0),1),3)) -> 0 | L24: =IFERROR(INDEX($S$3:$S$23,MATCH(G24,$Q$3:$Q$23,0),1),0) -> 0 | M24: =IFERROR(INDEX($T$3:$T$23,MATCH(G24,$Q$3:$Q$23,0),1),0) -> 0 | N24: =ROW(N22)<=$Q$28 -> TRUE | O24: =IF(PrnDB!$K24=0,"",IF(PrnDB!$K24>1," ","")&IF(PrnDB!$K24=3," ","")&PrnDB!$G24)
B25: =IF(AND(ROW()-2>=ROW(CashFlow1H)-6,ROW()-2<=ROW(CashFlow1)-6),INDEX(Input,ROW(CashFlow1H)+ROW()-7,2),0) -> 0 | C25: =IF(D25=0,0,IF(AND(ROW()-2>=ROW(CashFlow1H)-6,ROW()-2<=ROW(CashFlow1)-6),INDEX(Input,ROW(CashFlow1H)+ROW()-7,15),0)*D25) -> 0 | D25: =IF(AND(ROW()-2>=ROW(CashFlow1P)-7,ROW()-2<ROW(CashFlow1N)-6),1,-1)*IFERROR(INDEX($U$3:$U$23,MATCH(B25,$Q$3:$Q$23,0),1),1) -> -1 | G25: =OFFSET(B25,PrnDB!$J25,0) -> Payments For Investing Activities | H25: =OFFSET(C25,PrnDB!$J25,0) -> 0 | I25: =OFFSET(D25,PrnDB!$J25,0) -> 0 | J25: =IF(ROW(J23)<=$Q$26,0,IF(ROW(J23)<=($Q$26+$Q$27),150-$Q$26,300-$Q$26-$Q$27)) -> 136 | K25: =IF(PrnDB!$G25=0,0,IFERROR(INDEX($R$3:$R$23,MATCH(G25,$Q$3:$Q$23,0),1),3)) -> 2 | L25: =IFERROR(INDEX($S$3:$S$23,MATCH(G25,$Q$3:$Q$23,0),1),0) -> 0 | M25: =IFERROR(INDEX($T$3:$T$23,MATCH(G25,$Q$3:$Q$23,0),1),0) -> 0 | N25: =ROW(N23)<=$Q$28 -> TRUE | O25: =IF(PrnDB!$K25=0,"",IF(PrnDB!$K25>1," ","")&IF(PrnDB!$K25=3," ","")&PrnDB!$G25) -> Payments For Investing Activities | Q25: Count:
B26: =IF(AND(ROW()-2>=ROW(CashFlow1H)-6,ROW()-2<=ROW(CashFlow1)-6),INDEX(Input,ROW(CashFlow1H)+ROW()-7,2),0) -> 0 | C26: =IF(D26=0,0,IF(AND(ROW()-2>=ROW(CashFlow1H)-6,ROW()-2<=ROW(CashFlow1)-6),INDEX(Input,ROW(CashFlow1H)+ROW()-7,15),0)*D26) -> 0 | D26: =IF(AND(ROW()-2>=ROW(CashFlow1P)-7,ROW()-2<ROW(CashFlow1N)-6),1,-1)*IFERROR(INDEX($U$3:$U$23,MATCH(B26,$Q$3:$Q$23,0),1),1) -> -1 | G26: =OFFSET(B26,PrnDB!$J26,0) -> Purchase of Property, Plant and Equipment | H26: =OFFSET(C26,PrnDB!$J26,0) -> -6000 | I26: =OFFSET(D26,PrnDB!$J26,0) -> -1 | J26: =IF(ROW(J24)<=$Q$26,0,IF(ROW(J24)<=($Q$26+$Q$27),150-$Q$26,300-$Q$26-$Q$27)) -> 136 | K26: =IF(PrnDB!$G26=0,0,IFERROR(INDEX($R$3:$R$23,MATCH(G26,$Q$3:$Q$23,0),1),3)) -> 3 | L26: =IFERROR(INDEX($S$3:$S$23,MATCH(G26,$Q$3:$Q$23,0),1),0) -> 0 | M26: =IFERROR(INDEX($T$3:$T$23,MATCH(G26,$Q$3:$Q$23,0),1),0) -> 0 | N26: =ROW(N24)<=$Q$28 -> TRUE | O26: =IF(PrnDB!$K26=0,"",IF(PrnDB!$K26>1," ","")&IF(PrnDB!$K26=3," ","")&PrnDB!$G26) -> Purchase of Property, Plant and Equipment | Q26: =MATCH(Q8,B3:B152,0)+1 -> 14
B27: =IF(AND(ROW()-2>=ROW(CashFlow1H)-6,ROW()-2<=ROW(CashFlow1)-6),INDEX(Input,ROW(CashFlow1H)+ROW()-7,2),0) -> 0 | C27: =IF(D27=0,0,IF(AND(ROW()-2>=ROW(CashFlow1H)-6,ROW()-2<=ROW(CashFlow1)-6),INDEX(Input,ROW(CashFlow1H)+ROW()-7,15),0)*D27) -> 0 | D27: =IF(AND(ROW()-2>=ROW(CashFlow1P)-7,ROW()-2<ROW(CashFlow1N)-6),1,-1)*IFERROR(INDEX($U$3:$U$23,MATCH(B27,$Q$3:$Q$23,0),1),1) -> -1 | G27: =OFFSET(B27,PrnDB!$J27,0) -> Lending | H27: =OFFSET(C27,PrnDB!$J27,0) -> -150 | I27: =OFFSET(D27,PrnDB!$J27,0) -> -1 | J27: =IF(ROW(J25)<=$Q$26,0,IF(ROW(J25)<=($Q$26+$Q$27),150-$Q$26,300-$Q$26-$Q$27)) -> 136 | K27: =IF(PrnDB!$G27=0,0,IFERROR(INDEX($R$3:$R$23,MATCH(G27,$Q$3:$Q$23,0),1),3)) -> 3 | L27: =IFERROR(INDEX($S$3:$S$23,MATCH(G27,$Q$3:$Q$23,0),1),0) -> 0 | M27: =IFERROR(INDEX($T$3:$T$23,MATCH(G27,$Q$3:$Q$23,0),1),0) -> 0 | N27: =ROW(N25)<=$Q$28 -> TRUE | O27: =IF(PrnDB!$K27=0,"",IF(PrnDB!$K27>1," ","")&IF(PrnDB!$K27=3," ","")&PrnDB!$G27) -> Lending | Q27: =MATCH(Q14,B153:B302,0)+1 -> 17
B28: =IF(AND(ROW()-2>=ROW(CashFlow1H)-6,ROW()-2<=ROW(CashFlow1)-6),INDEX(Input,ROW(CashFlow1H)+ROW()-7,2),0) -> 0 | C28: =IF(D28=0,0,IF(AND(ROW()-2>=ROW(CashFlow1H)-6,ROW()-2<=ROW(CashFlow1)-6),INDEX(Input,ROW(CashFlow1H)+ROW()-7,15),0)*D28) -> 0 | D28: =IF(AND(ROW()-2>=ROW(CashFlow1P)-7,ROW()-2<ROW(CashFlow1N)-6),1,-1)*IFERROR(INDEX($U$3:$U$23,MATCH(B28,$Q$3:$Q$23,0),1),1) -> -1 | G28: =OFFSET(B28,PrnDB!$J28,0) -> Purchase of Securities | H28: =OFFSET(C28,PrnDB!$J28,0) -> -1900 | I28: =OFFSET(D28,PrnDB!$J28,0) -> -1 | J28: =IF(ROW(J26)<=$Q$26,0,IF(ROW(J26)<=($Q$26+$Q$27),150-$Q$26,300-$Q$26-$Q$27)) -> 136 | K28: =IF(PrnDB!$G28=0,0,IFERROR(INDEX($R$3:$R$23,MATCH(G28,$Q$3:$Q$23,0),1),3)) -> 3 | L28: =IFERROR(INDEX($S$3:$S$23,MATCH(G28,$Q$3:$Q$23,0),1),0) -> 0 | M28: =IFERROR(INDEX($T$3:$T$23,MATCH(G28,$Q$3:$Q$23,0),1),0) -> 0 | N28: =ROW(N26)<=$Q$28 -> TRUE | O28: =IF(PrnDB!$K28=0,"",IF(PrnDB!$K28>1," ","")&IF(PrnDB!$K28=3," ","")&PrnDB!$G28) -> Purchase of Securities | Q28: =MATCH(Q23,G3:G453,0)+1 -> 50
B29: =IF(AND(ROW()-2>=ROW(CashFlow1H)-6,ROW()-2<=ROW(CashFlow1)-6),INDEX(Input,ROW(CashFlow1H)+ROW()-7,2),0) -> 0 | C29: =IF(D29=0,0,IF(AND(ROW()-2>=ROW(CashFlow1H)-6,ROW()-2<=ROW(CashFlow1)-6),INDEX(Input,ROW(CashFlow1H)+ROW()-7,15),0)*D29) -> 0 | D29: =IF(AND(ROW()-2>=ROW(CashFlow1P)-7,ROW()-2<ROW(CashFlow1N)-6),1,-1)*IFERROR(INDEX($U$3:$U$23,MATCH(B29,$Q$3:$Q$23,0),1),1) -> -1 | G29: =OFFSET(B29,PrnDB!$J29,0) -> Acquiring Interest in Affiliates | H29: =OFFSET(C29,PrnDB!$J29,0) -> 0 | I29: =OFFSET(D29,PrnDB!$J29,0) -> -1 | J29: =IF(ROW(J27)<=$Q$26,0,IF(ROW(J27)<=($Q$26+$Q$27),150-$Q$26,300-$Q$26-$Q$27)) -> 136 | K29: =IF(PrnDB!$G29=0,0,IFERROR(INDEX($R$3:$R$23,MATCH(G29,$Q$3:$Q$23,0),1),3)) -> 3 | L29: =IFERROR(INDEX($S$3:$S$23,MATCH(G29,$Q$3:$Q$23,0),1),0) -> 0 | M29: =IFERROR(INDEX($T$3:$T$23,MATCH(G29,$Q$3:$Q$23,0),1),0) -> 0 | N29: =ROW(N27)<=$Q$28 -> TRUE | O29: =IF(PrnDB!$K29=0,"",IF(PrnDB!$K29>1," ","")&IF(PrnDB!$K29=3," ","")&PrnDB!$G29) -> Acquiring Interest in Affiliates
B30: =IF(AND(ROW()-2>=ROW(CashFlow1H)-6,ROW()-2<=ROW(CashFlow1)-6),INDEX(Input,ROW(CashFlow1H)+ROW()-7,2),0) -> 0 | C30: =IF(D30=0,0,IF(AND(ROW()-2>=ROW(CashFlow1H)-6,ROW()-2<=ROW(CashFlow1)-6),INDEX(Input,ROW(CashFlow1H)+ROW()-7,15),0)*D30) -> 0 | D30: =IF(AND(ROW()-2>=ROW(CashFlow1P)-7,ROW()-2<ROW(CashFlow1N)-6),1,-1)*IFERROR(INDEX($U$3:$U$23,MATCH(B30,$Q$3:$Q$23,0),1),1) -> -1 | G30: =OFFSET(B30,PrnDB!$J30,0) -> Other Investment Payments | H30: =OFFSET(C30,PrnDB!$J30,0) -> 0 | I30: =OFFSET(D30,PrnDB!$J30,0) -> -1 | J30: =IF(ROW(J28)<=$Q$26,0,IF(ROW(J28)<=($Q$26+$Q$27),150-$Q$26,300-$Q$26-$Q$27)) -> 136 | K30: =IF(PrnDB!$G30=0,0,IFERROR(INDEX($R$3:$R$23,MATCH(G30,$Q$3:$Q$23,0),1),3)) -> 3 | L30: =IFERROR(INDEX($S$3:$S$23,MATCH(G30,$Q$3:$Q$23,0),1),0) -> 0 | M30: =IFERROR(INDEX($T$3:$T$23,MATCH(G30,$Q$3:$Q$23,0),1),0) -> 0 | N30: =ROW(N28)<=$Q$28 -> TRUE | O30: =IF(PrnDB!$K30=0,"",IF(PrnDB!$K30>1," ","")&IF(PrnDB!$K30=3," ","")&PrnDB!$G30) -> Other Investment Payments
B31: =IF(AND(ROW()-2>=ROW(CashFlow1H)-6,ROW()-2<=ROW(CashFlow1)-6),INDEX(Input,ROW(CashFlow1H)+ROW()-7,2),0) -> 0 | C31: =IF(D31=0,0,IF(AND(ROW()-2>=ROW(CashFlow1H)-6,ROW()-2<=ROW(CashFlow1)-6),INDEX(Input,ROW(CashFlow1H)+ROW()-7,15),0)*D31) -> 0 | D31: =IF(AND(ROW()-2>=ROW(CashFlow1P)-7,ROW()-2<ROW(CashFlow1N)-6),1,-1)*IFERROR(INDEX($U$3:$U$23,MATCH(B31,$Q$3:$Q$23,0),1),1) -> -1 | G31: =OFFSET(B31,PrnDB!$J31,0) -> Total Investment Payments: | H31: =OFFSET(C31,PrnDB!$J31,0) -> -8050 | I31: =OFFSET(D31,PrnDB!$J31,0) -> -1 | J31: =IF(ROW(J29)<=$Q$26,0,IF(ROW(J29)<=($Q$26+$Q$27),150-$Q$26,300-$Q$26-$Q$27)) -> 136 | K31: =IF(PrnDB!$G31=0,0,IFERROR(INDEX($R$3:$R$23,MATCH(G31,$Q$3:$Q$23,0),1),3)) -> 2 | L31: =IFERROR(INDEX($S$3:$S$23,MATCH(G31,$Q$3:$Q$23,0),1),0) -> 2 | M31: =IFERROR(INDEX($T$3:$T$23,MATCH(G31,$Q$3:$Q$23,0),1),0) -> 0 | N31: =ROW(N29)<=$Q$28 -> TRUE | O31: =IF(PrnDB!$K31=0,"",IF(PrnDB!$K31>1," ","")&IF(PrnDB!$K31=3," ","")&PrnDB!$G31) -> Total Investment Payments:
B32: =IF(AND(ROW()-2>=ROW(CashFlow1H)-6,ROW()-2<=ROW(CashFlow1)-6),INDEX(Input,ROW(CashFlow1H)+ROW()-7,2),0) -> 0 | C32: =IF(D32=0,0,IF(AND(ROW()-2>=ROW(CashFlow1H)-6,ROW()-2<=ROW(CashFlow1)-6),INDEX(Input,ROW(CashFlow1H)+ROW()-7,15),0)*D32) -> 0 | D32: =IF(AND(ROW()-2>=ROW(CashFlow1P)-7,ROW()-2<ROW(CashFlow1N)-6),1,-1)*IFERROR(INDEX($U$3:$U$23,MATCH(B32,$Q$3:$Q$23,0),1),1) -> -1 | G32: =OFFSET(B32,PrnDB!$J32,0) -> Net Cash from Investing Activities: | H32: =OFFSET(C32,PrnDB!$J32,0) -> -3975 | I32: =OFFSET(D32,PrnDB!$J32,0) -> 1 | J32: =IF(ROW(J30)<=$Q$26,0,IF(ROW(J30)<=($Q$26+$Q$27),150-$Q$26,300-$Q$26-$Q$27)) -> 136 | K32: =IF(PrnDB!$G32=0,0,IFERROR(INDEX($R$3:$R$23,MATCH(G32,$Q$3:$Q$23,0),1),3)) -> 1 | L32: =IFERROR(INDEX($S$3:$S$23,MATCH(G32,$Q$3:$Q$23,0),1),0) -> 1 | M32: =IFERROR(INDEX($T$3:$T$23,MATCH(G32,$Q$3:$Q$23,0),1),0) -> 1 | N32: =ROW(N30)<=$Q$28 -> TRUE | O32: =IF(PrnDB!$K32=0,"",IF(PrnDB!$K32>1," ","")&IF(PrnDB!$K32=3," ","")&PrnDB!$G32) -> Net Cash from Investing Activities:
B33: =IF(AND(ROW()-2>=ROW(CashFlow1H)-6,ROW()-2<=ROW(CashFlow1)-6),INDEX(Input,ROW(CashFlow1H)+ROW()-7,2),0) -> 0 | C33: =IF(D33=0,0,IF(AND(ROW()-2>=ROW(CashFlow1H)-6,ROW()-2<=ROW(CashFlow1)-6),INDEX(Input,ROW(CashFlow1H)+ROW()-7,15),0)*D33) -> 0 | D33: =IF(AND(ROW()-2>=ROW(CashFlow1P)-7,ROW()-2<ROW(CashFlow1N)-6),1,-1)*IFERROR(INDEX($U$3:$U$23,MATCH(B33,$Q$3:$Q$23,0),1),1) -> -1 | G33: =OFFSET(B33,PrnDB!$J33,0) -> 0 | H33: =OFFSET(C33,PrnDB!$J33,0) -> 0 | I33: =OFFSET(D33,PrnDB!$J33,0) -> -1 | J33: =IF(ROW(J31)<=$Q$26,0,IF(ROW(J31)<=($Q$26+$Q$27),150-$Q$26,300-$Q$26-$Q$27)) -> 136 | K33: =IF(PrnDB!$G33=0,0,IFERROR(INDEX($R$3:$R$23,MATCH(G33,$Q$3:$Q$23,0),1),3)) -> 0 | L33: =IFERROR(INDEX($S$3:$S$23,MATCH(G33,$Q$3:$Q$23,0),1),0) -> 0 | M33: =IFERROR(INDEX($T$3:$T$23,MATCH(G33,$Q$3:$Q$23,0),1),0) -> 0 | N33: =ROW(N31)<=$Q$28 -> TRUE | O33: =IF(PrnDB!$K33=0,"",IF(PrnDB!$K33>1," ","")&IF(PrnDB!$K33=3," ","")&PrnDB!$G33)
B34: =IF(AND(ROW()-2>=ROW(CashFlow1H)-6,ROW()-2<=ROW(CashFlow1)-6),INDEX(Input,ROW(CashFlow1H)+ROW()-7,2),0) -> 0 | C34: =IF(D34=0,0,IF(AND(ROW()-2>=ROW(CashFlow1H)-6,ROW()-2<=ROW(CashFlow1)-6),INDEX(Input,ROW(CashFlow1H)+ROW()-7,15),0)*D34) -> 0 | D34: =IF(AND(ROW()-2>=ROW(CashFlow1P)-7,ROW()-2<ROW(CashFlow1N)-6),1,-1)*IFERROR(INDEX($U$3:$U$23,MATCH(B34,$Q$3:$Q$23,0),1),1) -> -1 | G34: =OFFSET(B34,PrnDB!$J34,0) -> Proceeds From Financing Activities | H34: =OFFSET(C34,PrnDB!$J34,0) -> 0 | I34: =OFFSET(D34,PrnDB!$J34,0) -> 0 | J34: =IF(ROW(J32)<=$Q$26,0,IF(ROW(J32)<=($Q$26+$Q$27),150-$Q$26,300-$Q$26-$Q$27)) -> 269 | K34: =IF(PrnDB!$G34=0,0,IFERROR(INDEX($R$3:$R$23,MATCH(G34,$Q$3:$Q$23,0),1),3)) -> 2 | L34: =IFERROR(INDEX($S$3:$S$23,MATCH(G34,$Q$3:$Q$23,0),1),0) -> 0 | M34: =IFERROR(INDEX($T$3:$T$23,MATCH(G34,$Q$3:$Q$23,0),1),0) -> 0 | N34: =ROW(N32)<=$Q$28 -> TRUE | O34: =IF(PrnDB!$K34=0,"",IF(PrnDB!$K34>1," ","")&IF(PrnDB!$K34=3," ","")&PrnDB!$G34) -> Proceeds From Financing Activities
B35: =IF(AND(ROW()-2>=ROW(CashFlow1H)-6,ROW()-2<=ROW(CashFlow1)-6),INDEX(Input,ROW(CashFlow1H)+ROW()-7,2),0) -> 0 | C35: =IF(D35=0,0,IF(AND(ROW()-2>=ROW(CashFlow1H)-6,ROW()-2<=ROW(CashFlow1)-6),INDEX(Input,ROW(CashFlow1H)+ROW()-7,15),0)*D35) -> 0 | D35: =IF(AND(ROW()-2>=ROW(CashFlow1P)-7,ROW()-2<ROW(CashFlow1N)-6),1,-1)*IFERROR(INDEX($U$3:$U$23,MATCH(B35,$Q$3:$Q$23,0),1),1) -> -1 | G35: =OFFSET(B35,PrnDB!$J35,0) -> Issuance of Debt | H35: =OFFSET(C35,PrnDB!$J35,0) -> 5000 | I35: =OFFSET(D35,PrnDB!$J35,0) -> 1 | J35: =IF(ROW(J33)<=$Q$26,0,IF(ROW(J33)<=($Q$26+$Q$27),150-$Q$26,300-$Q$26-$Q$27)) -> 269 | K35: =IF(PrnDB!$G35=0,0,IFERROR(INDEX($R$3:$R$23,MATCH(G35,$Q$3:$Q$23,0),1),3)) -> 3 | L35: =IFERROR(INDEX($S$3:$S$23,MATCH(G35,$Q$3:$Q$23,0),1),0) -> 0 | M35: =IFERROR(INDEX($T$3:$T$23,MATCH(G35,$Q$3:$Q$23,0),1),0) -> 0 | N35: =ROW(N33)<=$Q$28 -> TRUE | O35: =IF(PrnDB!$K35=0,"",IF(PrnDB!$K35>1," ","")&IF(PrnDB!$K35=3," ","")&PrnDB!$G35) -> Issuance of Debt
B36: =IF(AND(ROW()-2>=ROW(CashFlow1H)-6,ROW()-2<=ROW(CashFlow1)-6),INDEX(Input,ROW(CashFlow1H)+ROW()-7,2),0) -> 0 | C36: =IF(D36=0,0,IF(AND(ROW()-2>=ROW(CashFlow1H)-6,ROW()-2<=ROW(CashFlow1)-6),INDEX(Input,ROW(CashFlow1H)+ROW()-7,15),0)*D36) -> 0 | D36: =IF(AND(ROW()-2>=ROW(CashFlow1P)-7,ROW()-2<ROW(CashFlow1N)-6),1,-1)*IFERROR(INDEX($U$3:$U$23,MATCH(B36,$Q$3:$Q$23,0),1),1) -> -1 | G36: =OFFSET(B36,PrnDB!$J36,0) -> Issuance of Equity | H36: =OFFSET(C36,PrnDB!$J36,0) -> 1000 | I36: =OFFSET(D36,PrnDB!$J36,0) -> 1 | J36: =IF(ROW(J34)<=$Q$26,0,IF(ROW(J34)<=($Q$26+$Q$27),150-$Q$26,300-$Q$26-$Q$27)) -> 269 | K36: =IF(PrnDB!$G36=0,0,IFERROR(INDEX($R$3:$R$23,MATCH(G36,$Q$3:$Q$23,0),1),3)) -> 3 | L36: =IFERROR(INDEX($S$3:$S$23,MATCH(G36,$Q$3:$Q$23,0),1),0) -> 0 | M36: =IFERROR(INDEX($T$3:$T$23,MATCH(G36,$Q$3:$Q$23,0),1),0) -> 0 | N36: =ROW(N34)<=$Q$28 -> TRUE | O36: =IF(PrnDB!$K36=0,"",IF(PrnDB!$K36>1," ","")&IF(PrnDB!$K36=3," ","")&PrnDB!$G36) -> Issuance of Equity
B37: =IF(AND(ROW()-2>=ROW(CashFlow1H)-6,ROW()-2<=ROW(CashFlow1)-6),INDEX(Input,ROW(CashFlow1H)+ROW()-7,2),0) -> 0 | C37: =IF(D37=0,0,IF(AND(ROW()-2>=ROW(CashFlow1H)-6,ROW()-2<=ROW(CashFlow1)-6),INDEX(Input,ROW(CashFlow1H)+ROW()-7,15),0)*D37) -> 0 | D37: =IF(AND(ROW()-2>=ROW(CashFlow1P)-7,ROW()-2<ROW(CashFlow1N)-6),1,-1)*IFERROR(INDEX($U$3:$U$23,MATCH(B37,$Q$3:$Q$23,0),1),1) -> -1 | G37: =OFFSET(B37,PrnDB!$J37,0) -> Other Financing Proceeds | H37: =OFFSET(C37,PrnDB!$J37,0) -> 0 | I37: =OFFSET(D37,PrnDB!$J37,0) -> 1 | J37: =IF(ROW(J35)<=$Q$26,0,IF(ROW(J35)<=($Q$26+$Q$27),150-$Q$26,300-$Q$26-$Q$27)) -> 269 | K37: =IF(PrnDB!$G37=0,0,IFERROR(INDEX($R$3:$R$23,MATCH(G37,$Q$3:$Q$23,0),1),3)) -> 3 | L37: =IFERROR(INDEX($S$3:$S$23,MATCH(G37,$Q$3:$Q$23,0),1),0) -> 0 | M37: =IFERROR(INDEX($T$3:$T$23,MATCH(G37,$Q$3:$Q$23,0),1),0) -> 0 | N37: =ROW(N35)<=$Q$28 -> TRUE | O37: =IF(PrnDB!$K37=0,"",IF(PrnDB!$K37>1," ","")&IF(PrnDB!$K37=3," ","")&PrnDB!$G37) -> Other Financing Proceeds
B38: =IF(AND(ROW()-2>=ROW(CashFlow1H)-6,ROW()-2<=ROW(CashFlow1)-6),INDEX(Input,ROW(CashFlow1H)+ROW()-7,2),0) -> 0 | C38: =IF(D38=0,0,IF(AND(ROW()-2>=ROW(CashFlow1H)-6,ROW()-2<=ROW(CashFlow1)-6),INDEX(Input,ROW(CashFlow1H)+ROW()-7,15),0)*D38) -> 0 | D38: =IF(AND(ROW()-2>=ROW(CashFlow1P)-7,ROW()-2<ROW(CashFlow1N)-6),1,-1)*IFERROR(INDEX($U$3:$U$23,MATCH(B38,$Q$3:$Q$23,0),1),1) -> -1 | G38: =OFFSET(B38,PrnDB!$J38,0) -> Total Financing Proceeds: | H38: =OFFSET(C38,PrnDB!$J38,0) -> 6000 | I38: =OFFSET(D38,PrnDB!$J38,0) -> 1 | J38: =IF(ROW(J36)<=$Q$26,0,IF(ROW(J36)<=($Q$26+$Q$27),150-$Q$26,300-$Q$26-$Q$27)) -> 269 | K38: =IF(PrnDB!$G38=0,0,IFERROR(INDEX($R$3:$R$23,MATCH(G38,$Q$3:$Q$23,0),1),3)) -> 2 | L38: =IFERROR(INDEX($S$3:$S$23,MATCH(G38,$Q$3:$Q$23,0),1),0) -> 2 | M38: =IFERROR(INDEX($T$3:$T$23,MATCH(G38,$Q$3:$Q$23,0),1),0) -> 1 | N38: =ROW(N36)<=$Q$28 -> TRUE | O38: =IF(PrnDB!$K38=0,"",IF(PrnDB!$K38>1," ","")&IF(PrnDB!$K38=3," ","")&PrnDB!$G38) -> Total Financing Proceeds:
B39: =IF(AND(ROW()-2>=ROW(CashFlow1H)-6,ROW()-2<=ROW(CashFlow1)-6),INDEX(Input,ROW(CashFlow1H)+ROW()-7,2),0) -> 0 | C39: =IF(D39=0,0,IF(AND(ROW()-2>=ROW(CashFlow1H)-6,ROW()-2<=ROW(CashFlow1)-6),INDEX(Input,ROW(CashFlow1H)+ROW()-7,15),0)*D39) -> 0 | D39: =IF(AND(ROW()-2>=ROW(CashFlow1P)-7,ROW()-2<ROW(CashFlow1N)-6),1,-1)*IFERROR(INDEX($U$3:$U$23,MATCH(B39,$Q$3:$Q$23,0),1),1) -> -1 | G39: =OFFSET(B39,PrnDB!$J39,0) -> 0 | H39: =OFFSET(C39,PrnDB!$J39,0) -> 0 | I39: =OFFSET(D39,PrnDB!$J39,0) -> 1 | J39: =IF(ROW(J37)<=$Q$26,0,IF(ROW(J37)<=($Q$26+$Q$27),150-$Q$26,300-$Q$26-$Q$27)) -> 269 | K39: =IF(PrnDB!$G39=0,0,IFERROR(INDEX($R$3:$R$23,MATCH(G39,$Q$3:$Q$23,0),1),3)) -> 0 | L39: =IFERROR(INDEX($S$3:$S$23,MATCH(G39,$Q$3:$Q$23,0),1),0) -> 0 | M39: =IFERROR(INDEX($T$3:$T$23,MATCH(G39,$Q$3:$Q$23,0),1),0) -> 0 | N39: =ROW(N37)<=$Q$28 -> TRUE | O39: =IF(PrnDB!$K39=0,"",IF(PrnDB!$K39>1," ","")&IF(PrnDB!$K39=3," ","")&PrnDB!$G39)
B40: =IF(AND(ROW()-2>=ROW(CashFlow1H)-6,ROW()-2<=ROW(CashFlow1)-6),INDEX(Input,ROW(CashFlow1H)+ROW()-7,2),0) -> 0 | C40: =IF(D40=0,0,IF(AND(ROW()-2>=ROW(CashFlow1H)-6,ROW()-2<=ROW(CashFlow1)-6),INDEX(Input,ROW(CashFlow1H)+ROW()-7,15),0)*D40) -> 0 | D40: =IF(AND(ROW()-2>=ROW(CashFlow1P)-7,ROW()-2<ROW(CashFlow1N)-6),1,-1)*IFERROR(INDEX($U$3:$U$23,MATCH(B40,$Q$3:$Q$23,0),1),1) -> -1 | G40: =OFFSET(B40,PrnDB!$J40,0) -> Payments For Financing Activities | H40: =OFFSET(C40,PrnDB!$J40,0) -> 0 | I40: =OFFSET(D40,PrnDB!$J40,0) -> 0 | J40: =IF(ROW(J38)<=$Q$26,0,IF(ROW(J38)<=($Q$26+$Q$27),150-$Q$26,300-$Q$26-$Q$27)) -> 269 | K40: =IF(PrnDB!$G40=0,0,IFERROR(INDEX($R$3:$R$23,MATCH(G40,$Q$3:$Q$23,0),1),3)) -> 2 | L40: =IFERROR(INDEX($S$3:$S$23,MATCH(G40,$Q$3:$Q$23,0),1),0) -> 0 | M40: =IFERROR(INDEX($T$3:$T$23,MATCH(G40,$Q$3:$Q$23,0),1),0) -> 0 | N40: =ROW(N38)<=$Q$28 -> TRUE | O40: =IF(PrnDB!$K40=0,"",IF(PrnDB!$K40>1," ","")&IF(PrnDB!$K40=3," ","")&PrnDB!$G40) -> Payments For Financing Activities
... B152: =IF(AND(ROW()-2>=ROW(CashFlow1H)-6,ROW()-2<=ROW(CashFlow1)-6),INDEX(Input,ROW(CashFlow1H)+ROW()-7,2),0) -> 0 | C152: =IF(D152=0,0,IF(AND(ROW()-2>=ROW(CashFlow1H)-6,ROW()-2<=ROW(CashFlow1)-6),INDEX(Input,ROW(CashFlow1H)+ROW()-7,15),0)*D152) -> 0 | D152: =IF(AND(ROW()-2>=ROW(CashFlow1P)-7,ROW()-2<ROW(CashFlow1N)-6),1,-1)*IFERROR(INDEX($U$3:$U$23,MATCH(B152,$Q$3:$Q$23,0),1),1) -> -1 | G152: =OFFSET(B152,PrnDB!$J152,0) -> 0 | H152: =OFFSET(C152,PrnDB!$J152,0) -> 0 | I152: =OFFSET(D152,PrnDB!$J152,0) -> -1 | J152: =IF(ROW(J150)<=$Q$26,0,IF(ROW(J150)<=($Q$26+$Q$27),150-$Q$26,300-$Q$26-$Q$27)) -> 269 | K152: =IF(PrnDB!$G152=0,0,IFERROR(INDEX($R$3:$R$23,MATCH(G152,$Q$3:$Q$23,0),1),3)) -> 0 | L152: =IFERROR(INDEX($S$3:$S$23,MATCH(G152,$Q$3:$Q$23,0),1),0) -> 0 | M152: =IFERROR(INDEX($T$3:$T$23,MATCH(G152,$Q$3:$Q$23,0),1),0) -> 0 | N152: =ROW(N150)<=$Q$28 -> FALSE | O152: =IF(PrnDB!$K152=0,"",IF(PrnDB!$K152>1," ","")&IF(PrnDB!$K152=3," ","")&PrnDB!$G152)
B153: =IF(AND(ROW()-2-149+ROW(CashFlow1)>=ROW(CashFlow2H)-6,ROW()-2+ROW(CashFlow1)-149<=ROW(CashFlow2)),INDEX(Input,ROW(CashFlow2H)+ROW()-7-150,2),0) -> Proceeds From Investing Activities | C153: =IF(D153=0,0,IF(AND(ROW()-2-149+ROW(CashFlow1)>=ROW(CashFlow2H)-6,ROW()-2+ROW(CashFlow1)-149<=ROW(CashFlow2)),INDEX(Input,ROW(CashFlow2H)+ROW()-7-150,15),0)*D153) -> 0 | D153: =IF(AND(ROW()-2+ROW(CashFlow1)-150<ROW(CashFlow2N)-2),1,-1)*IFERROR(INDEX($U$3:$U$23,MATCH(B153,$Q$3:$Q$23,0),1),1) -> 0 | G153: =OFFSET(B153,PrnDB!$J153,0) -> 0 | H153: =OFFSET(C153,PrnDB!$J153,0) -> 0 | I153: =OFFSET(D153,PrnDB!$J153,0) -> -1 | J153: =IF(ROW(J151)<=$Q$26,0,IF(ROW(J151)<=($Q$26+$Q$27),150-$Q$26,300-$Q$26-$Q$27)) -> 269 | K153: =IF(PrnDB!$G153=0,0,IFERROR(INDEX($R$3:$R$23,MATCH(G153,$Q$3:$Q$23,0),1),3)) -> 0 | L153: =IFERROR(INDEX($S$3:$S$23,MATCH(G153,$Q$3:$Q$23,0),1),0) -> 0 | M153: =IFERROR(INDEX($T$3:$T$23,MATCH(G153,$Q$3:$Q$23,0),1),0) -> 0 | N153: =ROW(N151)<=$Q$28 -> FALSE | O153: =IF(PrnDB!$K153=0,"",IF(PrnDB!$K153>1," ","")&IF(PrnDB!$K153=3," ","")&PrnDB!$G153)
B154: =IF(AND(ROW()-2-149+ROW(CashFlow1)>=ROW(CashFlow2H)-6,ROW()-2+ROW(CashFlow1)-149<=ROW(CashFlow2)),INDEX(Input,ROW(CashFlow2H)+ROW()-7-150,2),0) -> Sale of Property, Plant and Equipment | C154: =IF(D154=0,0,IF(AND(ROW()-2-149+ROW(CashFlow1)>=ROW(CashFlow2H)-6,ROW()-2+ROW(CashFlow1)-149<=ROW(CashFlow2)),INDEX(Input,ROW(CashFlow2H)+ROW()-7-150,15),0)*D154) -> 1800 | D154: =IF(AND(ROW()-2+ROW(CashFlow1)-150<ROW(CashFlow2N)-2),1,-1)*IFERROR(INDEX($U$3:$U$23,MATCH(B154,$Q$3:$Q$23,0),1),1) -> 1 | G154: =OFFSET(B154,PrnDB!$J154,0) -> 0 | H154: =OFFSET(C154,PrnDB!$J154,0) -> 0 | I154: =OFFSET(D154,PrnDB!$J154,0) -> -1 | J154: =IF(ROW(J152)<=$Q$26,0,IF(ROW(J152)<=($Q$26+$Q$27),150-$Q$26,300-$Q$26-$Q$27)) -> 269 | K154: =IF(PrnDB!$G154=0,0,IFERROR(INDEX($R$3:$R$23,MATCH(G154,$Q$3:$Q$23,0),1),3)) -> 0 | L154: =IFERROR(INDEX($S$3:$S$23,MATCH(G154,$Q$3:$Q$23,0),1),0) -> 0 | M154: =IFERROR(INDEX($T$3:$T$23,MATCH(G154,$Q$3:$Q$23,0),1),0) -> 0 | N154: =ROW(N152)<=$Q$28 -> FALSE | O154: =IF(PrnDB!$K154=0,"",IF(PrnDB!$K154>1," ","")&IF(PrnDB!$K154=3," ","")&PrnDB!$G154)
B155: =IF(AND(ROW()-2-149+ROW(CashFlow1)>=ROW(CashFlow2H)-6,ROW()-2+ROW(CashFlow1)-149<=ROW(CashFlow2)),INDEX(Input,ROW(CashFlow2H)+ROW()-7-150,2),0) -> Loan Collection | C155: =IF(D155=0,0,IF(AND(ROW()-2-149+ROW(CashFlow1)>=ROW(CashFlow2H)-6,ROW()-2+ROW(CashFlow1)-149<=ROW(CashFlow2)),INDEX(Input,ROW(CashFlow2H)+ROW()-7-150,15),0)*D155) -> 150 | D155: =IF(AND(ROW()-2+ROW(CashFlow1)-150<ROW(CashFlow2N)-2),1,-1)*IFERROR(INDEX($U$3:$U$23,MATCH(B155,$Q$3:$Q$23,0),1),1) -> 1 | G155: =OFFSET(B155,PrnDB!$J155,0) -> 0 | H155: =OFFSET(C155,PrnDB!$J155,0) -> 0 | I155: =OFFSET(D155,PrnDB!$J155,0) -> -1 | J155: =IF(ROW(J153)<=$Q$26,0,IF(ROW(J153)<=($Q$26+$Q$27),150-$Q$26,300-$Q$26-$Q$27)) -> 269 | K155: =IF(PrnDB!$G155=0,0,IFERROR(INDEX($R$3:$R$23,MATCH(G155,$Q$3:$Q$23,0),1),3)) -> 0 | L155: =IFERROR(INDEX($S$3:$S$23,MATCH(G155,$Q$3:$Q$23,0),1),0) -> 0 | M155: =IFERROR(INDEX($T$3:$T$23,MATCH(G155,$Q$3:$Q$23,0),1),0) -> 0 | N155: =ROW(N153)<=$Q$28 -> FALSE | O155: =IF(PrnDB!$K155=0,"",IF(PrnDB!$K155>1," ","")&IF(PrnDB!$K155=3," ","")&PrnDB!$G155)
B156: =IF(AND(ROW()-2-149+ROW(CashFlow1)>=ROW(CashFlow2H)-6,ROW()-2+ROW(CashFlow1)-149<=ROW(CashFlow2)),INDEX(Input,ROW(CashFlow2H)+ROW()-7-150,2),0) -> Sale and Maturity of Securities | C156: =IF(D156=0,0,IF(AND(ROW()-2-149+ROW(CashFlow1)>=ROW(CashFlow2H)-6,ROW()-2+ROW(CashFlow1)-149<=ROW(CashFlow2)),INDEX(Input,ROW(CashFlow2H)+ROW()-7-150,15),0)*D156) -> 2000 | D156: =IF(AND(ROW()-2+ROW(CashFlow1)-150<ROW(CashFlow2N)-2),1,-1)*IFERROR(INDEX($U$3:$U$23,MATCH(B156,$Q$3:$Q$23,0),1),1) -> 1 | G156: =OFFSET(B156,PrnDB!$J156,0) -> 0 | H156: =OFFSET(C156,PrnDB!$J156,0) -> 0 | I156: =OFFSET(D156,PrnDB!$J156,0) -> -1 | J156: =IF(ROW(J154)<=$Q$26,0,IF(ROW(J154)<=($Q$26+$Q$27),150-$Q$26,300-$Q$26-$Q$27)) -> 269 | K156: =IF(PrnDB!$G156=0,0,IFERROR(INDEX($R$3:$R$23,MATCH(G156,$Q$3:$Q$23,0),1),3)) -> 0 | L156: =IFERROR(INDEX($S$3:$S$23,MATCH(G156,$Q$3:$Q$23,0),1),0) -> 0 | M156: =IFERROR(INDEX($T$3:$T$23,MATCH(G156,$Q$3:$Q$23,0),1),0) -> 0 | N156: =ROW(N154)<=$Q$28 -> FALSE | O156: =IF(PrnDB!$K156=0,"",IF(PrnDB!$K156>1," ","")&IF(PrnDB!$K156=3," ","")&PrnDB!$G156)
B157: =IF(AND(ROW()-2-149+ROW(CashFlow1)>=ROW(CashFlow2H)-6,ROW()-2+ROW(CashFlow1)-149<=ROW(CashFlow2)),INDEX(Input,ROW(CashFlow2H)+ROW()-7-150,2),0) -> Dividends Received from Affiliates | C157: =IF(D157=0,0,IF(AND(ROW()-2-149+ROW(CashFlow1)>=ROW(CashFlow2H)-6,ROW()-2+ROW(CashFlow1)-149<=ROW(CashFlow2)),INDEX(Input,ROW(CashFlow2H)+ROW()-7-150,15),0)*D157) -> 125 | D157: =IF(AND(ROW()-2+ROW(CashFlow1)-150<ROW(CashFlow2N)-2),1,-1)*IFERROR(INDEX($U$3:$U$23,MATCH(B157,$Q$3:$Q$23,0),1),1) -> 1 | G157: =OFFSET(B157,PrnDB!$J157,0) -> 0 | H157: =OFFSET(C157,PrnDB!$J157,0) -> 0 | I157: =OFFSET(D157,PrnDB!$J157,0) -> -1 | J157: =IF(ROW(J155)<=$Q$26,0,IF(ROW(J155)<=($Q$26+$Q$27),150-$Q$26,300-$Q$26-$Q$27)) -> 269 | K157: =IF(PrnDB!$G157=0,0,IFERROR(INDEX($R$3:$R$23,MATCH(G157,$Q$3:$Q$23,0),1),3)) -> 0 | L157: =IFERROR(INDEX($S$3:$S$23,MATCH(G157,$Q$3:$Q$23,0),1),0) -> 0 | M157: =IFERROR(INDEX($T$3:$T$23,MATCH(G157,$Q$3:$Q$23,0),1),0) -> 0 | N157: =ROW(N155)<=$Q$28 -> FALSE | O157: =IF(PrnDB!$K157=0,"",IF(PrnDB!$K157>1," ","")&IF(PrnDB!$K157=3," ","")&PrnDB!$G157)
B158: =IF(AND(ROW()-2-149+ROW(CashFlow1)>=ROW(CashFlow2H)-6,ROW()-2+ROW(CashFlow1)-149<=ROW(CashFlow2)),INDEX(Input,ROW(CashFlow2H)+ROW()-7-150,2),0) -> Other Investment Proceeds | C158: =IF(D158=0,0,IF(AND(ROW()-2-149+ROW(CashFlow1)>=ROW(CashFlow2H)-6,ROW()-2+ROW(CashFlow1)-149<=ROW(CashFlow2)),INDEX(Input,ROW(CashFlow2H)+ROW()-7-150,15),0)*D158) -> 0 | D158: =IF(AND(ROW()-2+ROW(CashFlow1)-150<ROW(CashFlow2N)-2),1,-1)*IFERROR(INDEX($U$3:$U$23,MATCH(B158,$Q$3:$Q$23,0),1),1) -> 1 | G158: =OFFSET(B158,PrnDB!$J158,0) -> 0 | H158: =OFFSET(C158,PrnDB!$J158,0) -> 0 | I158: =OFFSET(D158,PrnDB!$J158,0) -> -1 | J158: =IF(ROW(J156)<=$Q$26,0,IF(ROW(J156)<=($Q$26+$Q$27),150-$Q$26,300-$Q$26-$Q$27)) -> 269 | K158: =IF(PrnDB!$G158=0,0,IFERROR(INDEX($R$3:$R$23,MATCH(G158,$Q$3:$Q$23,0),1),3)) -> 0 | L158: =IFERROR(INDEX($S$3:$S$23,MATCH(G158,$Q$3:$Q$23,0),1),0) -> 0 | M158: =IFERROR(INDEX($T$3:$T$23,MATCH(G158,$Q$3:$Q$23,0),1),0) -> 0 | N158: =ROW(N156)<=$Q$28 -> FALSE | O158: =IF(PrnDB!$K158=0,"",IF(PrnDB!$K158>1," ","")&IF(PrnDB!$K158=3," ","")&PrnDB!$G158)
B159: =IF(AND(ROW()-2-149+ROW(CashFlow1)>=ROW(CashFlow2H)-6,ROW()-2+ROW(CashFlow1)-149<=ROW(CashFlow2)),INDEX(Input,ROW(CashFlow2H)+ROW()-7-150,2),0) -> Total Investment Proceeds: | C159: =IF(D159=0,0,IF(AND(ROW()-2-149+ROW(CashFlow1)>=ROW(CashFlow2H)-6,ROW()-2+ROW(CashFlow1)-149<=ROW(CashFlow2)),INDEX(Input,ROW(CashFlow2H)+ROW()-7-150,15),0)*D159) -> 4075 | D159: =IF(AND(ROW()-2+ROW(CashFlow1)-150<ROW(CashFlow2N)-2),1,-1)*IFERROR(INDEX($U$3:$U$23,MATCH(B159,$Q$3:$Q$23,0),1),1) -> 1 | G159: =OFFSET(B159,PrnDB!$J159,0) -> 0 | H159: =OFFSET(C159,PrnDB!$J159,0) -> 0 | I159: =OFFSET(D159,PrnDB!$J159,0) -> -1 | J159: =IF(ROW(J157)<=$Q$26,0,IF(ROW(J157)<=($Q$26+$Q$27),150-$Q$26,300-$Q$26-$Q$27)) -> 269 | K159: =IF(PrnDB!$G159=0,0,IFERROR(INDEX($R$3:$R$23,MATCH(G159,$Q$3:$Q$23,0),1),3)) -> 0 | L159: =IFERROR(INDEX($S$3:$S$23,MATCH(G159,$Q$3:$Q$23,0),1),0) -> 0 | M159: =IFERROR(INDEX($T$3:$T$23,MATCH(G159,$Q$3:$Q$23,0),1),0) -> 0 | N159: =ROW(N157)<=$Q$28 -> FALSE | O159: =IF(PrnDB!$K159=0,"",IF(PrnDB!$K159>1," ","")&IF(PrnDB!$K159=3," ","")&PrnDB!$G159)
B160: =IF(AND(ROW()-2-149+ROW(CashFlow1)>=ROW(CashFlow2H)-6,ROW()-2+ROW(CashFlow1)-149<=ROW(CashFlow2)),INDEX(Input,ROW(CashFlow2H)+ROW()-7-150,2),0) -> 0 | C160: =IF(D160=0,0,IF(AND(ROW()-2-149+ROW(CashFlow1)>=ROW(CashFlow2H)-6,ROW()-2+ROW(CashFlow1)-149<=ROW(CashFlow2)),INDEX(Input,ROW(CashFlow2H)+ROW()-7-150,15),0)*D160) -> 0 | D160: =IF(AND(ROW()-2+ROW(CashFlow1)-150<ROW(CashFlow2N)-2),1,-1)*IFERROR(INDEX($U$3:$U$23,MATCH(B160,$Q$3:$Q$23,0),1),1) -> 1 | G160: =OFFSET(B160,PrnDB!$J160,0) -> 0 | H160: =OFFSET(C160,PrnDB!$J160,0) -> 0 | I160: =OFFSET(D160,PrnDB!$J160,0) -> -1 | J160: =IF(ROW(J158)<=$Q$26,0,IF(ROW(J158)<=($Q$26+$Q$27),150-$Q$26,300-$Q$26-$Q$27)) -> 269 | K160: =IF(PrnDB!$G160=0,0,IFERROR(INDEX($R$3:$R$23,MATCH(G160,$Q$3:$Q$23,0),1),3)) -> 0 | L160: =IFERROR(INDEX($S$3:$S$23,MATCH(G160,$Q$3:$Q$23,0),1),0) -> 0 | M160: =IFERROR(INDEX($T$3:$T$23,MATCH(G160,$Q$3:$Q$23,0),1),0) -> 0 | N160: =ROW(N158)<=$Q$28 -> FALSE | O160: =IF(PrnDB!$K160=0,"",IF(PrnDB!$K160>1," ","")&IF(PrnDB!$K160=3," ","")&PrnDB!$G160)
B161: =IF(AND(ROW()-2-149+ROW(CashFlow1)>=ROW(CashFlow2H)-6,ROW()-2+ROW(CashFlow1)-149<=ROW(CashFlow2)),INDEX(Input,ROW(CashFlow2H)+ROW()-7-150,2),0) -> Payments For Investing Activities | C161: =IF(D161=0,0,IF(AND(ROW()-2-149+ROW(CashFlow1)>=ROW(CashFlow2H)-6,ROW()-2+ROW(CashFlow1)-149<=ROW(CashFlow2)),INDEX(Input,ROW(CashFlow2H)+ROW()-7-150,15),0)*D161) -> 0 | D161: =IF(AND(ROW()-2+ROW(CashFlow1)-150<ROW(CashFlow2N)-2),1,-1)*IFERROR(INDEX($U$3:$U$23,MATCH(B161,$Q$3:$Q$23,0),1),1) -> 0 | G161: =OFFSET(B161,PrnDB!$J161,0) -> 0 | H161: =OFFSET(C161,PrnDB!$J161,0) -> 0 | I161: =OFFSET(D161,PrnDB!$J161,0) -> -1 | J161: =IF(ROW(J159)<=$Q$26,0,IF(ROW(J159)<=($Q$26+$Q$27),150-$Q$26,300-$Q$26-$Q$27)) -> 269 | K161: =IF(PrnDB!$G161=0,0,IFERROR(INDEX($R$3:$R$23,MATCH(G161,$Q$3:$Q$23,0),1),3)) -> 0 | L161: =IFERROR(INDEX($S$3:$S$23,MATCH(G161,$Q$3:$Q$23,0),1),0) -> 0 | M161: =IFERROR(INDEX($T$3:$T$23,MATCH(G161,$Q$3:$Q$23,0),1),0) -> 0 | N161: =ROW(N159)<=$Q$28 -> FALSE | O161: =IF(PrnDB!$K161=0,"",IF(PrnDB!$K161>1," ","")&IF(PrnDB!$K161=3," ","")&PrnDB!$G161)
B162: =IF(AND(ROW()-2-149+ROW(CashFlow1)>=ROW(CashFlow2H)-6,ROW()-2+ROW(CashFlow1)-149<=ROW(CashFlow2)),INDEX(Input,ROW(CashFlow2H)+ROW()-7-150,2),0) -> Purchase of Property, Plant and Equipment | C162: =IF(D162=0,0,IF(AND(ROW()-2-149+ROW(CashFlow1)>=ROW(CashFlow2H)-6,ROW()-2+ROW(CashFlow1)-149<=ROW(CashFlow2)),INDEX(Input,ROW(CashFlow2H)+ROW()-7-150,15),0)*D162) -> -6000 | D162: =IF(AND(ROW()-2+ROW(CashFlow1)-150<ROW(CashFlow2N)-2),1,-1)*IFERROR(INDEX($U$3:$U$23,MATCH(B162,$Q$3:$Q$23,0),1),1) -> -1 | G162: =OFFSET(B162,PrnDB!$J162,0) -> 0 | H162: =OFFSET(C162,PrnDB!$J162,0) -> 0 | I162: =OFFSET(D162,PrnDB!$J162,0) -> -1 | J162: =IF(ROW(J160)<=$Q$26,0,IF(ROW(J160)<=($Q$26+$Q$27),150-$Q$26,300-$Q$26-$Q$27)) -> 269 | K162: =IF(PrnDB!$G162=0,0,IFERROR(INDEX($R$3:$R$23,MATCH(G162,$Q$3:$Q$23,0),1),3)) -> 0 | L162: =IFERROR(INDEX($S$3:$S$23,MATCH(G162,$Q$3:$Q$23,0),1),0) -> 0 | M162: =IFERROR(INDEX($T$3:$T$23,MATCH(G162,$Q$3:$Q$23,0),1),0) -> 0 | N162: =ROW(N160)<=$Q$28 -> FALSE | O162: =IF(PrnDB!$K162=0,"",IF(PrnDB!$K162>1," ","")&IF(PrnDB!$K162=3," ","")&PrnDB!$G162)
B163: =IF(AND(ROW()-2-149+ROW(CashFlow1)>=ROW(CashFlow2H)-6,ROW()-2+ROW(CashFlow1)-149<=ROW(CashFlow2)),INDEX(Input,ROW(CashFlow2H)+ROW()-7-150,2),0) -> Lending | C163: =IF(D163=0,0,IF(AND(ROW()-2-149+ROW(CashFlow1)>=ROW(CashFlow2H)-6,ROW()-2+ROW(CashFlow1)-149<=ROW(CashFlow2)),INDEX(Input,ROW(CashFlow2H)+ROW()-7-150,15),0)*D163) -> -150 | D163: =IF(AND(ROW()-2+ROW(CashFlow1)-150<ROW(CashFlow2N)-2),1,-1)*IFERROR(INDEX($U$3:$U$23,MATCH(B163,$Q$3:$Q$23,0),1),1) -> -1 | G163: =OFFSET(B163,PrnDB!$J163,0) -> 0 | H163: =OFFSET(C163,PrnDB!$J163,0) -> 0 | I163: =OFFSET(D163,PrnDB!$J163,0) -> -1 | J163: =IF(ROW(J161)<=$Q$26,0,IF(ROW(J161)<=($Q$26+$Q$27),150-$Q$26,300-$Q$26-$Q$27)) -> 269 | K163: =IF(PrnDB!$G163=0,0,IFERROR(INDEX($R$3:$R$23,MATCH(G163,$Q$3:$Q$23,0),1),3)) -> 0 | L163: =IFERROR(INDEX($S$3:$S$23,MATCH(G163,$Q$3:$Q$23,0),1),0) -> 0 | M163: =IFERROR(INDEX($T$3:$T$23,MATCH(G163,$Q$3:$Q$23,0),1),0) -> 0 | N163: =ROW(N161)<=$Q$28 -> FALSE | O163: =IF(PrnDB!$K163=0,"",IF(PrnDB!$K163>1," ","")&IF(PrnDB!$K163=3," ","")&PrnDB!$G163)
B164: =IF(AND(ROW()-2-149+ROW(CashFlow1)>=ROW(CashFlow2H)-6,ROW()-2+ROW(CashFlow1)-149<=ROW(CashFlow2)),INDEX(Input,ROW(CashFlow2H)+ROW()-7-150,2),0) -> Purchase of Securities | C164: =IF(D164=0,0,IF(AND(ROW()-2-149+ROW(CashFlow1)>=ROW(CashFlow2H)-6,ROW()-2+ROW(CashFlow1)-149<=ROW(CashFlow2)),INDEX(Input,ROW(CashFlow2H)+ROW()-7-150,15),0)*D164) -> -1900 | D164: =IF(AND(ROW()-2+ROW(CashFlow1)-150<ROW(CashFlow2N)-2),1,-1)*IFERROR(INDEX($U$3:$U$23,MATCH(B164,$Q$3:$Q$23,0),1),1) -> -1 | G164: =OFFSET(B164,PrnDB!$J164,0) -> 0 | H164: =OFFSET(C164,PrnDB!$J164,0) -> 0 | I164: =OFFSET(D164,PrnDB!$J164,0) -> -1 | J164: =IF(ROW(J162)<=$Q$26,0,IF(ROW(J162)<=($Q$26+$Q$27),150-$Q$26,300-$Q$26-$Q$27)) -> 269 | K164: =IF(PrnDB!$G164=0,0,IFERROR(INDEX($R$3:$R$23,MATCH(G164,$Q$3:$Q$23,0),1),3)) -> 0 | L164: =IFERROR(INDEX($S$3:$S$23,MATCH(G164,$Q$3:$Q$23,0),1),0) -> 0 | M164: =IFERROR(INDEX($T$3:$T$23,MATCH(G164,$Q$3:$Q$23,0),1),0) -> 0 | N164: =ROW(N162)<=$Q$28 -> FALSE | O164: =IF(PrnDB!$K164=0,"",IF(PrnDB!$K164>1," ","")&IF(PrnDB!$K164=3," ","")&PrnDB!$G164)
... B302: =IF(AND(ROW()-2-149+ROW(CashFlow1)>=ROW(CashFlow2H)-6,ROW()-2+ROW(CashFlow1)-149<=ROW(CashFlow2)),INDEX(Input,ROW(CashFlow2H)+ROW()-7-150,2),0) -> 0 | C302: =IF(D302=0,0,IF(AND(ROW()-2-149+ROW(CashFlow1)>=ROW(CashFlow2H)-6,ROW()-2+ROW(CashFlow1)-149<=ROW(CashFlow2)),INDEX(Input,ROW(CashFlow2H)+ROW()-7-150,15),0)*D302) -> 0 | D302: =IF(AND(ROW()-2+ROW(CashFlow1)-150<ROW(CashFlow2N)-2),1,-1)*IFERROR(INDEX($U$3:$U$23,MATCH(B302,$Q$3:$Q$23,0),1),1) -> -1 | G302: =OFFSET(B302,PrnDB!$J302,0) -> 0 | H302: =OFFSET(C302,PrnDB!$J302,0) -> 0 | I302: =OFFSET(D302,PrnDB!$J302,0) -> 0 | J302: =IF(ROW(J300)<=$Q$26,0,IF(ROW(J300)<=($Q$26+$Q$27),150-$Q$26,300-$Q$26-$Q$27)) -> 269 | K302: =IF(PrnDB!$G302=0,0,IFERROR(INDEX($R$3:$R$23,MATCH(G302,$Q$3:$Q$23,0),1),3)) -> 0 | L302: =IFERROR(INDEX($S$3:$S$23,MATCH(G302,$Q$3:$Q$23,0),1),0) -> 0 | M302: =IFERROR(INDEX($T$3:$T$23,MATCH(G302,$Q$3:$Q$23,0),1),0) -> 0 | N302: =ROW(N300)<=$Q$28 -> FALSE | O302: =IF(PrnDB!$K302=0,"",IF(PrnDB!$K302>1," ","")&IF(PrnDB!$K302=3," ","")&PrnDB!$G302)
B303: =IF(AND(ROW()-2+ROW(CashFlow2)-299>=ROW(CashFlow3H)-6,ROW()-2+ROW(CashFlow2)-299<=ROW(CashFlow3)+4),INDEX(Input,ROW(CashFlow3H)+ROW()-7-300,2),0) -> Proceeds From Financing Activities | C303: =IF(D303=0,0,IF(AND(ROW()-2+ROW(CashFlow2)-299>=ROW(CashFlow3H)-6,ROW()-2+ROW(CashFlow2)-299<=ROW(CashFlow3)+4),INDEX(Input,ROW(CashFlow3H)+ROW()-7-300,15),0)*D303) -> 0 | D303: =IF(AND(ROW()-2+ROW(CashFlow2)-300<ROW(CashFlow3N)-2),1,-1)*IFERROR(INDEX($U$3:$U$23,MATCH(B303,$Q$3:$Q$23,0),1),1) -> 0 | G303: =OFFSET(B303,PrnDB!$J303,0) -> 0 | H303: =OFFSET(C303,PrnDB!$J303,0) -> 0 | I303: =OFFSET(D303,PrnDB!$J303,0) -> 0 | J303: =IF(ROW(J301)<=$Q$26,0,IF(ROW(J301)<=($Q$26+$Q$27),150-$Q$26,300-$Q$26-$Q$27)) -> 269 | K303: =IF(PrnDB!$G303=0,0,IFERROR(INDEX($R$3:$R$23,MATCH(G303,$Q$3:$Q$23,0),1),3)) -> 0 | L303: =IFERROR(INDEX($S$3:$S$23,MATCH(G303,$Q$3:$Q$23,0),1),0) -> 0 | M303: =IFERROR(INDEX($T$3:$T$23,MATCH(G303,$Q$3:$Q$23,0),1),0) -> 0 | N303: =ROW(N301)<=$Q$28 -> FALSE | O303: =IF(PrnDB!$K303=0,"",IF(PrnDB!$K303>1," ","")&IF(PrnDB!$K303=3," ","")&PrnDB!$G303)
B304: =IF(AND(ROW()-2+ROW(CashFlow2)-299>=ROW(CashFlow3H)-6,ROW()-2+ROW(CashFlow2)-299<=ROW(CashFlow3)+4),INDEX(Input,ROW(CashFlow3H)+ROW()-7-300,2),0) -> Issuance of Debt | C304: =IF(D304=0,0,IF(AND(ROW()-2+ROW(CashFlow2)-299>=ROW(CashFlow3H)-6,ROW()-2+ROW(CashFlow2)-299<=ROW(CashFlow3)+4),INDEX(Input,ROW(CashFlow3H)+ROW()-7-300,15),0)*D304) -> 5000 | D304: =IF(AND(ROW()-2+ROW(CashFlow2)-300<ROW(CashFlow3N)-2),1,-1)*IFERROR(INDEX($U$3:$U$23,MATCH(B304,$Q$3:$Q$23,0),1),1) -> 1 | G304: =OFFSET(B304,PrnDB!$J304,0) -> 0 | H304: =OFFSET(C304,PrnDB!$J304,0) -> 0 | I304: =OFFSET(D304,PrnDB!$J304,0) -> 0 | J304: =IF(ROW(J302)<=$Q$26,0,IF(ROW(J302)<=($Q$26+$Q$27),150-$Q$26,300-$Q$26-$Q$27)) -> 269 | K304: =IF(PrnDB!$G304=0,0,IFERROR(INDEX($R$3:$R$23,MATCH(G304,$Q$3:$Q$23,0),1),3)) -> 0 | L304: =IFERROR(INDEX($S$3:$S$23,MATCH(G304,$Q$3:$Q$23,0),1),0) -> 0 | M304: =IFERROR(INDEX($T$3:$T$23,MATCH(G304,$Q$3:$Q$23,0),1),0) -> 0 | N304: =ROW(N302)<=$Q$28 -> FALSE | O304: =IF(PrnDB!$K304=0,"",IF(PrnDB!$K304>1," ","")&IF(PrnDB!$K304=3," ","")&PrnDB!$G304)
B305: =IF(AND(ROW()-2+ROW(CashFlow2)-299>=ROW(CashFlow3H)-6,ROW()-2+ROW(CashFlow2)-299<=ROW(CashFlow3)+4),INDEX(Input,ROW(CashFlow3H)+ROW()-7-300,2),0) -> Issuance of Equity | C305: =IF(D305=0,0,IF(AND(ROW()-2+ROW(CashFlow2)-299>=ROW(CashFlow3H)-6,ROW()-2+ROW(CashFlow2)-299<=ROW(CashFlow3)+4),INDEX(Input,ROW(CashFlow3H)+ROW()-7-300,15),0)*D305) -> 1000 | D305: =IF(AND(ROW()-2+ROW(CashFlow2)-300<ROW(CashFlow3N)-2),1,-1)*IFERROR(INDEX($U$3:$U$23,MATCH(B305,$Q$3:$Q$23,0),1),1) -> 1 | G305: =OFFSET(B305,PrnDB!$J305,0) -> 0 | H305: =OFFSET(C305,PrnDB!$J305,0) -> 0 | I305: =OFFSET(D305,PrnDB!$J305,0) -> 0 | J305: =IF(ROW(J303)<=$Q$26,0,IF(ROW(J303)<=($Q$26+$Q$27),150-$Q$26,300-$Q$26-$Q$27)) -> 269 | K305: =IF(PrnDB!$G305=0,0,IFERROR(INDEX($R$3:$R$23,MATCH(G305,$Q$3:$Q$23,0),1),3)) -> 0 | L305: =IFERROR(INDEX($S$3:$S$23,MATCH(G305,$Q$3:$Q$23,0),1),0) -> 0 | M305: =IFERROR(INDEX($T$3:$T$23,MATCH(G305,$Q$3:$Q$23,0),1),0) -> 0 | N305: =ROW(N303)<=$Q$28 -> FALSE | O305: =IF(PrnDB!$K305=0,"",IF(PrnDB!$K305>1," ","")&IF(PrnDB!$K305=3," ","")&PrnDB!$G305)
B306: =IF(AND(ROW()-2+ROW(CashFlow2)-299>=ROW(CashFlow3H)-6,ROW()-2+ROW(CashFlow2)-299<=ROW(CashFlow3)+4),INDEX(Input,ROW(CashFlow3H)+ROW()-7-300,2),0) -> Other Financing Proceeds | C306: =IF(D306=0,0,IF(AND(ROW()-2+ROW(CashFlow2)-299>=ROW(CashFlow3H)-6,ROW()-2+ROW(CashFlow2)-299<=ROW(CashFlow3)+4),INDEX(Input,ROW(CashFlow3H)+ROW()-7-300,15),0)*D306) -> 0 | D306: =IF(AND(ROW()-2+ROW(CashFlow2)-300<ROW(CashFlow3N)-2),1,-1)*IFERROR(INDEX($U$3:$U$23,MATCH(B306,$Q$3:$Q$23,0),1),1) -> 1 | G306: =OFFSET(B306,PrnDB!$J306,0) -> 0 | H306: =OFFSET(C306,PrnDB!$J306,0) -> 0 | I306: =OFFSET(D306,PrnDB!$J306,0) -> 0 | J306: =IF(ROW(J304)<=$Q$26,0,IF(ROW(J304)<=($Q$26+$Q$27),150-$Q$26,300-$Q$26-$Q$27)) -> 269 | K306: =IF(PrnDB!$G306=0,0,IFERROR(INDEX($R$3:$R$23,MATCH(G306,$Q$3:$Q$23,0),1),3)) -> 0 | L306: =IFERROR(INDEX($S$3:$S$23,MATCH(G306,$Q$3:$Q$23,0),1),0) -> 0 | M306: =IFERROR(INDEX($T$3:$T$23,MATCH(G306,$Q$3:$Q$23,0),1),0) -> 0 | N306: =ROW(N304)<=$Q$28 -> FALSE | O306: =IF(PrnDB!$K306=0,"",IF(PrnDB!$K306>1," ","")&IF(PrnDB!$K306=3," ","")&PrnDB!$G306)
B307: =IF(AND(ROW()-2+ROW(CashFlow2)-299>=ROW(CashFlow3H)-6,ROW()-2+ROW(CashFlow2)-299<=ROW(CashFlow3)+4),INDEX(Input,ROW(CashFlow3H)+ROW()-7-300,2),0) -> Total Financing Proceeds: | C307: =IF(D307=0,0,IF(AND(ROW()-2+ROW(CashFlow2)-299>=ROW(CashFlow3H)-6,ROW()-2+ROW(CashFlow2)-299<=ROW(CashFlow3)+4),INDEX(Input,ROW(CashFlow3H)+ROW()-7-300,15),0)*D307) -> 6000 | D307: =IF(AND(ROW()-2+ROW(CashFlow2)-300<ROW(CashFlow3N)-2),1,-1)*IFERROR(INDEX($U$3:$U$23,MATCH(B307,$Q$3:$Q$23,0),1),1) -> 1 | G307: =OFFSET(B307,PrnDB!$J307,0) -> 0 | H307: =OFFSET(C307,PrnDB!$J307,0) -> 0 | I307: =OFFSET(D307,PrnDB!$J307,0) -> 0 | J307: =IF(ROW(J305)<=$Q$26,0,IF(ROW(J305)<=($Q$26+$Q$27),150-$Q$26,300-$Q$26-$Q$27)) -> 269 | K307: =IF(PrnDB!$G307=0,0,IFERROR(INDEX($R$3:$R$23,MATCH(G307,$Q$3:$Q$23,0),1),3)) -> 0 | L307: =IFERROR(INDEX($S$3:$S$23,MATCH(G307,$Q$3:$Q$23,0),1),0) -> 0 | M307: =IFERROR(INDEX($T$3:$T$23,MATCH(G307,$Q$3:$Q$23,0),1),0) -> 0 | N307: =ROW(N305)<=$Q$28 -> FALSE | O307: =IF(PrnDB!$K307=0,"",IF(PrnDB!$K307>1," ","")&IF(PrnDB!$K307=3," ","")&PrnDB!$G307)
B308: =IF(AND(ROW()-2+ROW(CashFlow2)-299>=ROW(CashFlow3H)-6,ROW()-2+ROW(CashFlow2)-299<=ROW(CashFlow3)+4),INDEX(Input,ROW(CashFlow3H)+ROW()-7-300,2),0) -> 0 | C308: =IF(D308=0,0,IF(AND(ROW()-2+ROW(CashFlow2)-299>=ROW(CashFlow3H)-6,ROW()-2+ROW(CashFlow2)-299<=ROW(CashFlow3)+4),INDEX(Input,ROW(CashFlow3H)+ROW()-7-300,15),0)*D308) -> 0 | D308: =IF(AND(ROW()-2+ROW(CashFlow2)-300<ROW(CashFlow3N)-2),1,-1)*IFERROR(INDEX($U$3:$U$23,MATCH(B308,$Q$3:$Q$23,0),1),1) -> 1 | G308: =OFFSET(B308,PrnDB!$J308,0) -> 0 | H308: =OFFSET(C308,PrnDB!$J308,0) -> 0 | I308: =OFFSET(D308,PrnDB!$J308,0) -> 0 | J308: =IF(ROW(J306)<=$Q$26,0,IF(ROW(J306)<=($Q$26+$Q$27),150-$Q$26,300-$Q$26-$Q$27)) -> 269 | K308: =IF(PrnDB!$G308=0,0,IFERROR(INDEX($R$3:$R$23,MATCH(G308,$Q$3:$Q$23,0),1),3)) -> 0 | L308: =IFERROR(INDEX($S$3:$S$23,MATCH(G308,$Q$3:$Q$23,0),1),0) -> 0 | M308: =IFERROR(INDEX($T$3:$T$23,MATCH(G308,$Q$3:$Q$23,0),1),0) -> 0 | N308: =ROW(N306)<=$Q$28 -> FALSE | O308: =IF(PrnDB!$K308=0,"",IF(PrnDB!$K308>1," ","")&IF(PrnDB!$K308=3," ","")&PrnDB!$G308)
B309: =IF(AND(ROW()-2+ROW(CashFlow2)-299>=ROW(CashFlow3H)-6,ROW()-2+ROW(CashFlow2)-299<=ROW(CashFlow3)+4),INDEX(Input,ROW(CashFlow3H)+ROW()-7-300,2),0) -> Payments For Financing Activities | C309: =IF(D309=0,0,IF(AND(ROW()-2+ROW(CashFlow2)-299>=ROW(CashFlow3H)-6,ROW()-2+ROW(CashFlow2)-299<=ROW(CashFlow3)+4),INDEX(Input,ROW(CashFlow3H)+ROW()-7-300,15),0)*D309) -> 0 | D309: =IF(AND(ROW()-2+ROW(CashFlow2)-300<ROW(CashFlow3N)-2),1,-1)*IFERROR(INDEX($U$3:$U$23,MATCH(B309,$Q$3:$Q$23,0),1),1) -> 0 | G309: =OFFSET(B309,PrnDB!$J309,0) -> 0 | H309: =OFFSET(C309,PrnDB!$J309,0) -> 0 | I309: =OFFSET(D309,PrnDB!$J309,0) -> 0 | J309: =IF(ROW(J307)<=$Q$26,0,IF(ROW(J307)<=($Q$26+$Q$27),150-$Q$26,300-$Q$26-$Q$27)) -> 269 | K309: =IF(PrnDB!$G309=0,0,IFERROR(INDEX($R$3:$R$23,MATCH(G309,$Q$3:$Q$23,0),1),3)) -> 0 | L309: =IFERROR(INDEX($S$3:$S$23,MATCH(G309,$Q$3:$Q$23,0),1),0) -> 0 | M309: =IFERROR(INDEX($T$3:$T$23,MATCH(G309,$Q$3:$Q$23,0),1),0) -> 0 | N309: =ROW(N307)<=$Q$28 -> FALSE | O309: =IF(PrnDB!$K309=0,"",IF(PrnDB!$K309>1," ","")&IF(PrnDB!$K309=3," ","")&PrnDB!$G309)
B310: =IF(AND(ROW()-2+ROW(CashFlow2)-299>=ROW(CashFlow3H)-6,ROW()-2+ROW(CashFlow2)-299<=ROW(CashFlow3)+4),INDEX(Input,ROW(CashFlow3H)+ROW()-7-300,2),0) -> Debt Repayment | C310: =IF(D310=0,0,IF(AND(ROW()-2+ROW(CashFlow2)-299>=ROW(CashFlow3H)-6,ROW()-2+ROW(CashFlow2)-299<=ROW(CashFlow3)+4),INDEX(Input,ROW(CashFlow3H)+ROW()-7-300,15),0)*D310) -> -700 | D310: =IF(AND(ROW()-2+ROW(CashFlow2)-300<ROW(CashFlow3N)-2),1,-1)*IFERROR(INDEX($U$3:$U$23,MATCH(B310,$Q$3:$Q$23,0),1),1) -> -1 | G310: =OFFSET(B310,PrnDB!$J310,0) -> 0 | H310: =OFFSET(C310,PrnDB!$J310,0) -> 0 | I310: =OFFSET(D310,PrnDB!$J310,0) -> 0 | J310: =IF(ROW(J308)<=$Q$26,0,IF(ROW(J308)<=($Q$26+$Q$27),150-$Q$26,300-$Q$26-$Q$27)) -> 269 | K310: =IF(PrnDB!$G310=0,0,IFERROR(INDEX($R$3:$R$23,MATCH(G310,$Q$3:$Q$23,0),1),3)) -> 0 | L310: =IFERROR(INDEX($S$3:$S$23,MATCH(G310,$Q$3:$Q$23,0),1),0) -> 0 | M310: =IFERROR(INDEX($T$3:$T$23,MATCH(G310,$Q$3:$Q$23,0),1),0) -> 0 | N310: =ROW(N308)<=$Q$28 -> FALSE | O310: =IF(PrnDB!$K310=0,"",IF(PrnDB!$K310>1," ","")&IF(PrnDB!$K310=3," ","")&PrnDB!$G310)
B311: =IF(AND(ROW()-2+ROW(CashFlow2)-299>=ROW(CashFlow3H)-6,ROW()-2+ROW(CashFlow2)-299<=ROW(CashFlow3)+4),INDEX(Input,ROW(CashFlow3H)+ROW()-7-300,2),0) -> Interest Paid | C311: =IF(D311=0,0,IF(AND(ROW()-2+ROW(CashFlow2)-299>=ROW(CashFlow3H)-6,ROW()-2+ROW(CashFlow2)-299<=ROW(CashFlow3)+4),INDEX(Input,ROW(CashFlow3H)+ROW()-7-300,15),0)*D311) -> -292 | D311: =IF(AND(ROW()-2+ROW(CashFlow2)-300<ROW(CashFlow3N)-2),1,-1)*IFERROR(INDEX($U$3:$U$23,MATCH(B311,$Q$3:$Q$23,0),1),1) -> -1 | G311: =OFFSET(B311,PrnDB!$J311,0) -> 0 | H311: =OFFSET(C311,PrnDB!$J311,0) -> 0 | I311: =OFFSET(D311,PrnDB!$J311,0) -> 0 | J311: =IF(ROW(J309)<=$Q$26,0,IF(ROW(J309)<=($Q$26+$Q$27),150-$Q$26,300-$Q$26-$Q$27)) -> 269 | K311: =IF(PrnDB!$G311=0,0,IFERROR(INDEX($R$3:$R$23,MATCH(G311,$Q$3:$Q$23,0),1),3)) -> 0 | L311: =IFERROR(INDEX($S$3:$S$23,MATCH(G311,$Q$3:$Q$23,0),1),0) -> 0 | M311: =IFERROR(INDEX($T$3:$T$23,MATCH(G311,$Q$3:$Q$23,0),1),0) -> 0 | N311: =ROW(N309)<=$Q$28 -> FALSE | O311: =IF(PrnDB!$K311=0,"",IF(PrnDB!$K311>1," ","")&IF(PrnDB!$K311=3," ","")&PrnDB!$G311)
B312: =IF(AND(ROW()-2+ROW(CashFlow2)-299>=ROW(CashFlow3H)-6,ROW()-2+ROW(CashFlow2)-299<=ROW(CashFlow3)+4),INDEX(Input,ROW(CashFlow3H)+ROW()-7-300,2),0) -> Repurchase of Equity | C312: =IF(D312=0,0,IF(AND(ROW()-2+ROW(CashFlow2)-299>=ROW(CashFlow3H)-6,ROW()-2+ROW(CashFlow2)-299<=ROW(CashFlow3)+4),INDEX(Input,ROW(CashFlow3H)+ROW()-7-300,15),0)*D312) -> -1000 | D312: =IF(AND(ROW()-2+ROW(CashFlow2)-300<ROW(CashFlow3N)-2),1,-1)*IFERROR(INDEX($U$3:$U$23,MATCH(B312,$Q$3:$Q$23,0),1),1) -> -1 | G312: =OFFSET(B312,PrnDB!$J312,0) -> 0 | H312: =OFFSET(C312,PrnDB!$J312,0) -> 0 | I312: =OFFSET(D312,PrnDB!$J312,0) -> 0 | J312: =IF(ROW(J310)<=$Q$26,0,IF(ROW(J310)<=($Q$26+$Q$27),150-$Q$26,300-$Q$26-$Q$27)) -> 269 | K312: =IF(PrnDB!$G312=0,0,IFERROR(INDEX($R$3:$R$23,MATCH(G312,$Q$3:$Q$23,0),1),3)) -> 0 | L312: =IFERROR(INDEX($S$3:$S$23,MATCH(G312,$Q$3:$Q$23,0),1),0) -> 0 | M312: =IFERROR(INDEX($T$3:$T$23,MATCH(G312,$Q$3:$Q$23,0),1),0) -> 0 | N312: =ROW(N310)<=$Q$28 -> FALSE | O312: =IF(PrnDB!$K312=0,"",IF(PrnDB!$K312>1," ","")&IF(PrnDB!$K312=3," ","")&PrnDB!$G312)
B313: =IF(AND(ROW()-2+ROW(CashFlow2)-299>=ROW(CashFlow3H)-6,ROW()-2+ROW(CashFlow2)-299<=ROW(CashFlow3)+4),INDEX(Input,ROW(CashFlow3H)+ROW()-7-300,2),0) -> Dividends and Distributions | C313: =IF(D313=0,0,IF(AND(ROW()-2+ROW(CashFlow2)-299>=ROW(CashFlow3H)-6,ROW()-2+ROW(CashFlow2)-299<=ROW(CashFlow3)+4),INDEX(Input,ROW(CashFlow3H)+ROW()-7-300,15),0)*D313) -> -1200 | D313: =IF(AND(ROW()-2+ROW(CashFlow2)-300<ROW(CashFlow3N)-2),1,-1)*IFERROR(INDEX($U$3:$U$23,MATCH(B313,$Q$3:$Q$23,0),1),1) -> -1 | G313: =OFFSET(B313,PrnDB!$J313,0) -> 0 | H313: =OFFSET(C313,PrnDB!$J313,0) -> 0 | I313: =OFFSET(D313,PrnDB!$J313,0) -> 0 | J313: =IF(ROW(J311)<=$Q$26,0,IF(ROW(J311)<=($Q$26+$Q$27),150-$Q$26,300-$Q$26-$Q$27)) -> 269 | K313: =IF(PrnDB!$G313=0,0,IFERROR(INDEX($R$3:$R$23,MATCH(G313,$Q$3:$Q$23,0),1),3)) -> 0 | L313: =IFERROR(INDEX($S$3:$S$23,MATCH(G313,$Q$3:$Q$23,0),1),0) -> 0 | M313: =IFERROR(INDEX($T$3:$T$23,MATCH(G313,$Q$3:$Q$23,0),1),0) -> 0 | N313: =ROW(N311)<=$Q$28 -> FALSE | O313: =IF(PrnDB!$K313=0,"",IF(PrnDB!$K313>1," ","")&IF(PrnDB!$K313=3," ","")&PrnDB!$G313)
B314: =IF(AND(ROW()-2+ROW(CashFlow2)-299>=ROW(CashFlow3H)-6,ROW()-2+ROW(CashFlow2)-299<=ROW(CashFlow3)+4),INDEX(Input,ROW(CashFlow3H)+ROW()-7-300,2),0) -> Other Financing Payments | C314: =IF(D314=0,0,IF(AND(ROW()-2+ROW(CashFlow2)-299>=ROW(CashFlow3H)-6,ROW()-2+ROW(CashFlow2)-299<=ROW(CashFlow3)+4),INDEX(Input,ROW(CashFlow3H)+ROW()-7-300,15),0)*D314) -> 0 | D314: =IF(AND(ROW()-2+ROW(CashFlow2)-300<ROW(CashFlow3N)-2),1,-1)*IFERROR(INDEX($U$3:$U$23,MATCH(B314,$Q$3:$Q$23,0),1),1) -> -1 | G314: =OFFSET(B314,PrnDB!$J314,0) -> 0 | H314: =OFFSET(C314,PrnDB!$J314,0) -> 0 | I314: =OFFSET(D314,PrnDB!$J314,0) -> 0 | J314: =IF(ROW(J312)<=$Q$26,0,IF(ROW(J312)<=($Q$26+$Q$27),150-$Q$26,300-$Q$26-$Q$27)) -> 269 | K314: =IF(PrnDB!$G314=0,0,IFERROR(INDEX($R$3:$R$23,MATCH(G314,$Q$3:$Q$23,0),1),3)) -> 0 | L314: =IFERROR(INDEX($S$3:$S$23,MATCH(G314,$Q$3:$Q$23,0),1),0) -> 0 | M314: =IFERROR(INDEX($T$3:$T$23,MATCH(G314,$Q$3:$Q$23,0),1),0) -> 0 | N314: =ROW(N312)<=$Q$28 -> FALSE | O314: =IF(PrnDB!$K314=0,"",IF(PrnDB!$K314>1," ","")&IF(PrnDB!$K314=3," ","")&PrnDB!$G314)
... B329: =IF(AND(ROW()-2+ROW(CashFlow2)-299>=ROW(CashFlow3H)-6,ROW()-2+ROW(CashFlow2)-299<=ROW(CashFlow3)+4),INDEX(Input,ROW(CashFlow3H)+ROW()-7-300,2),0) -> 0 | C329: =IF(D329=0,0,IF(AND(ROW()-2+ROW(CashFlow2)-299>=ROW(CashFlow3H)-6,ROW()-2+ROW(CashFlow2)-299<=ROW(CashFlow3)+4),INDEX(Input,ROW(CashFlow3H)+ROW()-7-300,15),0)*D329) -> 0 | D329: =IF(AND(ROW()-2+ROW(CashFlow2)-300<ROW(CashFlow3N)-2),1,-1)*IFERROR(INDEX($U$3:$U$23,MATCH(B329,$Q$3:$Q$23,0),1),1) -> -1 | G329: =OFFSET(B329,PrnDB!$J329,0) -> 0 | H329: =OFFSET(C329,PrnDB!$J329,0) -> 0 | I329: =OFFSET(D329,PrnDB!$J329,0) -> 0 | J329: =IF(ROW(J327)<=$Q$26,0,IF(ROW(J327)<=($Q$26+$Q$27),150-$Q$26,300-$Q$26-$Q$27)) -> 269 | K329: =IF(PrnDB!$G329=0,0,IFERROR(INDEX($R$3:$R$23,MATCH(G329,$Q$3:$Q$23,0),1),3)) -> 0 | L329: =IFERROR(INDEX($S$3:$S$23,MATCH(G329,$Q$3:$Q$23,0),1),0) -> 0 | M329: =IFERROR(INDEX($T$3:$T$23,MATCH(G329,$Q$3:$Q$23,0),1),0) -> 0 | N329: =ROW(N327)<=$Q$28 -> FALSE | O329: =IF(PrnDB!$K329=0,"",IF(PrnDB!$K329>1," ","")&IF(PrnDB!$K329=3," ","")&PrnDB!$G329)
B330: =IF(AND(ROW()-2+ROW(CashFlow2)-299>=ROW(CashFlow3H)-6,ROW()-2+ROW(CashFlow2)-299<=ROW(CashFlow3)),INDEX(Input,ROW(CashFlow3H)+ROW()-7-300,2),0) -> 0 | C330: =IF(D330=0,0,IF(AND(ROW()-2+ROW(CashFlow2)-299>=ROW(CashFlow3H)-6,ROW()-2+ROW(CashFlow2)-299<=ROW(CashFlow3)+4),INDEX(Input,ROW(CashFlow3H)+ROW()-7-300,15),0)*D330) -> 0 | D330: =IF(AND(ROW()-2+ROW(CashFlow2)-300<ROW(CashFlow3N)-2),1,-1)*IFERROR(INDEX($U$3:$U$23,MATCH(B330,$Q$3:$Q$23,0),1),1) -> -1 | G330: =OFFSET(B330,PrnDB!$J330,0) -> 0 | H330: =OFFSET(C330,PrnDB!$J330,0) -> 0 | I330: =OFFSET(D330,PrnDB!$J330,0) -> 0 | J330: =IF(ROW(J328)<=$Q$26,0,IF(ROW(J328)<=($Q$26+$Q$27),150-$Q$26,300-$Q$26-$Q$27)) -> 269 | K330: =IF(PrnDB!$G330=0,0,IFERROR(INDEX($R$3:$R$23,MATCH(G330,$Q$3:$Q$23,0),1),3)) -> 0 | L330: =IFERROR(INDEX($S$3:$S$23,MATCH(G330,$Q$3:$Q$23,0),1),0) -> 0 | M330: =IFERROR(INDEX($T$3:$T$23,MATCH(G330,$Q$3:$Q$23,0),1),0) -> 0 | N330: =ROW(N328)<=$Q$28 -> FALSE | O330: =IF(PrnDB!$K330=0,"",IF(PrnDB!$K330>1," ","")&IF(PrnDB!$K330=3," ","")&PrnDB!$G330)
B331: =IF(AND(ROW()-2+ROW(CashFlow2)-299>=ROW(CashFlow3H)-6,ROW()-2+ROW(CashFlow2)-299<=ROW(CashFlow3)),INDEX(Input,ROW(CashFlow3H)+ROW()-7-300,2),0) -> 0 | C331: =IF(D331=0,0,IF(AND(ROW()-2+ROW(CashFlow2)-299>=ROW(CashFlow3H)-6,ROW()-2+ROW(CashFlow2)-299<=ROW(CashFlow3)+4),INDEX(Input,ROW(CashFlow3H)+ROW()-7-300,15),0)*D331) -> 0 | D331: =IF(AND(ROW()-2+ROW(CashFlow2)-300<ROW(CashFlow3N)-2),1,-1)*IFERROR(INDEX($U$3:$U$23,MATCH(B331,$Q$3:$Q$23,0),1),1) -> -1 | G331: =OFFSET(B331,PrnDB!$J331,0) -> 0 | H331: =OFFSET(C331,PrnDB!$J331,0) -> 0 | I331: =OFFSET(D331,PrnDB!$J331,0) -> 0 | J331: =IF(ROW(J329)<=$Q$26,0,IF(ROW(J329)<=($Q$26+$Q$27),150-$Q$26,300-$Q$26-$Q$27)) -> 269 | K331: =IF(PrnDB!$G331=0,0,IFERROR(INDEX($R$3:$R$23,MATCH(G331,$Q$3:$Q$23,0),1),3)) -> 0 | L331: =IFERROR(INDEX($S$3:$S$23,MATCH(G331,$Q$3:$Q$23,0),1),0) -> 0 | M331: =IFERROR(INDEX($T$3:$T$23,MATCH(G331,$Q$3:$Q$23,0),1),0) -> 0 | N331: =ROW(N329)<=$Q$28 -> FALSE | O331: =IF(PrnDB!$K331=0,"",IF(PrnDB!$K331>1," ","")&IF(PrnDB!$K331=3," ","")&PrnDB!$G331)
B332: =IF(AND(ROW()-2+ROW(CashFlow2)-299>=ROW(CashFlow3H)-6,ROW()-2+ROW(CashFlow2)-299<=ROW(CashFlow3)),INDEX(Input,ROW(CashFlow3H)+ROW()-7-300,2),0) -> 0 | C332: =IF(D332=0,0,IF(AND(ROW()-2+ROW(CashFlow2)-299>=ROW(CashFlow3H)-6,ROW()-2+ROW(CashFlow2)-299<=ROW(CashFlow3)+4),INDEX(Input,ROW(CashFlow3H)+ROW()-7-300,15),0)*D332) -> 0 | D332: =IF(AND(ROW()-2+ROW(CashFlow2)-300<ROW(CashFlow3N)-2),1,-1)*IFERROR(INDEX($U$3:$U$23,MATCH(B332,$Q$3:$Q$23,0),1),1) -> -1 | G332: =OFFSET(B332,PrnDB!$J332,0) -> 0 | H332: =OFFSET(C332,PrnDB!$J332,0) -> 0 | I332: =OFFSET(D332,PrnDB!$J332,0) -> 0 | J332: =IF(ROW(J330)<=$Q$26,0,IF(ROW(J330)<=($Q$26+$Q$27),150-$Q$26,300-$Q$26-$Q$27)) -> 269 | K332: =IF(PrnDB!$G332=0,0,IFERROR(INDEX($R$3:$R$23,MATCH(G332,$Q$3:$Q$23,0),1),3)) -> 0 | L332: =IFERROR(INDEX($S$3:$S$23,MATCH(G332,$Q$3:$Q$23,0),1),0) -> 0 | M332: =IFERROR(INDEX($T$3:$T$23,MATCH(G332,$Q$3:$Q$23,0),1),0) -> 0 | N332: =ROW(N330)<=$Q$28 -> FALSE | O332: =IF(PrnDB!$K332=0,"",IF(PrnDB!$K332>1," ","")&IF(PrnDB!$K332=3," ","")&PrnDB!$G332)
B333: =IF(AND(ROW()-2+ROW(CashFlow2)-299>=ROW(CashFlow3H)-6,ROW()-2+ROW(CashFlow2)-299<=ROW(CashFlow3)),INDEX(Input,ROW(CashFlow3H)+ROW()-7-300,2),0) -> 0 | C333: =IF(D333=0,0,IF(AND(ROW()-2+ROW(CashFlow2)-299>=ROW(CashFlow3H)-6,ROW()-2+ROW(CashFlow2)-299<=ROW(CashFlow3)+4),INDEX(Input,ROW(CashFlow3H)+ROW()-7-300,15),0)*D333) -> 0 | D333: =IF(AND(ROW()-2+ROW(CashFlow2)-300<ROW(CashFlow3N)-2),1,-1)*IFERROR(INDEX($U$3:$U$23,MATCH(B333,$Q$3:$Q$23,0),1),1) -> -1 | G333: =OFFSET(B333,PrnDB!$J333,0) -> 0 | H333: =OFFSET(C333,PrnDB!$J333,0) -> 0 | I333: =OFFSET(D333,PrnDB!$J333,0) -> 0 | J333: =IF(ROW(J331)<=$Q$26,0,IF(ROW(J331)<=($Q$26+$Q$27),150-$Q$26,300-$Q$26-$Q$27)) -> 269 | K333: =IF(PrnDB!$G333=0,0,IFERROR(INDEX($R$3:$R$23,MATCH(G333,$Q$3:$Q$23,0),1),3)) -> 0 | L333: =IFERROR(INDEX($S$3:$S$23,MATCH(G333,$Q$3:$Q$23,0),1),0) -> 0 | M333: =IFERROR(INDEX($T$3:$T$23,MATCH(G333,$Q$3:$Q$23,0),1),0) -> 0 | N333: =ROW(N331)<=$Q$28 -> FALSE | O333: =IF(PrnDB!$K333=0,"",IF(PrnDB!$K333>1," ","")&IF(PrnDB!$K333=3," ","")&PrnDB!$G333)
B334: =IF(AND(ROW()-2+ROW(CashFlow2)-299>=ROW(CashFlow3H)-6,ROW()-2+ROW(CashFlow2)-299<=ROW(CashFlow3)),INDEX(Input,ROW(CashFlow3H)+ROW()-7-300,2),0) -> 0 | C334: =IF(D334=0,0,IF(AND(ROW()-2+ROW(CashFlow2)-299>=ROW(CashFlow3H)-6,ROW()-2+ROW(CashFlow2)-299<=ROW(CashFlow3)+4),INDEX(Input,ROW(CashFlow3H)+ROW()-7-300,15),0)*D334) -> 0 | D334: =IF(AND(ROW()-2+ROW(CashFlow2)-300<ROW(CashFlow3N)-2),1,-1)*IFERROR(INDEX($U$3:$U$23,MATCH(B334,$Q$3:$Q$23,0),1),1) -> -1 | G334: =OFFSET(B334,PrnDB!$J334,0) -> 0 | H334: =OFFSET(C334,PrnDB!$J334,0) -> 0 | I334: =OFFSET(D334,PrnDB!$J334,0) -> 0 | J334: =IF(ROW(J332)<=$Q$26,0,IF(ROW(J332)<=($Q$26+$Q$27),150-$Q$26,300-$Q$26-$Q$27)) -> 269 | K334: =IF(PrnDB!$G334=0,0,IFERROR(INDEX($R$3:$R$23,MATCH(G334,$Q$3:$Q$23,0),1),3)) -> 0 | L334: =IFERROR(INDEX($S$3:$S$23,MATCH(G334,$Q$3:$Q$23,0),1),0) -> 0 | M334: =IFERROR(INDEX($T$3:$T$23,MATCH(G334,$Q$3:$Q$23,0),1),0) -> 0 | N334: =ROW(N332)<=$Q$28 -> FALSE | O334: =IF(PrnDB!$K334=0,"",IF(PrnDB!$K334>1," ","")&IF(PrnDB!$K334=3," ","")&PrnDB!$G334)
B335: =IF(AND(ROW()-2+ROW(CashFlow2)-299>=ROW(CashFlow3H)-6,ROW()-2+ROW(CashFlow2)-299<=ROW(CashFlow3)),INDEX(Input,ROW(CashFlow3H)+ROW()-7-300,2),0) -> 0 | C335: =IF(D335=0,0,IF(AND(ROW()-2+ROW(CashFlow2)-299>=ROW(CashFlow3H)-6,ROW()-2+ROW(CashFlow2)-299<=ROW(CashFlow3)+4),INDEX(Input,ROW(CashFlow3H)+ROW()-7-300,15),0)*D335) -> 0 | D335: =IF(AND(ROW()-2+ROW(CashFlow2)-300<ROW(CashFlow3N)-2),1,-1)*IFERROR(INDEX($U$3:$U$23,MATCH(B335,$Q$3:$Q$23,0),1),1) -> -1 | G335: =OFFSET(B335,PrnDB!$J335,0) -> 0 | H335: =OFFSET(C335,PrnDB!$J335,0) -> 0 | I335: =OFFSET(D335,PrnDB!$J335,0) -> 0 | J335: =IF(ROW(J333)<=$Q$26,0,IF(ROW(J333)<=($Q$26+$Q$27),150-$Q$26,300-$Q$26-$Q$27)) -> 269 | K335: =IF(PrnDB!$G335=0,0,IFERROR(INDEX($R$3:$R$23,MATCH(G335,$Q$3:$Q$23,0),1),3)) -> 0 | L335: =IFERROR(INDEX($S$3:$S$23,MATCH(G335,$Q$3:$Q$23,0),1),0) -> 0 | M335: =IFERROR(INDEX($T$3:$T$23,MATCH(G335,$Q$3:$Q$23,0),1),0) -> 0 | N335: =ROW(N333)<=$Q$28 -> FALSE | O335: =IF(PrnDB!$K335=0,"",IF(PrnDB!$K335>1," ","")&IF(PrnDB!$K335=3," ","")&PrnDB!$G335)
B336: =IF(AND(ROW()-2+ROW(CashFlow2)-299>=ROW(CashFlow3H)-6,ROW()-2+ROW(CashFlow2)-299<=ROW(CashFlow3)),INDEX(Input,ROW(CashFlow3H)+ROW()-7-300,2),0) -> 0 | C336: =IF(D336=0,0,IF(AND(ROW()-2+ROW(CashFlow2)-299>=ROW(CashFlow3H)-6,ROW()-2+ROW(CashFlow2)-299<=ROW(CashFlow3)+4),INDEX(Input,ROW(CashFlow3H)+ROW()-7-300,15),0)*D336) -> 0 | D336: =IF(AND(ROW()-2+ROW(CashFlow2)-300<ROW(CashFlow3N)-2),1,-1)*IFERROR(INDEX($U$3:$U$23,MATCH(B336,$Q$3:$Q$23,0),1),1) -> -1 | G336: =OFFSET(B336,PrnDB!$J336,0) -> 0 | H336: =OFFSET(C336,PrnDB!$J336,0) -> 0 | I336: =OFFSET(D336,PrnDB!$J336,0) -> 0 | J336: =IF(ROW(J334)<=$Q$26,0,IF(ROW(J334)<=($Q$26+$Q$27),150-$Q$26,300-$Q$26-$Q$27)) -> 269 | K336: =IF(PrnDB!$G336=0,0,IFERROR(INDEX($R$3:$R$23,MATCH(G336,$Q$3:$Q$23,0),1),3)) -> 0 | L336: =IFERROR(INDEX($S$3:$S$23,MATCH(G336,$Q$3:$Q$23,0),1),0) -> 0 | M336: =IFERROR(INDEX($T$3:$T$23,MATCH(G336,$Q$3:$Q$23,0),1),0) -> 0 | N336: =ROW(N334)<=$Q$28 -> FALSE | O336: =IF(PrnDB!$K336=0,"",IF(PrnDB!$K336>1," ","")&IF(PrnDB!$K336=3," ","")&PrnDB!$G336)
B337: =IF(AND(ROW()-2+ROW(CashFlow2)-299>=ROW(CashFlow3H)-6,ROW()-2+ROW(CashFlow2)-299<=ROW(CashFlow3)),INDEX(Input,ROW(CashFlow3H)+ROW()-7-300,2),0) -> 0 | C337: =IF(D337=0,0,IF(AND(ROW()-2+ROW(CashFlow2)-299>=ROW(CashFlow3H)-6,ROW()-2+ROW(CashFlow2)-299<=ROW(CashFlow3)+4),INDEX(Input,ROW(CashFlow3H)+ROW()-7-300,15),0)*D337) -> 0 | D337: =IF(AND(ROW()-2+ROW(CashFlow2)-300<ROW(CashFlow3N)-2),1,-1)*IFERROR(INDEX($U$3:$U$23,MATCH(B337,$Q$3:$Q$23,0),1),1) -> -1 | G337: =OFFSET(B337,PrnDB!$J337,0) -> 0 | H337: =OFFSET(C337,PrnDB!$J337,0) -> 0 | I337: =OFFSET(D337,PrnDB!$J337,0) -> 0 | J337: =IF(ROW(J335)<=$Q$26,0,IF(ROW(J335)<=($Q$26+$Q$27),150-$Q$26,300-$Q$26-$Q$27)) -> 269 | K337: =IF(PrnDB!$G337=0,0,IFERROR(INDEX($R$3:$R$23,MATCH(G337,$Q$3:$Q$23,0),1),3)) -> 0 | L337: =IFERROR(INDEX($S$3:$S$23,MATCH(G337,$Q$3:$Q$23,0),1),0) -> 0 | M337: =IFERROR(INDEX($T$3:$T$23,MATCH(G337,$Q$3:$Q$23,0),1),0) -> 0 | N337: =ROW(N335)<=$Q$28 -> FALSE | O337: =IF(PrnDB!$K337=0,"",IF(PrnDB!$K337>1," ","")&IF(PrnDB!$K337=3," ","")&PrnDB!$G337)
B338: =IF(AND(ROW()-2+ROW(CashFlow2)-299>=ROW(CashFlow3H)-6,ROW()-2+ROW(CashFlow2)-299<=ROW(CashFlow3)),INDEX(Input,ROW(CashFlow3H)+ROW()-7-300,2),0) -> 0 | C338: =IF(D338=0,0,IF(AND(ROW()-2+ROW(CashFlow2)-299>=ROW(CashFlow3H)-6,ROW()-2+ROW(CashFlow2)-299<=ROW(CashFlow3)+4),INDEX(Input,ROW(CashFlow3H)+ROW()-7-300,15),0)*D338) -> 0 | D338: =IF(AND(ROW()-2+ROW(CashFlow2)-300<ROW(CashFlow3N)-2),1,-1)*IFERROR(INDEX($U$3:$U$23,MATCH(B338,$Q$3:$Q$23,0),1),1) -> -1 | G338: =OFFSET(B338,PrnDB!$J338,0) -> 0 | H338: =OFFSET(C338,PrnDB!$J338,0) -> 0 | I338: =OFFSET(D338,PrnDB!$J338,0) -> 0 | J338: =IF(ROW(J336)<=$Q$26,0,IF(ROW(J336)<=($Q$26+$Q$27),150-$Q$26,300-$Q$26-$Q$27)) -> 269 | K338: =IF(PrnDB!$G338=0,0,IFERROR(INDEX($R$3:$R$23,MATCH(G338,$Q$3:$Q$23,0),1),3)) -> 0 | L338: =IFERROR(INDEX($S$3:$S$23,MATCH(G338,$Q$3:$Q$23,0),1),0) -> 0 | M338: =IFERROR(INDEX($T$3:$T$23,MATCH(G338,$Q$3:$Q$23,0),1),0) -> 0 | N338: =ROW(N336)<=$Q$28 -> FALSE | O338: =IF(PrnDB!$K338=0,"",IF(PrnDB!$K338>1," ","")&IF(PrnDB!$K338=3," ","")&PrnDB!$G338)
B339: =IF(AND(ROW()-2+ROW(CashFlow2)-299>=ROW(CashFlow3H)-6,ROW()-2+ROW(CashFlow2)-299<=ROW(CashFlow3)),INDEX(Input,ROW(CashFlow3H)+ROW()-7-300,2),0) -> 0 | C339: =IF(D339=0,0,IF(AND(ROW()-2+ROW(CashFlow2)-299>=ROW(CashFlow3H)-6,ROW()-2+ROW(CashFlow2)-299<=ROW(CashFlow3)+4),INDEX(Input,ROW(CashFlow3H)+ROW()-7-300,15),0)*D339) -> 0 | D339: =IF(AND(ROW()-2+ROW(CashFlow2)-300<ROW(CashFlow3N)-2),1,-1)*IFERROR(INDEX($U$3:$U$23,MATCH(B339,$Q$3:$Q$23,0),1),1) -> -1 | G339: =OFFSET(B339,PrnDB!$J339,0) -> 0 | H339: =OFFSET(C339,PrnDB!$J339,0) -> 0 | I339: =OFFSET(D339,PrnDB!$J339,0) -> 0 | J339: =IF(ROW(J337)<=$Q$26,0,IF(ROW(J337)<=($Q$26+$Q$27),150-$Q$26,300-$Q$26-$Q$27)) -> 269 | K339: =IF(PrnDB!$G339=0,0,IFERROR(INDEX($R$3:$R$23,MATCH(G339,$Q$3:$Q$23,0),1),3)) -> 0 | L339: =IFERROR(INDEX($S$3:$S$23,MATCH(G339,$Q$3:$Q$23,0),1),0) -> 0 | M339: =IFERROR(INDEX($T$3:$T$23,MATCH(G339,$Q$3:$Q$23,0),1),0) -> 0 | N339: =ROW(N337)<=$Q$28 -> FALSE | O339: =IF(PrnDB!$K339=0,"",IF(PrnDB!$K339>1," ","")&IF(PrnDB!$K339=3," ","")&PrnDB!$G339)
B340: =IF(AND(ROW()-2+ROW(CashFlow2)-299>=ROW(CashFlow3H)-6,ROW()-2+ROW(CashFlow2)-299<=ROW(CashFlow3)),INDEX(Input,ROW(CashFlow3H)+ROW()-7-300,2),0) -> 0 | C340: =IF(D340=0,0,IF(AND(ROW()-2+ROW(CashFlow2)-299>=ROW(CashFlow3H)-6,ROW()-2+ROW(CashFlow2)-299<=ROW(CashFlow3)+4),INDEX(Input,ROW(CashFlow3H)+ROW()-7-300,15),0)*D340) -> 0 | D340: =IF(AND(ROW()-2+ROW(CashFlow2)-300<ROW(CashFlow3N)-2),1,-1)*IFERROR(INDEX($U$3:$U$23,MATCH(B340,$Q$3:$Q$23,0),1),1) -> -1 | G340: =OFFSET(B340,PrnDB!$J340,0) -> 0 | H340: =OFFSET(C340,PrnDB!$J340,0) -> 0 | I340: =OFFSET(D340,PrnDB!$J340,0) -> 0 | J340: =IF(ROW(J338)<=$Q$26,0,IF(ROW(J338)<=($Q$26+$Q$27),150-$Q$26,300-$Q$26-$Q$27)) -> 269 | K340: =IF(PrnDB!$G340=0,0,IFERROR(INDEX($R$3:$R$23,MATCH(G340,$Q$3:$Q$23,0),1),3)) -> 0 | L340: =IFERROR(INDEX($S$3:$S$23,MATCH(G340,$Q$3:$Q$23,0),1),0) -> 0 | M340: =IFERROR(INDEX($T$3:$T$23,MATCH(G340,$Q$3:$Q$23,0),1),0) -> 0 | N340: =ROW(N338)<=$Q$28 -> FALSE | O340: =IF(PrnDB!$K340=0,"",IF(PrnDB!$K340>1," ","")&IF(PrnDB!$K340=3," ","")&PrnDB!$G340)
B341: =IF(AND(ROW()-2+ROW(CashFlow2)-299>=ROW(CashFlow3H)-6,ROW()-2+ROW(CashFlow2)-299<=ROW(CashFlow3)),INDEX(Input,ROW(CashFlow3H)+ROW()-7-300,2),0) -> 0 | C341: =IF(D341=0,0,IF(AND(ROW()-2+ROW(CashFlow2)-299>=ROW(CashFlow3H)-6,ROW()-2+ROW(CashFlow2)-299<=ROW(CashFlow3)+4),INDEX(Input,ROW(CashFlow3H)+ROW()-7-300,15),0)*D341) -> 0 | D341: =IF(AND(ROW()-2+ROW(CashFlow2)-300<ROW(CashFlow3N)-2),1,-1)*IFERROR(INDEX($U$3:$U$23,MATCH(B341,$Q$3:$Q$23,0),1),1) -> -1 | G341: =OFFSET(B341,PrnDB!$J341,0) -> 0 | H341: =OFFSET(C341,PrnDB!$J341,0) -> 0 | I341: =OFFSET(D341,PrnDB!$J341,0) -> 0 | J341: =IF(ROW(J339)<=$Q$26,0,IF(ROW(J339)<=($Q$26+$Q$27),150-$Q$26,300-$Q$26-$Q$27)) -> 269 | K341: =IF(PrnDB!$G341=0,0,IFERROR(INDEX($R$3:$R$23,MATCH(G341,$Q$3:$Q$23,0),1),3)) -> 0 | L341: =IFERROR(INDEX($S$3:$S$23,MATCH(G341,$Q$3:$Q$23,0),1),0) -> 0 | M341: =IFERROR(INDEX($T$3:$T$23,MATCH(G341,$Q$3:$Q$23,0),1),0) -> 0 | N341: =ROW(N339)<=$Q$28 -> FALSE | O341: =IF(PrnDB!$K341=0,"",IF(PrnDB!$K341>1," ","")&IF(PrnDB!$K341=3," ","")&PrnDB!$G341)
... B453: =IF(AND(ROW()-2+ROW(CashFlow2)-299>=ROW(CashFlow3H)-6,ROW()-2+ROW(CashFlow2)-299<=ROW(CashFlow3)),INDEX(Input,ROW(CashFlow3H)+ROW()-7-300,2),0) -> 0 | C453: =IF(D453=0,0,IF(AND(ROW()-2+ROW(CashFlow2)-299>=ROW(CashFlow3H)-6,ROW()-2+ROW(CashFlow2)-299<=ROW(CashFlow3)+4),INDEX(Input,ROW(CashFlow3H)+ROW()-7-300,15),0)*D453) -> 0 | D453: =IF(AND(ROW()-2+ROW(CashFlow2)-300<ROW(CashFlow3N)-2),1,-1)*IFERROR(INDEX($U$3:$U$23,MATCH(B453,$Q$3:$Q$23,0),1),1) -> -1 | G453: =OFFSET(B453,PrnDB!$J453,0) -> 0 | H453: =OFFSET(C453,PrnDB!$J453,0) -> 0 | I453: =OFFSET(D453,PrnDB!$J453,0) -> 0 | J453: =IF(ROW(J451)<=$Q$26,0,IF(ROW(J451)<=($Q$26+$Q$27),150-$Q$26,300-$Q$26-$Q$27)) -> 269 | K453: =IF(PrnDB!$G453=0,0,IFERROR(INDEX($R$3:$R$23,MATCH(G453,$Q$3:$Q$23,0),1),3)) -> 0 | L453: =IFERROR(INDEX($S$3:$S$23,MATCH(G453,$Q$3:$Q$23,0),1),0) -> 0 | M453: =IFERROR(INDEX($T$3:$T$23,MATCH(G453,$Q$3:$Q$23,0),1),0) -> 0 | N453: =ROW(N451)<=$Q$28 -> FALSE | O453: =IF(PrnDB!$K453=0,"",IF(PrnDB!$K453>1," ","")&IF(PrnDB!$K453=3," ","")&PrnDB!$G453)
